Workbook
Name biomasa: listy!$I$8:$J$8
Name Ciężarowy: listy!$Q$5:$R$5
Name drewno: listy!$I$5:$J$5
Name gaz: listy!$I$7:$J$7
Name GMINA_DYNAM_1: OFFSET(listy!$AP$4,,,COUNTIF(listy!$AP$4:$AP$2337,"?*"))
Name GMINA_DYNAM_10: OFFSET(listy!$CI$4,,,COUNTIF(listy!$CI$4:$CI$2337,"?*"))
Name GMINA_DYNAM_2: OFFSET(listy!$AU$4,,,COUNTIF(listy!$AU$4:$AU$2337,"?*"))
Name GMINA_DYNAM_3: OFFSET(listy!$AZ$4,,,COUNTIF(listy!$AZ$4:$AZ$2337,"?*"))
Name GMINA_DYNAM_4: OFFSET(listy!$BE$4,,,COUNTIF(listy!$BE$4:$BE$2337,"?*"))
Name GMINA_DYNAM_5: OFFSET(listy!$BJ$4,,,COUNTIF(listy!$BJ$4:$BJ$2337,"?*"))
Name GMINA_DYNAM_6: OFFSET(listy!$BO$4,,,COUNTIF(listy!$BO$4:$BO$2337,"?*"))
Name GMINA_DYNAM_7: OFFSET(listy!$BT$4,,,COUNTIF(listy!$BT$4:$BT$2337,"?*"))
Name GMINA_DYNAM_8: OFFSET(listy!$BY$4,,,COUNTIF(listy!$BY$4:$BY$2337,"?*"))
Name GMINA_DYNAM_9: OFFSET(listy!$CD$4,,,COUNTIF(listy!$CD$4:$CD$2337,"?*"))
Name KOD_PKD_DYNAM: OFFSET(listy!$E$4,,,COUNTIF(listy!$E$4:$E$1385,"?*"))
Name nazwa: #REF!
Name olej_opałowy: listy!$I$6:$K$6
Name Osobowy: listy!$Q$4
Name Rolnicza: listy!$Q$6:$R$6
Name węgiel: listy!$I$4:$J$4

Sheet ankieta ESG
C2: OCENA ISTOTNOŚCI RYZYKA ESG KLIENTA
C3: Załącznik 11 do "Metodyk kredytowych dla klientów instytucjonalnych"
C4: Należy uzupełnić pola podświetlone na bordowo.
C7: DATA ANKIETY | I7: OCENA RYZYKA | M7: RYZYKO POŚREDNIE | O7: LEGENDA
C8: PRACOWNIK WYPEŁNIAJĄCY | G8: {=IF($E$8="",TRUE,AND(IF(ISNUMBER(FIND(MID($E$8,ROW(INDIRECT("1:"&LEN($E$8))),1),"ABCDEFGHIJKLMNOPQRSTUVWXYZĄĆĘŁŃÓŚŹŻabcdefghijklmnopqrstuvwxyząćęłńóśźż -")),TRUE,FALSE)))} -> TRUE | I8: RYZYKO ŚRODOWISKOWE | J8: =IF(ocena!$L$49<>TRUE,"FORMULARZ NIEWYPEŁNIONY",IF(ocena!$L$49=TRUE,IF(ocena!$M$32="","FORMULARZ NIEWYPEŁNIONY",ocena!$M$32))) -> FORMULARZ NIEWYPEŁNIONY | M8: RYZYKO FIZYCZNE | N8: =IF(ocena!$L$49<>TRUE,"FORMULARZ NIEWYPEŁNIONY",IF(ocena!$L$49=TRUE,IF(ocena!$M$29="","FORMULARZ NIEWYPEŁNIONY",ocena!$M$29))) -> FORMULARZ NIEWYPEŁNIONY | O8: NISKIE
C9: NAZWA KLIENTA | M9: RYZYKO PRZEJŚCIA | N9: =IF(ocena!$L$49<>TRUE,"FORMULARZ NIEWYPEŁNIONY",IF(ocena!$L$49=TRUE,IF(ocena!$M$30="","FORMULARZ NIEWYPEŁNIONY",ocena!$M$30))) -> FORMULARZ NIEWYPEŁNIONY | O9: UMIARKOWANE
G10: =IF(C10="","❗wybierz rodzaj identyfikatora",IF(C10="REGON",IF(LEN(E10)<>9,"❌ błędny identyfikator",IF(MOD(8*--MID(E10,1,1)+9*--MID(E10,2,1)+2*--MID(E10,3,1)+3*--MID(E10,4,1)+4*--MID(E10,5,1)+5*--MID(E10,6,1)+6*--MID(E10,7,1)+7*--MID(E10,8,1),11)=--MID(E10,9,1),"✅ prawidłowy identyfikator","❌ błędny identyfikator")),IF(C10="PESEL",IF(LEN(E10)<>11,"❌ błędny identyfikator",IF(MOD(10-MOD(1*VALUE(MID(E10,1,1))+3*VALUE(MID(E10,2,1))+7*VALUE(MID(E10,3,1))+9*VALUE(MID(E10,4,1))+1*VALUE(MID(E10,5,1))+3*VALUE(MID(E10,6,1))+7*VALUE(MID(E10,7,1))+9*VALUE(MID(E10,8,1))+1*VALUE(MID(E10,9,1))+3*VALUE(MID(E10,10,1)),10),10)=VALUE(MID(E10,11,1)),"✅ prawidłowy identyfikator","❌ błędny identyfikator")),IF(C10="NIP",IFERROR(IF(LEN(E10)<>10,"❌ błędny identyfikator",IF(MOD(6*MID(E10,1,1)+5*MID(E10,2,1)+7*MID(E10,3,1)+2*MID(E10,4,1)+3*MID(E10,5,1)+4*MID(E10,6,1)+5*MID(E10,7,1)+6*MID(E10,8,1)+7*MID(E10,9,1), 11)=--MID(E10,10,1), "✅ prawidłowy identyfikator","❌ błędny identyfikator")),""))))) -> ❗wybierz rodzaj identyfikatora | M10: RYZYKO BIORÓŻNORODNOŚCI | N10: =IF(ocena!$L$49<>TRUE,"FORMULARZ NIEWYPEŁNIONY",IF(ocena!$L$49=TRUE,IF(ocena!$M$31="","FORMULARZ NIEWYPEŁNIONY",ocena!$M$31))) -> FORMULARZ NIEWYPEŁNIONY | O10: PODWYŻSZONE
C11: PKD WIODĄCEJ DZIAŁALNOŚCI GOSPODARCZEJ KLIENTA | G11: =IF(OR(E11="",IFERROR(VLOOKUP(E11,listy!C:C,1,FALSE),"BŁĄD")="BŁĄD"),"❗podaj PKD",IF(AND(PKD!F2="TAK",PKD!G2="TAK"),"PKD o potencjalnie podwyższonym ryzyku środowiskowym i społecznym",IF(PKD!F2="TAK","PKD o potencjalnie podwyższonym ryzyku środowiskowym",IF(PKD!G2="TAK","PKD o potencjalnie podwyższonym ryzyku społecznym",IF(PKD!E2="TAK","PKD o potencjalnie wysokim ryzyku środowiskowym i społecznym",""))))) -> ❗podaj PKD | I11: RYZYKO SPOŁECZNE I ŁADU KORPORACYJNEGO | J11: =IF(ocena!$L$49<>TRUE,"FORMULARZ NIEWYPEŁNIONY",IF(ocena!$L$49=TRUE,IF(ocena!$M$33="","FORMULARZ NIEWYPEŁNIONY",ocena!$M$33))) -> FORMULARZ NIEWYPEŁNIONY | O11: WYSOKIE
M13: SCENARIUSZE: FORMATOWANIE WARUNKOWE
C14: PRZYCHODY OGÓŁEM W PLN | I14: RYZYKO ESG ŁĄCZNIE | J14: =IF(ocena!$L$49<>TRUE,"FORMULARZ NIEWYPEŁNIONY",IF(ocena!$L$49=TRUE,IF(ocena!$L$34="","FORMULARZ NIEWYPEŁNIONY",ocena!$L$34))) -> FORMULARZ NIEWYPEŁNIONY | M14: ↑ RYZ | N14: {=SUBSTITUTE(CELL("adres",O14),"$","")} -> O14 | O14: =IF(OR(E11="",IFERROR(FIND("PKD",E11),1000)=1000),"",IF(OR(PKD!E2="TAK",PKD!F2="TAK",PKD!G2="TAK"),"TAK","NIE"))
C15: SUMA BILANSOWA W PLN (AKTYWA TRWAŁE i OBROTOWE) | M15: PKD EU ETS | N15: {=SUBSTITUTE(CELL("adres",O15),"$","")} -> O15 | O15: =IF(PKD!I2="","",IF(PKD!I2="TAK","TAK","NIE"))
M16: DUŻY + MM Z PKD ↑ RYZ | N16: {=SUBSTITUTE(CELL("adres",O16),"$","")} -> O16 | O16: =IF(E17="","",IF(E17="DUŻY","TAK",IF(AND(OR(E17="MŚP",E17="mikro"),OR(E11="",IFERROR(FIND("PKD",E11),1000)=1000)),"",IF(AND(OR(E17="MŚP",E17="mikro"),OR(PKD!E2="TAK",PKD!F2="TAK",PKD!G2="TAK")),"TAK","NIE"))))
C17: KLIENT DUŻY / MŚP / MIKRO: (definicja w komentarzu) | I17: =IF(J8="FORMULARZ NIEWYPEŁNIONY","FORMULARZ NIEWYPEŁNIONY",IF(M219="BRAK SEGMENTU","FORMULARZ NIEWYPEŁNIONY",IF(M219="NIESPEŁNIONE","MINIMALNE GWARANCJE"&CHAR(10)&" SPOŁECZNE NIESPEŁNIONE",IF(M219="SPEŁNIONE","MINIMALNE GWARANCJE"&CHAR(10)&" SPOŁECZNE SPEŁNIONE")))) -> FORMULARZ NIEWYPEŁNIONY | M17: DUŻY | N17: {=SUBSTITUTE(CELL("adres",O17),"$","")} -> O17 | O17: =IF(E17="","",IF(E17="DUŻY","TAK","NIE"))
M18: MIKRO LUB MŚP | N18: {=SUBSTITUTE(CELL("adres",O18),"$","")} -> O18 | O18: =IF(E17="","",IF(OR(E17="Mikro",E17="MŚP"),"TAK","NIE"))
M19: DUŻY LUB MŚP | N19: {=SUBSTITUTE(CELL("adres",O19),"$","")} -> O19 | O19: =IF(E17="","",IF(OR(E17="Duży",E17="MŚP"),"TAK","NIE"))
M20: MIKRO | N20: {=SUBSTITUTE(CELL("adres",O20),"$","")} -> O20 | O20: =IF(E17="","",IF(E17="Mikro","TAK","NIE"))
D21: >>> WYPEŁNIA PRACOWNIK BANKU >>>
D23: MINIMALNE GWARANCJE SPOŁECZNE
D25: IDENTYFIKACJA KONTROWERSJI
C27: 1 | D27: Czy w przeciągu ostatnich 2 lat Business and Human Rights Resource Centre wezwało do wyjaśnień, bądź wysunęło zarzuty wobec Klienta (w zakresie praw człowieka i prawa pracy)?*
C28: * Do określenia na podstawie bazy danych na stronie intranetowej dostępnej po kliknięciu na przycisk z linkiem:
C30: 2 | D30: Czy Klient przedstawił wyjaśnienia lub odpowiedział na zarzuty Business and Human Rights Resource Centre?
C32: 3 | D32: Czy Krajowy Punkt Kontaktowy OECD otrzymał zawiadomienie o potencjalnym naruszeniu Wytycznych OECD przez Klienta i wezwał do wyjaśnień?*
C33: * Do określenia na podstawie bazy danych na stronie intranetowej dostępnej po kliknięciu na przycisk z linkiem:
D36: >>> WYPEŁNIA KLIENT >>>
D38: RYZYKO PRZEJŚCIA ZWIĄZANE ZE ZMIANĄ KLIMATU
D40: EMISJE GHG ZAKRESU 1
C42: 4 | D42: Czy obliczają Państwo swoje bezpośrednie emisje gazów cieplarnianych z Zakresu 1 (np. z pieców, pojazdów, hodowli zwierząt)?
C44: 5 | D44: Proszę podać ilość emisji gazów cieplarnianych z Zakresu 1 wyemitowanych w ciągu ostatniego roku obrotowego (w tCO₂):
C46: 6 | D46: ="Czy zgadzają się Państwo na wykorzystanie średnich emisji branżowych? Państwa emisja branżowa wynosi: "&SUBSTITUTE(TEXT(M106,"# ##0,00")," "," ")&" tCO₂."&CHAR(10)&"Jeżeli NIE to należy we własnym zakresie obliczyć emisje generowane przez Państwa działalność gospodarczą." -> Czy zgadzają się Państwo na wykorzystanie średnich emisji branżowych? Państwa emisja branżowa wynosi: tCO₂. Jeżeli NIE to należy we własnym zakresie obliczyć emisje generowane przez Państwa działalność gospodarczą. | M46: MIKRO
C48: 7 | D48: Czy korzystają Państwo z pieców lub kotłów opalanych opałem?
C50: 8 | D50: Proszę określić ilość zużycia opału i rodzaj opału w każdym piecu lub kotle w ciągu ostatniego roku obrotowego:
D52: Piec / kocioł | E52: Rodzaj opału (wybierz z listy) | G52: Ilość zużytego opału w roku obrotowym | I52: Jednostka (wybierz z listy) | O52: Czy wymaga uzupełnienia
D53: Piec / kocioł 1 | J53: =IF(AND(E53<>"",G53<>"",I53<>""),SUBSTITUTE(TEXT('kalkulator GHG'!L10,"# ##0,0")," "," ")&" tCO2e","") | O53: =IF(OR(AND(O17="TAK",J42="NIE",J48="TAK"),AND(O18="TAK",J42="NIE",J46="NIE",J48="TAK")),IF(SUM(IF(SUM((E53<>"")+(G53<>"")+(I53<>""))>0,IF(SUM((E53<>"")+(G53<>"")+(I53<>""))<3,1,0),0)+IF(SUM((E54<>"")+(G54<>"")+(I54<>""))>0,IF(SUM((E54<>"")+(G54<>"")+(I54<>""))<3,1,0),0)+IF(SUM((E55<>"")+(G55<>"")+(I55<>""))>0,IF(SUM((E55<>"")+(G55<>"")+(I55<>""))<3,1,0),0)+IF(SUM((E56<>"")+(G56<>"")+(I56<>""))>0,IF(SUM((E56<>"")+(G56<>"")+(I56<>""))<3,1,0),0)+IF(SUM((E57<>"")+(G57<>"")+(I57<>""))>0,IF(SUM((E57<>"")+(G57<>"")+(I57<>""))<3,1,0),0))>0,"TAK",IF(AND(J48="TAK",COUNTBLANK(E53:I57)=25),"TAK","NIE")),"")
D54: Piec / kocioł 2 | J54: =IF(AND(E54<>"",G54<>"",I54<>""),SUBSTITUTE(TEXT('kalkulator GHG'!L11,"# ##0,0")," "," ")&" tCO2e","")
D55: Piec / kocioł 3 | J55: =IF(AND(E55<>"",G55<>"",I55<>""),SUBSTITUTE(TEXT('kalkulator GHG'!L12,"# ##0,0")," "," ")&" tCO2e","")
D56: Piec / kocioł 4 | J56: =IF(AND(E56<>"",G56<>"",I56<>""),SUBSTITUTE(TEXT('kalkulator GHG'!L13,"# ##0,0")," "," ")&" tCO2e","")
D57: Piec / kocioł 5 | J57: =IF(AND(E57<>"",G57<>"",I57<>""),SUBSTITUTE(TEXT('kalkulator GHG'!L14,"# ##0,0")," "," ")&" tCO2e","")
C59: 9 | D59: Czy korzystają Państwo z własnych lub leasingowanych samochodów osobowych, ciężarowych lub pojazdów rolniczych, wykorzystywanych na potrzeby prowadzonej działalności (nie dotyczy prywatnych pojazdów pracowników dojeżdżających do pracy)?
C61: 10 | D61: Proszę podać następujące dane pojazdów:
D63: Rodzaj posiadanych pojazdów (wybierz z listy) | F63: Napęd (wybierz z listy) | G63: Średnia liczba posiadanych pojazdów w ciągu roku obrotowego | H63: Suma jednostek przejechanych w ciągu roku obrotowego przez WSZYSTKIE POJAZDY | I63: Jednostka (wybierz z listy) | O63: Czy wymaga uzupełnienia
J64: =IF(AND(D64<>"",F64<>"",G64<>"",H64<>"",I64<>""),SUBSTITUTE(TEXT('kalkulator GHG'!L19,"# ##0,0")," "," ")&" tCO2e","") | O64: =IF(OR(AND(O17="TAK",J42="NIE",J59="TAK"),AND(O18="TAK",J42="NIE",J46="NIE",J59="TAK")),IF(SUM(IF(SUM((D64<>"")+(F64<>"")+(G64<>"")+(H64<>"")+(I64<>""))>0,IF(SUM((D64<>"")+(F64<>"")+(G64<>"")+(H64<>"")+(I64<>""))<5,1,0),0)+IF(SUM((D65<>"")+(F65<>"")+(G65<>"")+(H65<>"")+(I65<>""))>0,IF(SUM((D65<>"")+(F65<>"")+(G65<>"")+(H65<>"")+(I65<>""))<5,1,0),0)+IF(SUM((D66<>"")+(F66<>"")+(G66<>"")+(H66<>"")+(I66<>""))>0,IF(SUM((D66<>"")+(F66<>"")+(G66<>"")+(H66<>"")+(I66<>""))<5,1,0),0)+IF(SUM((D67<>"")+(F67<>"")+(G67<>"")+(H67<>"")+(I67<>""))>0,IF(SUM((D67<>"")+(F67<>"")+(G67<>"")+(H67<>"")+(I67<>""))<5,1,0),0)+IF(SUM((D68<>"")+(F68<>"")+(G68<>"")+(H68<>"")+(I68<>""))>0,IF(SUM((D68<>"")+(F68<>"")+(G68<>"")+(H68<>"")+(I68<>""))<5,1,0),0)+IF(SUM((D69<>"")+(F69<>"")+(G69<>"")+(H69<>"")+(I69<>""))>0,IF(SUM((D69<>"")+(F69<>"")+(G69<>"")+(H69<>"")+(I69<>""))<5,1,0),0)+IF(SUM((D70<>"")+(F70<>"")+(G70<>"")+(H70<>"")+(I70<>""))>0,IF(SUM((D70<>"")+(F70<>"")+(G70<>"")+(H70<>"")+(I70<>""))<5,1,0),0)+IF(SUM((D71<>"")+(F71<>"")+(G71<>"")+(H71<>"")+(I71<>""))>0,IF(SUM((D71<>"")+(F71<>"")+(G71<>"")+(H71<>"")+(I71<>""))<5,1,0),0)+IF(SUM((D72<>"")+(F72<>"")+(G72<>"")+(H72<>"")+(I72<>""))>0,IF(SUM((D72<>"")+(F72<>"")+(G72<>"")+(H72<>"")+(I72<>""))<5,1,0),0)+IF(SUM((D73<>"")+(F73<>"")+(G73<>"")+(H73<>"")+(I73<>""))>0,IF(SUM((D73<>"")+(F73<>"")+(G73<>"")+(H73<>"")+(I73<>""))<5,1,0),0)+IF(SUM((D74<>"")+(F74<>"")+(G74<>"")+(H74<>"")+(I74<>""))>0,IF(SUM((D74<>"")+(F74<>"")+(G74<>"")+(H74<>"")+(I74<>""))<5,1,0),0)+IF(SUM((D75<>"")+(F75<>"")+(G75<>"")+(H75<>"")+(I75<>""))>0,IF(SUM((D75<>"")+(F75<>"")+(G75<>"")+(H75<>"")+(I75<>""))<5,1,0),0)+IF(SUM((D76<>"")+(F76<>"")+(G76<>"")+(H76<>"")+(I76<>""))>0,IF(SUM((D76<>"")+(F76<>"")+(G76<>"")+(H76<>"")+(I76<>""))<5,1,0),0)+IF(SUM((D77<>"")+(F77<>"")+(G77<>"")+(H77<>"")+(I77<>""))>0,IF(SUM((D77<>"")+(F77<>"")+(G77<>"")+(H77<>"")+(I77<>""))<5,1,0),0)+IF(SUM((D78<>"")+(F78<>"")+(G78<>"")+(H78<>"")+(I78<>""))>0,IF(SUM((D78<>"")+(F78<>"")+(G78<>"")+(H78<>"")+(I78<>""))<5,1,0),0)+IF(SUM((D79<>"")+(F79<>"")+(G79<>"")+(H79<>"")+(I79<>""))>0,IF(SUM((D79<>"")+(F79<>"")+(G79<>"")+(H79<>"")+(I79<>""))<5,1,0),0)+IF(SUM((D80<>"")+(F80<>"")+(G80<>"")+(H80<>"")+(I80<>""))>0,IF(SUM((D80<>"")+(F80<>"")+(G80<>"")+(H80<>"")+(I80<>""))<5,1,0),0)+IF(SUM((D81<>"")+(F81<>"")+(G81<>"")+(H81<>"")+(I81<>""))>0,IF(SUM((D81<>"")+(F81<>"")+(G81<>"")+(H81<>"")+(I81<>""))<5,1,0),0)+IF(SUM((D82<>"")+(F82<>"")+(G82<>"")+(H82<>"")+(I82<>""))>0,IF(SUM((D82<>"")+(F82<>"")+(G82<>"")+(H82<>"")+(I82<>""))<5,1,0),0)+IF(SUM((D83<>"")+(F83<>"")+(G83<>"")+(H83<>"")+(I83<>""))>0,IF(SUM((D83<>"")+(F83<>"")+(G83<>"")+(H83<>"")+(I83<>""))<5,1,0),0))>0,"TAK",IF(AND(J59="TAK",COUNTBLANK(D64:I83)=120),"TAK","NIE")),"")
J65: =IF(AND(D65<>"",F65<>"",G65<>"",H65<>"",I65<>""),SUBSTITUTE(TEXT('kalkulator GHG'!L20,"# ##0,0")," "," ")&" tCO2e","")
J66: =IF(AND(D66<>"",F66<>"",G66<>"",H66<>"",I66<>""),SUBSTITUTE(TEXT('kalkulator GHG'!L21,"# ##0,0")," "," ")&" tCO2e","")
J67: =IF(AND(D67<>"",F67<>"",G67<>"",H67<>"",I67<>""),SUBSTITUTE(TEXT('kalkulator GHG'!L22,"# ##0,0")," "," ")&" tCO2e","")
J68: =IF(AND(D68<>"",F68<>"",G68<>"",H68<>"",I68<>""),SUBSTITUTE(TEXT('kalkulator GHG'!L23,"# ##0,0")," "," ")&" tCO2e","")
J69: =IF(AND(D69<>"",F69<>"",G69<>"",H69<>"",I69<>""),SUBSTITUTE(TEXT('kalkulator GHG'!L24,"# ##0,0")," "," ")&" tCO2e","")
J70: =IF(AND(D70<>"",F70<>"",G70<>"",H70<>"",I70<>""),SUBSTITUTE(TEXT('kalkulator GHG'!L25,"# ##0,0")," "," ")&" tCO2e","")
J71: =IF(AND(D71<>"",F71<>"",G71<>"",H71<>"",I71<>""),SUBSTITUTE(TEXT('kalkulator GHG'!L26,"# ##0,0")," "," ")&" tCO2e","")
J72: =IF(AND(D72<>"",F72<>"",G72<>"",H72<>"",I72<>""),SUBSTITUTE(TEXT('kalkulator GHG'!L27,"# ##0,0")," "," ")&" tCO2e","")
J73: =IF(AND(D73<>"",F73<>"",G73<>"",H73<>"",I73<>""),SUBSTITUTE(TEXT('kalkulator GHG'!L28,"# ##0,0")," "," ")&" tCO2e","")
J74: =IF(AND(D74<>"",F74<>"",G74<>"",H74<>"",I74<>""),SUBSTITUTE(TEXT('kalkulator GHG'!L29,"# ##0,0")," "," ")&" tCO2e","")
J75: =IF(AND(D75<>"",F75<>"",G75<>"",H75<>"",I75<>""),SUBSTITUTE(TEXT('kalkulator GHG'!L30,"# ##0,0")," "," ")&" tCO2e","")
J76: =IF(AND(D76<>"",F76<>"",G76<>"",H76<>"",I76<>""),SUBSTITUTE(TEXT('kalkulator GHG'!L31,"# ##0,0")," "," ")&" tCO2e","")
... J78: =IF(AND(D78<>"",F78<>"",G78<>"",H78<>"",I78<>""),SUBSTITUTE(TEXT('kalkulator GHG'!L33,"# ##0,0")," "," ")&" tCO2e","")
C85: 11 | D85: Czy prowadzą Państwo działalność rolniczą w zakresie hodowli?
C87: 12 | D87: Proszę podać następujące dane dotyczące zwierząt hodowlanych:
D89: Rodzaj zwierząt hodowlanych posiadanych w gospodarstwie (wybierz z listy) | G89: Liczba posiadanych zwierząt danego rodzaju w ujęciu średniorocznym | O89: Czy wymaga uzupełnienia
J90: =IF(G90<>"",SUBSTITUTE(TEXT('kalkulator GHG'!L43,"# ##0,0")," "," ")&" tCO2e","") | N90: =IF(OR(AND(O17="TAK",J42="NIE",J85="TAK"),AND(O18="TAK",J42="NIE",J46="NIE",J85="TAK")),IF(OR(G90<>"",G91<>"",G92<>"",G93<>"",G94<>"",G95<>""),"NIE","TAK"),"") | O90: =IF(OR(AND(O17="TAK",J42="NIE",J85="TAK"),AND(O18="TAK",J42="NIE",J46="NIE",J85="TAK")),IF(SUM(IF(SUM((D90<>"")+(G90<>""))>0,IF(SUM((D90<>"")+(G90<>""))<2,1,0),0)+IF(SUM((D91<>"")+(G91<>""))>0,IF(SUM((D91<>"")+(G91<>""))<2,1,0),0)+IF(SUM((D92<>"")+(G92<>""))>0,IF(SUM((D92<>"")+(G92<>""))<2,1,0),0)+IF(SUM((D93<>"")+(G93<>""))>0,IF(SUM((D93<>"")+(G93<>""))<2,1,0),0)+IF(SUM((D94<>"")+(G94<>""))>0,IF(SUM((D94<>"")+(G94<>""))<2,1,0),0)+IF(SUM((D95<>"")+(G95<>""))>0,IF(SUM((D95<>"")+(G95<>""))<2,1,0),0))>0,"TAK",IF(AND(J85="TAK",COUNTBLANK(D90:I95)=36),"TAK","NIE")),"")
J91: =IF(G91<>"",SUBSTITUTE(TEXT('kalkulator GHG'!L44,"# ##0,0")," "," ")&" tCO2e","")
J92: =IF(G92<>"",SUBSTITUTE(TEXT('kalkulator GHG'!L45,"# ##0,0")," "," ")&" tCO2e","")
J93: =IF(G93<>"",SUBSTITUTE(TEXT('kalkulator GHG'!L46,"# ##0,0")," "," ")&" tCO2e","")
J94: =IF(G94<>"",SUBSTITUTE(TEXT('kalkulator GHG'!L47,"# ##0,0")," "," ")&" tCO2e","")
J95: =IF(G95<>"",SUBSTITUTE(TEXT('kalkulator GHG'!L48,"# ##0,0")," "," ")&" tCO2e","")
C97: 13 | D97: Czy prowadzą Państwo działalność rolniczą w zakresie upraw? | M97: Emisje GHG 1
M98: ='kalkulator GHG'!$L$4 -> 0
C99: 14 | D99: Proszę podać następujące dane dotyczące gruntów uprawnych:
D101: Rodzaj wykorzystywanego nawozu | F101: Roczne zużycie nawozu (w kg/ha) | H101: Liczba hektarów ziemi, na których dany rodzaj nawozu jest wykorzystywany | O101: Czy wymaga uzupełnienia
D102: Nawozy mineralne (sztuczne) | J102: =IF(AND(F102<>"",H102<>""),SUBSTITUTE(TEXT('kalkulator GHG'!L53,"# ##0,0")," "," ")&" tCO2e","") | O102: =IF(OR(AND(O17="TAK",J42="NIE",J97="TAK"),AND(O18="TAK",J42="NIE",J46="NIE",J97="TAK")),IF(OR(AND(F102<>"",H102=""),AND(F102="",H102<>""),AND(F103<>"",H103=""),AND(F103="",H103<>""),AND(F104<>"",H104=""),AND(F104="",H104<>""),AND(F102="",H102="",F103="",H103="",F104="",H104="")),"TAK","NIE"),"")
D103: Nawozy naturalne | J103: =IF(AND(F103<>"",H103<>""),SUBSTITUTE(TEXT('kalkulator GHG'!L54,"# ##0,0")," "," ")&" tCO2e","")
D104: Inne nawozy | J104: =IF(AND(F104<>"",H104<>""),SUBSTITUTE(TEXT('kalkulator GHG'!L55,"# ##0,0")," "," ")&" tCO2e","")
M105: Emisje branżowe 1
D106: ="WYLICZONA WARTOŚĆ EMISJI GAZÓW CIEPLARNIANYCH Z ZAKRESU 1 WYNOSI: "&SUBSTITUTE(TEXT(J106,"# ##0,00")," "," ")&" tCO₂" -> WYLICZONA WARTOŚĆ EMISJI GAZÓW CIEPLARNIANYCH Z ZAKRESU 1 WYNOSI: tCO₂ | J106: =IF(AND(J42="TAK",J44<>""),J44,IF(AND(J42="NIE",OR(J46="NIE",J46=""),OR(O53="NIE",O53=""),OR(O64="NIE",O64=""),OR(O90="NIE",O90=""),OR(O102="NIE",O102=""),J48<>"",J59<>"",J85<>"",J97<>""),M98,IF(AND(J42="NIE",J46="TAK"),M106,""))) | M106: ='emisje branżowe'!$H$2
D108: EMISJE GHG ZAKRESU 2
C110: 15 | D110: Czy obliczają Państwo pośrednie emisje gazów cieplarnianych z Zakresu 2, związane ze zużyciem energii elektrycznej lub cieplnej?
C112: 16 | D112: Proszę podać ilość emisji gazów cieplarnianych z Zakresu 2 wyemitowanych w ciągu ostatniego roku obrotowego (w tCO₂):
C114: 17 | D114: ="Czy zgadzają się Państwo na wykorzystanie średnich emisji branżowych? Państwa emisja branżowa wynosi: "&SUBSTITUTE(TEXT(M134,"# ##0,00")," "," ")&" tCO₂."&CHAR(10)&"Jeżeli NIE to należy we własnym zakresie obliczyć emisje generowane przez Państwa działalność gospodarczą." -> Czy zgadzają się Państwo na wykorzystanie średnich emisji branżowych? Państwa emisja branżowa wynosi: tCO₂. Jeżeli NIE to należy we własnym zakresie obliczyć emisje generowane przez Państwa działalność gospodarczą. | M114: MIKRO
C116: 18 | D116: Proszę podać ilość energii elektrycznej zakupionej z sieci w ostatnim roku obrotowym - z wyłączeniem energii z OZE oraz zielonej energii zakupionej od dostawcy:
D118: Ilość energii | G118: Jednostka (wybierz z listy) | O118: Czy wymaga uzupełnienia
J119: =IF(AND(D119<>"",G119<>""),SUBSTITUTE(TEXT('kalkulator GHG'!L60,"# ##0,0")," "," ")&" tCO2e","") | O119: =IF(OR(AND(O17="TAK",J110="NIE"),AND(O18="TAK",J110="NIE",J114="NIE")),IF(COUNTBLANK(D119:I119)=4,"NIE","TAK"),"")
C121: 19 | D121: Proszę podać ilości energii cieplnej zakupionej z sieci w ostatnim roku obrotowym - z wyłączeniem energii z OZE oraz ciepła pochodzącego z własnych pieców:
D123: Ilość energii | G123: Jednostka (wybierz z listy) | O123: Czy wymaga uzupełnienia
J124: =IF(AND(D124<>"",G124<>""),SUBSTITUTE(TEXT('kalkulator GHG'!L65,"# ##0,0")," "," ")&" tCO2e","") | O124: =IF(OR(AND(O17="TAK",J110="NIE"),AND(O18="TAK",J110="NIE",J114="NIE")),IF(COUNTBLANK(D124:I124)=4,"NIE","TAK"),"")
C126: 20 | D126: Czy korzystają Państwo z własnej energii OZE (np. z paneli fotowoltaicznych lub pomp ciepła)? | M126: Emisje GHG 2
M127: ='kalkulator GHG'!$L$5 -> 0
C128: 21 | D128: Proszę podać następujące dane dotyczące energii elektrycznej i cieplnej:
D130: Rodzaj energii | F130: Jednostka (wybierz z listy) | G130: Całkowite roczne zapotrzebowanie na energię | H130: Ilość energii wyprodukowanej z OZE lub zielonej energii zakupionej od dostawcy | I130: Udział energii wyprodukowanej w rocznym zapotrzebowaniu | O130: Czy wymaga uzupełnienia
D131: Energia elektryczna | I131: =IF(OR(G131="",H131=""),"",IF(AND(G131=0,H131=0),"-",IF(AND(G131<>"",H131<>""),H131/G131))) | O131: =IF(J126<>"TAK","",IF(COUNTBLANK(F131:H132)=6,"TAK",IF(SUM(IF(SUM((F131<>"")+(G131<>"")+(H131<>"")+(I131<>""))>0,IF(SUM((F131<>"")+(G131<>"")+(H131<>"")+(I131<>""))<4,1,0),0)+IF(SUM((F132<>"")+(G132<>"")+(H132<>"")+(I132<>""))>0,IF(SUM((F132<>"")+(G132<>"")+(H132<>"")+(I132<>""))<4,1,0),0))>0,"TAK","NIE")))
D132: Energia cieplna | I132: =IF(OR(G132="",H132=""),"",IF(AND(G132=0,H132=0),"-",IF(AND(G132<>"",H132<>""),H132/G132)))
M133: Emisje branżowe 2
D134: ="WYLICZONA WARTOŚĆ EMISJI GAZÓW CIEPLARNIANYCH Z ZAKRESU 2 WYNOSI: "&SUBSTITUTE(TEXT(J134,"# ##0,00")," "," ")&" tCO₂" -> WYLICZONA WARTOŚĆ EMISJI GAZÓW CIEPLARNIANYCH Z ZAKRESU 2 WYNOSI: tCO₂ | J134: =IF(AND(J110="TAK",J112<>""),J112,IF(AND(J110="NIE",OR(J114="NIE",J114=""),OR(O119="NIE",O119=""),OR(O124="NIE",O124="")),M127,IF(AND(J110="NIE",J114="TAK"),M134,""))) | M134: ='emisje branżowe'!$I$2
D136: EMISJE GHG ZAKRESU 3
C138: 22 | D138: Czy obliczają Państwo pośrednie emisje gazów cieplarnianych z Zakresu 3, związane z łańcuchem wartości (np. surowce, transport, dojazdy pracowników)?
C140: 23 | D140: Proszę podać, dla których kategorii kalkulują Państwo emisje z Zakresu 3:
D142: Kategoria Zakresu 3 | I142: Zaznacz kategorię uwzględnioną w kalkulacji | O142: Czy wymaga uzupełnienia
D143: Kat. 1: zakupione surowce i usługi (emisje związane z wydobyciem i wytworzeniem surowców i usług) | I143: =IF(COUNTIF($J$143:$J$157,TRUE)>0,"TAK","") | O143: =IF(AND(J138="TAK",COUNTIF(J143:J157,"PRAWDA")=0),"TAK",IF(AND(J138="TAK",COUNTIF(J143:J157,"PRAWDA")>0),"NIE",""))
D144: Kat. 2: dobra kapitałowe (emisje związane z wyprodukowaniem dóbr kapitałowych) | I144: =IF(COUNTIF($J$143:$J$157,TRUE)>0,"TAK","")
D145: Kat. 3: emisje związane z energią i paliwami nieujęte w zakresie 1 i 2 | I145: =IF(COUNTIF($J$143:$J$157,TRUE)>0,"TAK","")
D146: Kat. 4: upstream - transport i dystrybucja (m.in. emisje z tytułu transportu surowców do produkcji) | I146: =IF(COUNTIF($J$143:$J$157,TRUE)>0,"TAK","")
D147: Kat. 5: odpady powstałe w wyniku działalności | I147: =IF(COUNTIF($J$143:$J$157,TRUE)>0,"TAK","")
...

Sheet instrukcja
C2: INSTRUKCJA DO ANKIETY OCENY ISTOTNOŚCI RYZYKA ESG KLIENTA
C4: 1. W pierwszej kolejności w ankiecie należy uzupełnić podstawowe informacje (wiersz 1-7):
D5: a. datę wypełnienia ankiety;
D6: b. dane pracownika wypełniającego;
D7: c. nazwę Klienta;
D8: d. wybrany rodzaj i numer identyfikatora Klienta;
D9: e. kod PKD wiodącej działalności gospodarczej Klienta - do wyboru z listy rozwijanej:
D10: informacja o kodach PKD o potencjalnie podwyższonym/wysokim ryzyku ESG jest automatycznie wyświetlana obok wybranego kodu;
D11: f. przychody ogółem w PLN;
D12: g. suma bilansowa w PLN (aktywa trwałe i obrotowe);
D13: h. segment (wg klasyfikacji unijnej), do jakiego należy Klient wg skali/rozmiaru jego działalności gospodarczej.
C15: >>> WYPEŁNIA PRACOWNIK BANKU >>>
C17: MINIMALNE GWARANCJE SPOŁECZNE
C18: 1 | D18: W przypadku odpowiedzi „TAK” należy odpowiedzieć na Pytanie nr 2.
C19: 2 | D19: Należy odpowiedzieć „TAK” lub „NIE”.
C20: 3 | D20: Należy odpowiedzieć „TAK” lub „NIE”.
C22: >>> WYPEŁNIA KLIENT >>>
C24: RYZYKO PRZEJŚCIA ZWIĄZANE ZE ZMIANĄ KLIMATU
C25: EMISJE GHG ZAKRESU 1
C26: 4 | D26: W przypadku odpowiedzi „TAK” należy odpowiedzieć na pytanie nr 5. W przypadku odpowiedzi "NIE" należy odpowiedzieć na pytania nr 7, nr 9, nr 11 i nr 13.(dotyczy wyłącznie klienta Dużego i MŚP). W przypadku odpowiedzi "NIE" należy odpowiedzieć na pytania nr 6 (dotyczy wyłącznie klienta Mikro).
C27: 5 | D27: Proszę podać wartości do dwóch miejsc po przecinku.
C28: 6 | D28: PYTANIE DLA KLIENTÓW MIKRO W przypadku odpowiedzi „TAK” Klient akceptuje wartość średniej emisji branżowej wyliczonej dla danego klienta. W przypadku odpowiedzi "NIE" należy odpowiedzieć na pytania nr 7, nr 9, nr 11 i nr 13.
C29: 7 | D29: W przypadku odpowiedzi „TAK” należy odpowiedzieć na pytanie nr 8. W przypadku odpowiedzi "NIE" należy przejść do pytania nr 9.
C30: 8 | D30: Należy uzupełnić w całości minimum jeden wiersz.
C31: 9 | D31: W przypadku odpowiedzi „TAK” należy odpowiedzieć na pytanie nr 10. W przypadku odpowiedzi "NIE" należy przejść do pytania nr 11.
C32: 10 | D32: Należy uzupełnić w całości minimum jeden wiersz.
C33: 11 | D33: W przypadku odpowiedzi „TAK” należy odpowiedzieć na pytanie nr 12. W przypadku odpowiedzi "NIE" należy przejść do pytania nr 13.
C34: 12 | D34: Należy uzupełnić w całości minimum jeden wiersz.
C35: 13 | D35: W przypadku odpowiedzi „TAK” należy odpowiedzieć na pytanie nr 14. W przypadku odpowiedzi "NIE" należy przejść do pytania nr 15.
C36: 14 | D36: Należy uzupełnić w całości minimum jeden wiersz.
C37: EMISJE GHG ZAKRESU 2
C38: 15 | D38: W przypadku odpowiedzi „TAK” należy odpowiedzieć na pytanie nr 16. W przypadku odpowiedzi "NIE" należy odpowiedzieć na pytania nr 18 i nr 19 (dotyczy wyłącznie klienta Dużego i MŚP). W przypadku odpowiedzi "NIE" należy odpowiedzieć na pytania nr 17 (dotyczy wyłącznie klienta Mikro).
C39: 16 | D39: Proszę podać wartości do dwóch miejsc po przecinku.
C40: 17 | D40: PYTANIE DLA KLIENTÓW MIKRO W przypadku odpowiedzi „TAK” Klient akceptuje wartość średniej emisji branżowej wyliczonej dla działalności gospodarczej klienta. W przypadku odpowiedzi "NIE" należy odpowiedzieć na pytania nr 18 i nr 19.
C41: 18 | D41: Proszę podać wartości do dwóch miejsc po przecinku oraz wybrać odpowiednią jednostkę miary.
C42: 19 | D42: Proszę podać wartości do dwóch miejsc po przecinku oraz wybrać odpowiednią jednostkę miary.
C43: 20 | D43: W przypadku odpowiedzi „TAK” należy odpowiedzieć na pytanie nr 21. W przypadku odpowiedzi "NIE" należy przejść do pytania nr 22 (dotyczy wyłącznie klienta Dużego) lub pytania 25 (dotyczy wyłącznie klienta Mikro i MŚP).
C44: 21 | D44: Należy uzupełnić w całości minimum jeden wiersz.
C45: EMISJE GHG ZAKRESU 3
C46: 22 | D46: W przypadku odpowiedzi „TAK” należy odpowiedzieć na pytanie nr 23 oraz pytanie nr 24. W przypadku odpowiedzi "NIE" należy przejść do pytania nr 25.
C47: 23 | D47: Proszę zaznaczyć wszystkie kategorie uwzględnione w Państwa kalkulacjach.
C48: 24 | D48: Proszę podać wartości do dwóch miejsc po przecinku.
C49: BRANŻE WYKLUCZONE Z POROZUMIENIA PARYSKIEGO
C50: 25 | D50: Należy odpowiedzieć „TAK” lub „NIE”.
C51: 26 | D51: Należy odpowiedzieć „TAK” lub „NIE”.
C52: 27 | D52: Należy odpowiedzieć „TAK” lub „NIE”.
C53: 28 | D53: Należy odpowiedzieć „TAK” lub „NIE”.
C55: RYZYKO FIZYCZNE ZWIĄZANE ZE ZMIANĄ KLIMATU
C56: LOKALIZACJA PROWADZONEJ DZIAŁALNOŚCI
C57: 29 | D57: Należy uzupełnić w całości minimum jeden wiersz z danymi dotyczącymi głównej siedziby oraz dodatkowe jeśli Klient takie posiada.
C58: STRATY Z TYTUŁU ZDARZEŃ POGODOWYCH
C59: 30 | D59: W przypadku odpowiedzi „TAK” należy uzupełnić komórkę w wierszu 196.
C61: MINIMALNE GWARANCJE SPOŁECZNE
C62: 31 | D62: PYTANIE DLA KLIENTÓW DUŻYCH W przypadku odpowiedzi „TAK” należy odpowiedzieć na pytanie nr 32. W przypadku odpowiedzi "NIE" należy odpowiedzieć na pytania nr 33 , 34 i 38.
C63: 32 | D63: PYTANIE DLA KLIENTÓW DUŻYCH W przypadku odpowiedzi "TAK (ujawnienia weryfikowane przez audytora zewnętrznego)" lub "NIE (nie spełniamy minimalnych gwarancji)" należy przejść do pytania nr 35. W przypadku odpowiedzi "TAK (ujawnienia NIEweryfikowane przez audytora zewnętrznego)" należy odpowiedzieć na pytanie nr 33, 34 i 38.
C64: Identyfikacja kontrowersji
C65: 33 | D65: Należy odpowiedzieć „TAK” lub „NIE”.
C66: 34 | D66: Należy odpowiedzieć „TAK” lub „NIE”.
C67: PROCES ZARZĄDZANIA NALEŻYTĄ STARANNOŚCIĄ W ZAKRESIE PRAW CZŁOWIEKA
C68: 35 | D68: W przypadku odpowiedzi „TAK” należy odpowiedzieć na pytanie nr 36 i 37. W przypadku odpowiedzi "NIE" należy przejść do: - pytania nr 39 (jeśli klient podlega pod system EU ETS) lub, - pytania nr 40 (jeśli klient jest duży lub MŚP/mikro z branż o podejrzeniu podwyższonego/wysokiego ryzyka ESG) lub, - kończy proces wypełniania ankiety.
C69: 36 | D69: Należy odpowiedzieć „TAK” lub „NIE”.
C70: 37 | D70: Należy odpowiedzieć „TAK” lub „NIE”.
C71: 38 | D71: PYTANIE DLA KLIENTÓW DUŻYCH Należy odpowiedzieć „TAK” lub „NIE”.
C73: DODATKOWE PYTANIA ŚRODOWISKOWE
C74: 39 | D74: PYTANIE DLA KLIENTÓW PODLEGAJĄCYCH POD SYSTEM EU ETS Należy odpowiedzieć „TAK” lub „NIE”.
C75: 40 | D75: PYTANIE DLA KLIENTÓW DUŻYCH ORAZ DLA KLIENTÓW MŚP/MIKRO Z BRANŻ O PODEJRZENIU PODWYŻSZONEGO/WYSOKIEGO RYZYKA ESG Należy odpowiedzieć „TAK” lub „NIE”.
C76: 41 | D76: PYTANIE DLA KLIENTÓW DUŻYCH ORAZ DLA KLIENTÓW MŚP/MIKRO Z BRANŻ O PODEJRZENIU PODWYŻSZONEGO/WYSOKIEGO RYZYKA ESG Należy odpowiedzieć „TAK” lub „NIE”.
C77: 42 | D77: PYTANIE DLA KLIENTÓW DUŻYCH Należy odpowiedzieć „TAK” lub „NIE”.
C78: 43 | D78: PYTANIE DLA KLIENTÓW DUŻYCH Proszę podać wartość.
C79: 44 | D79: PYTANIE DLA KLIENTÓW DUŻYCH W przypadku odpowiedzi „TAK” należy odpowiedzieć na pytanie nr 45. W przypadku odpowiedzi "NIE" - kończy proces.
C80: 45 | D80: PYTANIE DLA KLIENTÓW DUŻYCH Należy odpowiedzieć „TAK” lub „NIE”.
C82: >>> ZAKOŃCZENIE ANKIETY >>>

Sheet raport
A1: WERSJA ANKIETY | B1: NAZWA PLIKU | C1: DATA ANKIETY | D1: PRACOWNIK WYPEŁNIAJĄCY | E1: NAZWA KLIENTA | F1: RODZAJ IDENTYFIKATORA | G1: IDENTYFIKATOR | H1: PKD WIODĄCEJ DZIAŁALNOŚCI GOSPODARCZEJ KLIENTA | I1: RYZYKO PKD WIODĄCEJ DZIAŁALNOŚCI GOSPODARCZEJ KLIENTA | J1: KLIENT DUŻY / MŚP / MIKRO | K1: RYZYKO FIZYCZNE | L1: RYZYKO PRZEJŚCIA | M1: RYZYKO BIORÓŻNORODNOŚCI | N1: RYZYKO ŚRODOWISKOWE | O1: RYZYKO SPOŁECZNE I ŁADU KORPORACYJNEGO | P1: RYZYKO ESG ŁĄCZNIE | Q1: MINIMALNE GWARANCJE SPOŁECZNE | R1: EMISJE 1 (w tCO₂) | S1: EMISJE 2 (w tCO₂) | T1: EMISJE 3 (w tCO₂)
A2: WERSJA 3.1 | B2: =IF(OR('ankieta ESG'!E7="",'ankieta ESG'!E9="",'ankieta ESG'!E10=""),"","ArkESG_"&'ankieta ESG'!E10&"_"&'ankieta ESG'!E9&"_"&TEXT('ankieta ESG'!E7,"RRRRMMDD")) | C2: =IF('ankieta ESG'!E7="","",'ankieta ESG'!E7) | D2: =IF('ankieta ESG'!E8="","",'ankieta ESG'!E8) | E2: =IF('ankieta ESG'!E9="","",'ankieta ESG'!E9) | F2: =IF('ankieta ESG'!C10="","",'ankieta ESG'!C10) | G2: =IF('ankieta ESG'!E10="","",'ankieta ESG'!E10) | H2: =IF('ankieta ESG'!E11="","",'ankieta ESG'!E11) | I2: =IF('ankieta ESG'!G11="","",'ankieta ESG'!G11) -> ❗podaj PKD | J2: =IF('ankieta ESG'!E17="","",'ankieta ESG'!E17) | K2: =IF('ankieta ESG'!N8="","",'ankieta ESG'!N8) -> FORMULARZ NIEWYPEŁNIONY | L2: =IF('ankieta ESG'!N9="","",'ankieta ESG'!N9) -> FORMULARZ NIEWYPEŁNIONY | M2: =IF('ankieta ESG'!N10="","",'ankieta ESG'!N10) -> FORMULARZ NIEWYPEŁNIONY | N2: =IF('ankieta ESG'!J8="","",'ankieta ESG'!J8) -> FORMULARZ NIEWYPEŁNIONY | O2: =IF('ankieta ESG'!J11="","",'ankieta ESG'!J11) -> FORMULARZ NIEWYPEŁNIONY | P2: =IF('ankieta ESG'!J14="","",'ankieta ESG'!J14) -> FORMULARZ NIEWYPEŁNIONY | Q2: =IF('ankieta ESG'!I17="","",'ankieta ESG'!I17) -> FORMULARZ NIEWYPEŁNIONY | R2: =IF('ankieta ESG'!J106="","",'ankieta ESG'!J106) | S2: =IF('ankieta ESG'!J134="","",'ankieta ESG'!J134) | T2: =IF('ankieta ESG'!J159="","",'ankieta ESG'!J159)

Sheet AMA
A1: category | B1: question | C1: esg_value | D1: esg_points | E1: category2 | F1: lp_question | G1: question2 | H1: question3 | I1: question4 | J1: question5 | P1: 0
A2: KOD FORMULARZA | B2: KOD_PLIKU | C2: ESG_202407_AAC | E2: KOD | F2: - | G2: - | H2: - | I2: - | J2: - | P2: 0
A3: KOD FORMULARZA | B3: NAZWA_ANKIETY | C3: ESG_202511 | E3: KOD | F3: - | G3: - | H3: - | I3: - | J3: - | L3: LEGENDA
A4: KOD FORMULARZA | B4: WERSJA_ANKIETY | C4: WERSJA 3.1 | E4: KOD | F4: - | G4: - | H4: - | I4: - | J4: - | M4: formuła
A5: KOD FORMULARZA | B5: DATA_ANKIETY | C5: =TODAY() -> 46267 | E5: KOD | F5: - | G5: - | H5: - | I5: - | J5: - | M5: wartość
A6: FORMULARZ | B6: ='ankieta ESG'!C10 -> 0 | C6: ='ankieta ESG'!E10 -> 0 | E6: DANE KLIENTA | F6: - | G6: - | H6: - | I6: - | J6: - | M6: uwagi
A7: FORMULARZ | B7: o_info_o_podmiocie_data_ankiety | C7: ='ankieta ESG'!E7 -> 0 | E7: DANE KLIENTA | F7: - | G7: - | H7: - | I7: - | J7: - | M7: puste
A8: FORMULARZ | B8: o_info_o_podmiocie_pracownik_wypelniajacy | C8: ='ankieta ESG'!E8 -> 0 | E8: DANE KLIENTA | F8: - | G8: - | H8: - | I8: - | J8: - | M8: nie zmieniać - ważne przy mapowaniu do BT
A9: FORMULARZ | B9: o_info_o_podmiocie_nazwa_klienta | C9: ='ankieta ESG'!E9 -> 0 | E9: DANE KLIENTA | F9: - | G9: - | H9: - | I9: - | J9: -
A10: FORMULARZ | B10: o_info_o_podmiocie_rodzaj_identyfikatora | C10: ='ankieta ESG'!C10 -> 0 | E10: DANE KLIENTA | F10: - | G10: - | H10: - | I10: - | J10: -
A11: FORMULARZ | B11: o_info_o_podmiocie_identyfikator | C11: ='ankieta ESG'!E10 -> 0 | E11: DANE KLIENTA | F11: - | G11: - | H11: - | I11: - | J11: -
A12: FORMULARZ | B12: o_info_o_podmiocie_pkd | C12: ='ankieta ESG'!E11 -> 0 | E12: DANE KLIENTA | F12: - | G12: =IF('ankieta ESG'!G11="",0,'ankieta ESG'!G11) -> ❗podaj PKD | H12: - | I12: - | J12: -
A13: FORMULARZ | B13: o_info_o_podmiocie_przychody | C13: ='ankieta ESG'!E14 -> 0 | E13: DANE KLIENTA | F13: - | G13: - | H13: - | I13: - | J13: -
A14: FORMULARZ | B14: o_info_o_podmiocie_suma_bilansowa | C14: ='ankieta ESG'!E15 -> 0 | E14: DANE KLIENTA | F14: - | G14: - | H14: - | I14: - | J14: -
A15: FORMULARZ | B15: o_info_o_podmiocie_rozmiar_klienta | C15: ='ankieta ESG'!E17 -> 0 | E15: DANE KLIENTA | F15: - | G15: - | H15: - | I15: - | J15: -
A16: FORMULARZ | B16: ↑ RYZ | C16: =IF('ankieta ESG'!O14="",0,'ankieta ESG'!O14) -> 0 | E16: SCENARIUSZE | F16: - | G16: - | H16: - | I16: - | J16: -
A17: FORMULARZ | B17: PKD EU ETS | C17: =IF('ankieta ESG'!O15="",0,'ankieta ESG'!O15) -> 0 | E17: SCENARIUSZE | F17: - | G17: - | H17: - | I17: - | J17: -
A18: FORMULARZ | B18: DUŻY + MM Z PKD ↑ RYZ | C18: =IF('ankieta ESG'!O16="",0,'ankieta ESG'!O16) -> 0 | E18: SCENARIUSZE | F18: - | G18: - | H18: - | I18: - | J18: -
A19: FORMULARZ | B19: DUŻY | C19: =IF('ankieta ESG'!O17="",0,'ankieta ESG'!O16) -> 0 | E19: SCENARIUSZE | F19: - | G19: - | H19: - | I19: - | J19: -
A20: FORMULARZ | B20: MIKRO LUB MŚP | C20: =IF('ankieta ESG'!O18="",0,'ankieta ESG'!O18) -> 0 | E20: SCENARIUSZE | F20: - | G20: - | H20: - | I20: - | J20: -
A21: OCENA RYZYKA | B21: o_info_ryz_fizyczne | C21: ='ankieta ESG'!N8 -> FORMULARZ NIEWYPEŁNIONY | E21: RYZYKO POŚREDNIE | F21: - | G21: ='ankieta ESG'!P8 -> 0 | H21: - | I21: - | J21: -
A22: OCENA RYZYKA | B22: o_info_ryz_przejscia | C22: ='ankieta ESG'!N9 -> FORMULARZ NIEWYPEŁNIONY | E22: RYZYKO POŚREDNIE | F22: - | G22: ='ankieta ESG'!P9 -> 0 | H22: - | I22: - | J22: -
A23: OCENA RYZYKA | B23: o_info_ryz_bioroznorodnosci | C23: ='ankieta ESG'!N10 -> FORMULARZ NIEWYPEŁNIONY | E23: RYZYKO POŚREDNIE | F23: - | G23: ='ankieta ESG'!P10 -> 0 | H23: - | I23: - | J23: -
A24: OCENA RYZYKA | B24: o_info_ryz_srodowiskowe | C24: ='ankieta ESG'!J8 -> FORMULARZ NIEWYPEŁNIONY | E24: RYZYKO OSTATECZNE | F24: - | G24: ='ankieta ESG'!K8 -> 0 | H24: - | I24: - | J24: -
A25: OCENA RYZYKA | B25: o_info_ryz_spoleczne_ladu | C25: ='ankieta ESG'!J11 -> FORMULARZ NIEWYPEŁNIONY | E25: RYZYKO OSTATECZNE | F25: - | G25: ='ankieta ESG'!K11 -> 0 | H25: - | I25: - | J25: -
A26: OCENA RYZYKA | B26: o_info_ryz_esg_lacznie | C26: ='ankieta ESG'!J14 -> FORMULARZ NIEWYPEŁNIONY | E26: RYZYKO OSTATECZNE | F26: - | G26: - | H26: - | I26: - | J26: -
A27: OCENA RYZYKA | B27: o_info_minimalne_gwar_spoleczne | C27: ='ankieta ESG'!I17 -> FORMULARZ NIEWYPEŁNIONY | E27: MINIMALNE GWARANCJE | F27: - | G27: - | H27: - | I27: - | J27: -
A28: MINIMALNE GWARANCJE SPOŁECZNE | B28: o_business_human_rights_resource_centre_wezwanie | C28: ='ankieta ESG'!J27 -> 0 | E28: IDENTYFIKACJA KONTROWERSJI | F28: 1 | G28: - | H28: - | I28: - | J28: -
A29: MINIMALNE GWARANCJE SPOŁECZNE | B29: o_business_human_rights_resource_centre_odpowiedz | C29: ='ankieta ESG'!J30 -> 0 | E29: IDENTYFIKACJA KONTROWERSJI | F29: 2 | G29: - | H29: - | I29: - | J29: -
A30: MINIMALNE GWARANCJE SPOŁECZNE | B30: o_OECD_wezwanie | C30: ='ankieta ESG'!J32 -> 0 | E30: IDENTYFIKACJA KONTROWERSJI | F30: 3 | G30: - | H30: - | I30: - | J30: -
A31: RYZYKO PRZEJŚCIA ZWIĄZANE ZE ZMIANĄ KLIMATU | B31: o_ryzyko_przejscia_czy_obliczaja_emisje_zakr_1 | C31: ='ankieta ESG'!J42 -> 0 | E31: EMISJE GHG ZAKRESU 1 | F31: 4 | G31: - | H31: - | I31: - | J31: -
A32: RYZYKO PRZEJŚCIA ZWIĄZANE ZE ZMIANĄ KLIMATU | B32: o_ryzyko_przejscia_podaj_ilosc_gazow_zakr_1 | C32: ='ankieta ESG'!J44 -> 0 | E32: EMISJE GHG ZAKRESU 1 | F32: 5 | G32: - | H32: - | I32: - | J32: -
A33: RYZYKO PRZEJŚCIA ZWIĄZANE ZE ZMIANĄ KLIMATU | B33: o_ryzyko_przejscia_zgoda_na_emisje_branzowe_zakr_1 | C33: ='ankieta ESG'!J46 -> 0 | E33: EMISJE GHG ZAKRESU 1 | F33: 6A | G33: - | H33: - | I33: - | J33: -
A34: RYZYKO PRZEJŚCIA ZWIĄZANE ZE ZMIANĄ KLIMATU | B34: o_ryzyko_przejscia_wynik_emisje_branzowe_zakr_1 | C34: =IF('ankieta ESG'!M106="",0,'ankieta ESG'!M106) -> 0 | E34: EMISJE GHG ZAKRESU 1 | F34: 6B | G34: - | H34: - | I34: - | J34: -
A35: RYZYKO PRZEJŚCIA ZWIĄZANE ZE ZMIANĄ KLIMATU | B35: o_ryzyko_przejscia_czy_korzystaja_z_piecow_zakr_1 | C35: ='ankieta ESG'!J48 -> 0 | E35: EMISJE GHG ZAKRESU 1 | F35: 7 | G35: - | H35: - | I35: - | J35: -
A36: RYZYKO PRZEJŚCIA ZWIĄZANE ZE ZMIANĄ KLIMATU | B36: o_1_ryzyko_przejscia_piec_zakr_1 | C36: ='ankieta ESG'!G53 -> 0 | E36: EMISJE GHG ZAKRESU 1 | F36: 8 | G36: Piec / kocioł 1 | H36: ='ankieta ESG'!E53 -> 0 | I36: ='ankieta ESG'!I53 -> 0 | J36: -
A37: RYZYKO PRZEJŚCIA ZWIĄZANE ZE ZMIANĄ KLIMATU | B37: o_2_ryzyko_przejscia_piec_zakr_1 | C37: ='ankieta ESG'!G54 -> 0 | E37: EMISJE GHG ZAKRESU 1 | F37: 8 | G37: Piec / kocioł 2 | H37: ='ankieta ESG'!E54 -> 0 | I37: ='ankieta ESG'!I54 -> 0 | J37: -
A38: RYZYKO PRZEJŚCIA ZWIĄZANE ZE ZMIANĄ KLIMATU | B38: o_3_ryzyko_przejscia_piec_zakr_1 | C38: ='ankieta ESG'!G55 -> 0 | E38: EMISJE GHG ZAKRESU 1 | F38: 8 | G38: Piec / kocioł 3 | H38: ='ankieta ESG'!E55 -> 0 | I38: ='ankieta ESG'!I55 -> 0 | J38: -
A39: RYZYKO PRZEJŚCIA ZWIĄZANE ZE ZMIANĄ KLIMATU | B39: o_4_ryzyko_przejscia_piec_zakr_1 | C39: ='ankieta ESG'!G56 -> 0 | E39: EMISJE GHG ZAKRESU 1 | F39: 8 | G39: Piec / kocioł 4 | H39: ='ankieta ESG'!E56 -> 0 | I39: ='ankieta ESG'!I56 -> 0 | J39: -
A40: RYZYKO PRZEJŚCIA ZWIĄZANE ZE ZMIANĄ KLIMATU | B40: o_5_ryzyko_przejscia_piec_zakr_1 | C40: ='ankieta ESG'!G57 -> 0 | E40: EMISJE GHG ZAKRESU 1 | F40: 8 | G40: Piec / kocioł 5 | H40: ='ankieta ESG'!E57 -> 0 | I40: ='ankieta ESG'!I57 -> 0 | J40: -
A41: RYZYKO PRZEJŚCIA ZWIĄZANE ZE ZMIANĄ KLIMATU | B41: o_ryzyko_przejscia_czy_korzystaja_z_pojazdow | C41: ='ankieta ESG'!J59 -> 0 | E41: EMISJE GHG ZAKRESU 1 | F41: 9 | G41: - | H41: - | I41: - | J41: -
A42: RYZYKO PRZEJŚCIA ZWIĄZANE ZE ZMIANĄ KLIMATU | B42: o_1_ryzyko_przejscia_pojazdy_zakr_1 | C42: ='ankieta ESG'!H64 -> 0 | E42: EMISJE GHG ZAKRESU 1 | F42: 10 | G42: ='ankieta ESG'!D64 -> 0 | H42: ='ankieta ESG'!F64 -> 0 | I42: ='ankieta ESG'!G64 -> 0 | J42: ='ankieta ESG'!I64 -> 0
A43: RYZYKO PRZEJŚCIA ZWIĄZANE ZE ZMIANĄ KLIMATU | B43: o_2_ryzyko_przejscia_pojazdy_zakr_1 | C43: ='ankieta ESG'!H65 -> 0 | E43: EMISJE GHG ZAKRESU 1 | F43: 10 | G43: ='ankieta ESG'!D65 -> 0 | H43: ='ankieta ESG'!F65 -> 0 | I43: ='ankieta ESG'!G65 -> 0 | J43: ='ankieta ESG'!I65 -> 0
A44: RYZYKO PRZEJŚCIA ZWIĄZANE ZE ZMIANĄ KLIMATU | B44: o_3_ryzyko_przejscia_pojazdy_zakr_1 | C44: ='ankieta ESG'!H66 -> 0 | E44: EMISJE GHG ZAKRESU 1 | F44: 10 | G44: ='ankieta ESG'!D66 -> 0 | H44: ='ankieta ESG'!F66 -> 0 | I44: ='ankieta ESG'!G66 -> 0 | J44: ='ankieta ESG'!I66 -> 0
A45: RYZYKO PRZEJŚCIA ZWIĄZANE ZE ZMIANĄ KLIMATU | B45: o_4_ryzyko_przejscia_pojazdy_zakr_1 | C45: ='ankieta ESG'!H67 -> 0 | E45: EMISJE GHG ZAKRESU 1 | F45: 10 | G45: ='ankieta ESG'!D67 -> 0 | H45: ='ankieta ESG'!F67 -> 0 | I45: ='ankieta ESG'!G67 -> 0 | J45: ='ankieta ESG'!I67 -> 0
A46: RYZYKO PRZEJŚCIA ZWIĄZANE ZE ZMIANĄ KLIMATU | B46: o_5_ryzyko_przejscia_pojazdy_zakr_1 | C46: ='ankieta ESG'!H68 -> 0 | E46: EMISJE GHG ZAKRESU 1 | F46: 10 | G46: ='ankieta ESG'!D68 -> 0 | H46: ='ankieta ESG'!F68 -> 0 | I46: ='ankieta ESG'!G68 -> 0 | J46: ='ankieta ESG'!I68 -> 0
A47: RYZYKO PRZEJŚCIA ZWIĄZANE ZE ZMIANĄ KLIMATU | B47: o_6_ryzyko_przejscia_pojazdy_zakr_1 | C47: ='ankieta ESG'!H69 -> 0 | E47: EMISJE GHG ZAKRESU 1 | F47: 10 | G47: ='ankieta ESG'!D69 -> 0 | H47: ='ankieta ESG'!F69 -> 0 | I47: ='ankieta ESG'!G69 -> 0 | J47: ='ankieta ESG'!I69 -> 0
A48: RYZYKO PRZEJŚCIA ZWIĄZANE ZE ZMIANĄ KLIMATU | B48: o_7_ryzyko_przejscia_pojazdy_zakr_1 | C48: ='ankieta ESG'!H70 -> 0 | E48: EMISJE GHG ZAKRESU 1 | F48: 10 | G48: ='ankieta ESG'!D70 -> 0 | H48: ='ankieta ESG'!F70 -> 0 | I48: ='ankieta ESG'!G70 -> 0 | J48: ='ankieta ESG'!I70 -> 0
A49: RYZYKO PRZEJŚCIA ZWIĄZANE ZE ZMIANĄ KLIMATU | B49: o_8_ryzyko_przejscia_pojazdy_zakr_1 | C49: ='ankieta ESG'!H71 -> 0 | E49: EMISJE GHG ZAKRESU 1 | F49: 10 | G49: ='ankieta ESG'!D71 -> 0 | H49: ='ankieta ESG'!F71 -> 0 | I49: ='ankieta ESG'!G71 -> 0 | J49: ='ankieta ESG'!I71 -> 0
A50: RYZYKO PRZEJŚCIA ZWIĄZANE ZE ZMIANĄ KLIMATU | B50: o_9_ryzyko_przejscia_pojazdy_zakr_1 | C50: ='ankieta ESG'!H72 -> 0 | E50: EMISJE GHG ZAKRESU 1 | F50: 10 | G50: ='ankieta ESG'!D72 -> 0 | H50: ='ankieta ESG'!F72 -> 0 | I50: ='ankieta ESG'!G72 -> 0 | J50: ='ankieta ESG'!I72 -> 0
A51: RYZYKO PRZEJŚCIA ZWIĄZANE ZE ZMIANĄ KLIMATU | B51: o_10_ryzyko_przejscia_pojazdy_zakr_1 | C51: ='ankieta ESG'!H73 -> 0 | E51: EMISJE GHG ZAKRESU 1 | F51: 10 | G51: ='ankieta ESG'!D73 -> 0 | H51: ='ankieta ESG'!F73 -> 0 | I51: ='ankieta ESG'!G73 -> 0 | J51: ='ankieta ESG'!I73 -> 0
A52: RYZYKO PRZEJŚCIA ZWIĄZANE ZE ZMIANĄ KLIMATU | B52: o_11_ryzyko_przejscia_pojazdy_zakr_1 | C52: ='ankieta ESG'!H74 -> 0 | E52: EMISJE GHG ZAKRESU 1 | F52: 10 | G52: ='ankieta ESG'!D74 -> 0 | H52: ='ankieta ESG'!F74 -> 0 | I52: ='ankieta ESG'!G74 -> 0 | J52: ='ankieta ESG'!I74 -> 0
A53: RYZYKO PRZEJŚCIA ZWIĄZANE ZE ZMIANĄ KLIMATU | B53: o_12_ryzyko_przejscia_pojazdy_zakr_1 | C53: ='ankieta ESG'!H75 -> 0 | E53: EMISJE GHG ZAKRESU 1 | F53: 10 | G53: ='ankieta ESG'!D75 -> 0 | H53: ='ankieta ESG'!F75 -> 0 | I53: ='ankieta ESG'!G75 -> 0 | J53: ='ankieta ESG'!I75 -> 0
... A56: RYZYKO PRZEJŚCIA ZWIĄZANE ZE ZMIANĄ KLIMATU | B56: o_15_ryzyko_przejscia_pojazdy_zakr_1 | C56: ='ankieta ESG'!H78 -> 0 | E56: EMISJE GHG ZAKRESU 1 | F56: 10 | G56: ='ankieta ESG'!D78 -> 0 | H56: ='ankieta ESG'!F78 -> 0 | I56: ='ankieta ESG'!G78 -> 0 | J56: ='ankieta ESG'!I78 -> 0
A57: RYZYKO PRZEJŚCIA ZWIĄZANE ZE ZMIANĄ KLIMATU | B57: o_ryzyko_przejscia_czy_hoduja | C57: ='ankieta ESG'!J85 -> 0 | E57: EMISJE GHG ZAKRESU 1 | F57: 11 | G57: - | H57: - | I57: - | J57: -
A58: RYZYKO PRZEJŚCIA ZWIĄZANE ZE ZMIANĄ KLIMATU | B58: o_ryzyko_przejscia_dane_zwierzat_bydlo | C58: ='ankieta ESG'!G90 -> 0 | E58: EMISJE GHG ZAKRESU 1 | F58: 12 | G58: ='ankieta ESG'!D90 -> 0 | H58: - | I58: - | J58: -
A59: RYZYKO PRZEJŚCIA ZWIĄZANE ZE ZMIANĄ KLIMATU | B59: o_ryzyko_przejscia_dane_zwierzat_trzoda | C59: ='ankieta ESG'!G91 -> 0 | E59: EMISJE GHG ZAKRESU 1 | F59: 12 | G59: ='ankieta ESG'!D91 -> 0 | H59: - | I59: - | J59: -
A60: RYZYKO PRZEJŚCIA ZWIĄZANE ZE ZMIANĄ KLIMATU | B60: o_ryzyko_przejscia_dane_zwierzat_drob | C60: ='ankieta ESG'!G92 -> 0 | E60: EMISJE GHG ZAKRESU 1 | F60: 12 | G60: ='ankieta ESG'!D92 -> 0 | H60: - | I60: - | J60: -
A61: RYZYKO PRZEJŚCIA ZWIĄZANE ZE ZMIANĄ KLIMATU | B61: o_ryzyko_przejscia_dane_zwierzat_kozy_owce | C61: ='ankieta ESG'!G93 -> 0 | E61: EMISJE GHG ZAKRESU 1 | F61: 12 | G61: ='ankieta ESG'!D93 -> 0 | H61: - | I61: - | J61: -
A62: RYZYKO PRZEJŚCIA ZWIĄZANE ZE ZMIANĄ KLIMATU | B62: o_ryzyko_przejscia_dane_zwierzat_konie | C62: ='ankieta ESG'!G94 -> 0 | E62: EMISJE GHG ZAKRESU 1 | F62: 12 | G62: ='ankieta ESG'!D94 -> 0 | H62: - | I62: - | J62: -
A63: RYZYKO PRZEJŚCIA ZWIĄZANE ZE ZMIANĄ KLIMATU | B63: o_ryzyko_przejscia_dane_zwierzat_inne | C63: ='ankieta ESG'!G95 -> 0 | E63: EMISJE GHG ZAKRESU 1 | F63: 12 | G63: ='ankieta ESG'!D95 -> 0 | H63: - | I63: - | J63: -
A64: RYZYKO PRZEJŚCIA ZWIĄZANE ZE ZMIANĄ KLIMATU | B64: o_ryzyko_przejscia_czy_prowadzi_uprawy | C64: ='ankieta ESG'!J97 -> 0 | E64: EMISJE GHG ZAKRESU 1 | F64: 13 | G64: - | H64: - | I64: - | J64: -
A65: RYZYKO PRZEJŚCIA ZWIĄZANE ZE ZMIANĄ KLIMATU | B65: o_ryzyko_przejscia_dane_gruntow_nawozy_mineralne | C65: ='ankieta ESG'!H102 -> 0 | E65: EMISJE GHG ZAKRESU 1 | F65: 14 | G65: Nawozy mineralne (sztuczne) | H65: ='ankieta ESG'!H102 -> 0 | I65: - | J65: -
A66: RYZYKO PRZEJŚCIA ZWIĄZANE ZE ZMIANĄ KLIMATU | B66: o_ryzyko_przejscia_dane_gruntow_nawozy_naturalne | C66: ='ankieta ESG'!H103 -> 0 | E66: EMISJE GHG ZAKRESU 1 | F66: 14 | G66: Nawozy naturalne | H66: ='ankieta ESG'!H103 -> 0 | I66: - | J66: -
A67: RYZYKO PRZEJŚCIA ZWIĄZANE ZE ZMIANĄ KLIMATU | B67: o_ryzyko_przejscia_dane_gruntow_inne_nawozy | C67: ='ankieta ESG'!H104 -> 0 | E67: EMISJE GHG ZAKRESU 1 | F67: 14 | G67: Inne nawozy | H67: ='ankieta ESG'!H104 -> 0 | I67: - | J67: -
A68: RYZYKO PRZEJŚCIA ZWIĄZANE ZE ZMIANĄ KLIMATU | B68: o_ryzyko_przejscia_wynik_emisje_z_pytan_zakr_1 | C68: =IF('ankieta ESG'!J106="",0,'ankieta ESG'!J106) -> 0 | E68: EMISJE GHG ZAKRESU 1 | F68: ZAKRES 1 WYNIK | G68: - | H68: - | I68: - | J68: -
A69: RYZYKO PRZEJŚCIA ZWIĄZANE ZE ZMIANĄ KLIMATU | B69: o_ryzyko_przejscia_czy_obliczaja_emisje_zakr_2 | C69: ='ankieta ESG'!J110 -> 0 | E69: EMISJE GHG ZAKRESU 2 | F69: 15 | G69: - | H69: - | I69: - | J69: -
A70: RYZYKO PRZEJŚCIA ZWIĄZANE ZE ZMIANĄ KLIMATU | B70: o_ryzyko_przejscia_podaj_ilosc_gazow_zakr_2 | C70: ='ankieta ESG'!J112 -> 0 | E70: EMISJE GHG ZAKRESU 2 | F70: 16 | G70: - | H70: - | I70: - | J70: -
A71: RYZYKO PRZEJŚCIA ZWIĄZANE ZE ZMIANĄ KLIMATU | B71: o_ryzyko_przejscia_zgoda_na_emisje_branzowe_zakr_2 | C71: ='ankieta ESG'!J114 -> 0 | E71: EMISJE GHG ZAKRESU 2 | F71: 17A | G71: - | H71: - | I71: - | J71: -
A72: RYZYKO PRZEJŚCIA ZWIĄZANE ZE ZMIANĄ KLIMATU | B72: o_ryzyko_przejscia_wynik_emisje_branzowe_zakr_2 | C72: =IF('ankieta ESG'!M134="",0,'ankieta ESG'!M134) -> 0 | E72: EMISJE GHG ZAKRESU 2 | F72: 17B | G72: - | H72: - | I72: - | J72: -
A73: RYZYKO PRZEJŚCIA ZWIĄZANE ZE ZMIANĄ KLIMATU | B73: o_ryzyko_przejscia_energia_elektryczna_od_dostawcy | C73: ='ankieta ESG'!D119 -> 0 | E73: EMISJE GHG ZAKRESU 2 | F73: 18 | G73: ='ankieta ESG'!G119 -> 0 | H73: - | I73: - | J73: -
A74: RYZYKO PRZEJŚCIA ZWIĄZANE ZE ZMIANĄ KLIMATU | B74: o_ryzyko_przejscia_energia_cieplna_od_dostawcy | C74: ='ankieta ESG'!D124 -> 0 | E74: EMISJE GHG ZAKRESU 2 | F74: 19 | G74: ='ankieta ESG'!G124 -> 0 | H74: - | I74: - | J74: -
A75: RYZYKO PRZEJŚCIA ZWIĄZANE ZE ZMIANĄ KLIMATU | B75: o_ryzyko_przejscia_czy_korzystaja_z_wlasnego_oze | C75: ='ankieta ESG'!J126 -> 0 | E75: EMISJE GHG ZAKRESU 2 | F75: 20 | G75: - | H75: - | I75: - | J75: -
A76: RYZYKO PRZEJŚCIA ZWIĄZANE ZE ZMIANĄ KLIMATU | B76: o_ryzyko_przejscia_energia_elektryczna | C76: =IF('ankieta ESG'!I131="",0,'ankieta ESG'!I131) -> 0 | E76: EMISJE GHG ZAKRESU 2 | F76: 21 | G76: Energia elektryczna | H76: ='ankieta ESG'!F131 -> 0 | I76: ='ankieta ESG'!G131 -> 0 | J76: ='ankieta ESG'!H131 -> 0
A77: RYZYKO PRZEJŚCIA ZWIĄZANE ZE ZMIANĄ KLIMATU | B77: o_ryzyko_przejscia_energia_cieplna | C77: =IF('ankieta ESG'!I132="",0,'ankieta ESG'!I132) -> 0 | E77: EMISJE GHG ZAKRESU 2 | F77: 21 | G77: Energia cieplna | H77: ='ankieta ESG'!F132 -> 0 | I77: ='ankieta ESG'!G132 -> 0 | J77: ='ankieta ESG'!H132 -> 0
A78: RYZYKO PRZEJŚCIA ZWIĄZANE ZE ZMIANĄ KLIMATU | B78: o_ryzyko_przejscia_wynik_emisje_z_pytan_zakr_2 | C78: =IF('ankieta ESG'!J134="",0,'ankieta ESG'!J134) -> 0 | E78: EMISJE GHG ZAKRESU 2 | F78: ZAKRES 2 WYNIK | G78: - | H78: - | I78: - | J78: -
A79: RYZYKO PRZEJŚCIA ZWIĄZANE ZE ZMIANĄ KLIMATU | B79: o_ryzyko_przejscia_czy_obliczaja_emisje_zakr_3 | C79: ='ankieta ESG'!J138 -> 0 | E79: EMISJE GHG ZAKRESU 3 | F79: 22 | G79: - | H79: - | I79: - | J79: -
A80: RYZYKO PRZEJŚCIA ZWIĄZANE ZE ZMIANĄ KLIMATU | B80: o_ryzyko_przejscia_zakr_3_kat_1 | C80: =IF('ankieta ESG'!I143="",0,'ankieta ESG'!I143) -> 0 | E80: EMISJE GHG ZAKRESU 3 | F80: 23 | G80: Kat. 1: zakupione surowce i usługi (emisje związane z wydobyciem i wytworzeniem surowców i usług) | H80: - | I80: - | J80: -
A81: RYZYKO PRZEJŚCIA ZWIĄZANE ZE ZMIANĄ KLIMATU | B81: o_ryzyko_przejscia_zakr_3_kat_2 | C81: =IF('ankieta ESG'!I144="",0,'ankieta ESG'!I144) -> 0 | E81: EMISJE GHG ZAKRESU 3 | F81: 23 | G81: Kat. 2: dobra kapitałowe (emisje związane z wyprodukowaniem dóbr kapitałowych) | H81: - | I81: - | J81: -
A82: RYZYKO PRZEJŚCIA ZWIĄZANE ZE ZMIANĄ KLIMATU | B82: o_ryzyko_przejscia_zakr_3_kat_3 | C82: =IF('ankieta ESG'!I145="",0,'ankieta ESG'!I145) -> 0 | E82: EMISJE GHG ZAKRESU 3 | F82: 23 | G82: Kat. 3: emisje związane z energią i paliwami nieujęte w zakresie 1 i 2 | H82: - | I82: - | J82: -
A83: RYZYKO PRZEJŚCIA ZWIĄZANE ZE ZMIANĄ KLIMATU | B83: o_ryzyko_przejscia_zakr_3_kat_4 | C83: =IF('ankieta ESG'!I146="",0,'ankieta ESG'!I146) -> 0 | E83: EMISJE GHG ZAKRESU 3 | F83: 23 | G83: Kat. 4: upstream - transport i dystrybucja (m.in. emisje z tytułu transportu surowców do produkcji) | H83: - | I83: - | J83: -
A84: RYZYKO PRZEJŚCIA ZWIĄZANE ZE ZMIANĄ KLIMATU | B84: o_ryzyko_przejscia_zakr_3_kat_5 | C84: =IF('ankieta ESG'!I147="",0,'ankieta ESG'!I147) -> 0 | E84: EMISJE GHG ZAKRESU 3 | F84: 23 | G84: Kat. 5: odpady powstałe w wyniku działalności | H84: - | I84: - | J84: -
A85: RYZYKO PRZEJŚCIA ZWIĄZANE ZE ZMIANĄ KLIMATU | B85: o_ryzyko_przejscia_zakr_3_kat_6 | C85: =IF('ankieta ESG'!I148="",0,'ankieta ESG'!I148) -> 0 | E85: EMISJE GHG ZAKRESU 3 | F85: 23 | G85: Kat. 6: podróże służbowe | H85: - | I85: - | J85: -
A86: RYZYKO PRZEJŚCIA ZWIĄZANE ZE ZMIANĄ KLIMATU | B86: o_ryzyko_przejscia_zakr_3_kat_7 | C86: =IF('ankieta ESG'!I149="",0,'ankieta ESG'!I149) -> 0 | E86: EMISJE GHG ZAKRESU 3 | F86: 23 | G86: Kat. 7: dojazdy pracowników do pracy | H86: - | I86: - | J86: -
A87: RYZYKO PRZEJŚCIA ZWIĄZANE ZE ZMIANĄ KLIMATU | B87: o_ryzyko_przejscia_zakr_3_kat_8 | C87: =IF('ankieta ESG'!I150="",0,'ankieta ESG'!I150) -> 0 | E87: EMISJE GHG ZAKRESU 3 | F87: 23 | G87: Kat. 8: upstream - wynajęte aktywa (klient jako najemca) | H87: - | I87: - | J87: -
A88: RYZYKO PRZEJŚCIA ZWIĄZANE ZE ZMIANĄ KLIMATU | B88: o_ryzyko_przejscia_zakr_3_kat_9 | C88: =IF('ankieta ESG'!I151="",0,'ankieta ESG'!I151) -> 0 | E88: EMISJE GHG ZAKRESU 3 | F88: 23 | G88: Kat. 9: downstream - transport i dystrybucja (m.in. emisje z tytułu transportu sprzedanych produktów do odbiorców) | H88: - | I88: - | J88: -
A89: RYZYKO PRZEJŚCIA ZWIĄZANE ZE ZMIANĄ KLIMATU | B89: o_ryzyko_przejscia_zakr_3_kat_10 | C89: =IF('ankieta ESG'!I152="",0,'ankieta ESG'!I152) -> 0 | E89: EMISJE GHG ZAKRESU 3 | F89: 23 | G89: Kat. 10: przetwarzanie sprzedanych produktów (przetwarzanie produktów pośrednich sprzedawanych klientom) | H89: - | I89: - | J89: -
A90: RYZYKO PRZEJŚCIA ZWIĄZANE ZE ZMIANĄ KLIMATU | B90: o_ryzyko_przejscia_zakr_3_kat_11 | C90: =IF('ankieta ESG'!I153="",0,'ankieta ESG'!I153) -> 0 | E90: EMISJE GHG ZAKRESU 3 | F90: 23 | G90: Kat. 11: użytkowanie sprzedanych produktów | H90: - | I90: - | J90: -
A91: RYZYKO PRZEJŚCIA ZWIĄZANE ZE ZMIANĄ KLIMATU | B91: o_ryzyko_przejscia_zakr_3_kat_12 | C91: =IF('ankieta ESG'!I154="",0,'ankieta ESG'!I154) -> 0 | E91: EMISJE GHG ZAKRESU 3 | F91: 23 | G91: Kat. 12: postępowanie ze sprzedanymi produktami po zakończeniu ich użytkowania | H91: - | I91: - | J91: -
... A94: RYZYKO PRZEJŚCIA ZWIĄZANE ZE ZMIANĄ KLIMATU | B94: o_ryzyko_przejscia_zakr_3_kat_15 | C94: =IF('ankieta ESG'!I157="",0,'ankieta ESG'!I157) -> 0 | E94: EMISJE GHG ZAKRESU 3 | F94: 23 | G94: Kat. 15: inwestycje finansowe / udzielone pożyczki | H94: - | I94: - | J94: -
A95: RYZYKO PRZEJŚCIA ZWIĄZANE ZE ZMIANĄ KLIMATU | B95: o_ryzyko_przejscia_podaj_emisje_zakresu_3_w_t_co2 | C95: ='ankieta ESG'!J159 -> 0 | E95: EMISJE GHG ZAKRESU 3 | F95: 24 | G95: - | H95: - | I95: - | J95: -
A96: RYZYKO PRZEJŚCIA ZWIĄZANE ZE ZMIANĄ KLIMATU | B96: o_ryzyko_przejscia_1_proc_z_wydobyciem_wegla | C96: ='ankieta ESG'!J163 -> 0 | E96: BRANŻE WYKLUCZONE Z POROZUMIENIA PARYSKIEGO | F96: 25 | G96: - | H96: - | I96: - | J96: -
A97: RYZYKO PRZEJŚCIA ZWIĄZANE ZE ZMIANĄ KLIMATU | B97: o_ryzyko_przejscia_10_proc_z_wydobyciem_paliw_kopalnych | C97: ='ankieta ESG'!J165 -> 0 | E97: BRANŻE WYKLUCZONE Z POROZUMIENIA PARYSKIEGO | F97: 26 | G97: - | H97: - | I97: - | J97: -
A98: RYZYKO PRZEJŚCIA ZWIĄZANE ZE ZMIANĄ KLIMATU | B98: o_ryzyko_przejscia_10_proc_z_wydobyciem_paliw_gazowych | C98: ='ankieta ESG'!J167 -> 0 | E98: BRANŻE WYKLUCZONE Z POROZUMIENIA PARYSKIEGO | F98: 27 | G98: - | H98: - | I98: - | J98: -
A99: RYZYKO PRZEJŚCIA ZWIĄZANE ZE ZMIANĄ KLIMATU | B99: o_ryzyko_przejscia_50_z_prod_energii_pow_100g | C99: ='ankieta ESG'!J169 -> 0 | E99: BRANŻE WYKLUCZONE Z POROZUMIENIA PARYSKIEGO | F99: 28 | G99: - | H99: - | I99: - | J99: -
A100: RYZYKO FIZYCZNE ZWIĄZANE ZE ZMIANĄ KLIMATU | B100: o_1_ryzyko_fizyczne | C100: ='ankieta ESG'!I180 -> 0 | E100: LOKALIZACJA PROWADZONEJ DZIAŁALNOŚCI | F100: 29 | G100: ='ankieta ESG'!E180 -> Siedziba | H100: ='ankieta ESG'!F180 -> Polska | I100: ='ankieta ESG'!G180 -> 0 | J100: =IF('ankieta ESG'!M180="",0,'ankieta ESG'!M180) -> 0
A101: RYZYKO FIZYCZNE ZWIĄZANE ZE ZMIANĄ KLIMATU | B101: o_2_ryzyko_fizyczne | C101: ='ankieta ESG'!I181 -> 0 | E101: LOKALIZACJA PROWADZONEJ DZIAŁALNOŚCI | F101: 29 | G101: ='ankieta ESG'!E181 -> 0 | H101: ='ankieta ESG'!F181 -> Polska | I101: ='ankieta ESG'!G181 -> 0 | J101: =IF('ankieta ESG'!M181="",0,'ankieta ESG'!M181) -> 0
A102: RYZYKO FIZYCZNE ZWIĄZANE ZE ZMIANĄ KLIMATU | B102: o_3_ryzyko_fizyczne | C102: ='ankieta ESG'!I182 -> 0 | E102: LOKALIZACJA PROWADZONEJ DZIAŁALNOŚCI | F102: 29 | G102: ='ankieta ESG'!E182 -> 0 | H102: ='ankieta ESG'!F182 -> Polska | I102: ='ankieta ESG'!G182 -> 0 | J102: =IF('ankieta ESG'!M182="",0,'ankieta ESG'!M182) -> 0
A103: RYZYKO FIZYCZNE ZWIĄZANE ZE ZMIANĄ KLIMATU | B103: o_4_ryzyko_fizyczne | C103: ='ankieta ESG'!I183 -> 0 | E103: LOKALIZACJA PROWADZONEJ DZIAŁALNOŚCI | F103: 29 | G103: ='ankieta ESG'!E183 -> 0 | H103: ='ankieta ESG'!F183 -> Polska | I103: ='ankieta ESG'!G183 -> 0 | J103: =IF('ankieta ESG'!M183="",0,'ankieta ESG'!M183) -> 0
A104: RYZYKO FIZYCZNE ZWIĄZANE ZE ZMIANĄ KLIMATU | B104: o_5_ryzyko_fizyczne | C104: ='ankieta ESG'!I184 -> 0 | E104: LOKALIZACJA PROWADZONEJ DZIAŁALNOŚCI | F104: 29 | G104: ='ankieta ESG'!E184 -> 0 | H104: ='ankieta ESG'!F184 -> Polska | I104: ='ankieta ESG'!G184 -> 0 | J104: =IF('ankieta ESG'!M184="",0,'ankieta ESG'!M184) -> 0
...

Sheet ocena
C3: PYTANIA | D3: SCENARIUSZE | E3: ODPOWIEDZI | F3: PUNKTY | G3: WYNIKI | H3: RYZYKO POŚREDNIE | I3: RYZYKO OSTATECZNIE | K3: MIKRO/MŚP | P3: DUŻY
B4: 1 | C4: branża (z formatki podstawowej) | E4: niskiego ryzyka ESG | F4: 0 | G4: =IF('ankieta ESG'!G11="",ocena!F4,"") | H4: RYZYKO PRZEJŚCIA | I4: RYZYKO ŚRODOWISKOWE | K4: RYZYKO | L4: PUNKTACJA | M4: PRZEDZIAŁ | N4: POZIOM RYZYKA | P4: RYZYKO | Q4: PUNKTACJA | R4: PRZEDZIAŁ | S4: POZIOM RYZYKA
E5: podwyższonego ryzyka ESG | F5: 2 | G5: =IF(MID('ankieta ESG'!G11,1,31)="PKD o potencjalnie podwyższonym",F5,"") | H5: RYZYKO PRZEJŚCIA | I5: RYZYKO ŚRODOWISKOWE | K5: RYZYKO FIZYCZNE | L5: 2 | M5: 2 | N5: NISKIE | P5: RYZYKO FIZYCZNE | Q5: 2 | R5: 2 | S5: NISKIE
E6: wysokiego ryzyka ESG | F6: 4 | G6: =IF(MID('ankieta ESG'!G11,1,26)="PKD o potencjalnie wysokim",F6,"") | H6: RYZYKO PRZEJŚCIA | I6: RYZYKO ŚRODOWISKOWE | K6: RYZYKO FIZYCZNE | L6: 3 | M6: 3 | N6: UMIARKOWANE | P6: RYZYKO FIZYCZNE | Q6: 3 | R6: 3 | S6: UMIARKOWANE
B7: 2 | C7: emisje zakres 1 (wynik z pytań 4-14) | E7: poniżej średniej | F7: 0 | G7: =IF(OR('ankieta ESG'!J106="",'ankieta ESG'!M106=""),"",IF('ankieta ESG'!J106<'ankieta ESG'!M106,F7,"")) | H7: RYZYKO PRZEJŚCIA | I7: RYZYKO ŚRODOWISKOWE | K7: RYZYKO FIZYCZNE | L7: 5 | M7: 5 | N7: PODWYŻSZONE | P7: RYZYKO FIZYCZNE | Q7: 5 | R7: 5 | S7: PODWYŻSZONE
E8: średnia | F8: 1 | G8: =IF(OR('ankieta ESG'!J106="",'ankieta ESG'!M106=""),"",IF('ankieta ESG'!J106='ankieta ESG'!M106,F8,"")) | H8: RYZYKO PRZEJŚCIA | I8: RYZYKO ŚRODOWISKOWE | K8: RYZYKO PRZEJŚCIA | L8: 1-6 | M8: 1 | N8: NISKIE | P8: RYZYKO PRZEJŚCIA | Q8: 4-7 | R8: 4 | S8: NISKIE
E9: powyżej średniej | F9: 2 | G9: =IF(OR('ankieta ESG'!J106="",'ankieta ESG'!M106=""),"",IF('ankieta ESG'!J106>'ankieta ESG'!M106,F9,"")) | H9: RYZYKO PRZEJŚCIA | I9: RYZYKO ŚRODOWISKOWE | K9: RYZYKO PRZEJŚCIA | L9: 7-12 | M9: 7 | N9: UMIARKOWANE | P9: RYZYKO PRZEJŚCIA | Q9: 8-13 | R9: 8 | S9: UMIARKOWANE
B10: 3 | C10: emisje zakres 2 (wynik z pytań 15-21) | E10: poniżej średniej | F10: 0 | G10: =IF(OR('ankieta ESG'!J134="",'ankieta ESG'!M134=""),"",IF('ankieta ESG'!J134<'ankieta ESG'!M134,F10,"")) | H10: RYZYKO PRZEJŚCIA | I10: RYZYKO ŚRODOWISKOWE | K10: RYZYKO PRZEJŚCIA | L10: 13-14 | M10: 13 | N10: PODWYŻSZONE | P10: RYZYKO PRZEJŚCIA | Q10: 14-15 | R10: 14 | S10: PODWYŻSZONE
E11: średnia | F11: 1 | G11: =IF(OR('ankieta ESG'!J134="",'ankieta ESG'!M134=""),"",IF('ankieta ESG'!J134='ankieta ESG'!M134,F11,"")) | H11: RYZYKO PRZEJŚCIA | I11: RYZYKO ŚRODOWISKOWE | K11: RYZYKO PRZEJŚCIA | L11: 15-16 | M11: 15 | N11: WYSOKIE | P11: RYZYKO PRZEJŚCIA | Q11: 16-18 | R11: 16 | S11: WYSOKIE
E12: powyżej średniej | F12: 2 | G12: =IF(OR('ankieta ESG'!J134="",'ankieta ESG'!M134=""),"",IF('ankieta ESG'!J134>'ankieta ESG'!M134,F12,"")) | H12: RYZYKO PRZEJŚCIA | I12: RYZYKO ŚRODOWISKOWE | K12: RYZYKO BIORÓŻNORODNOŚCI | L12: BRAK | M12: BRAK | N12: BRAK | P12: RYZYKO BIORÓŻNORODNOŚCI | Q12: 1 | R12: 1 | S12: NISKIE
B13: 4 | C13: emisje zakres 2 pyt. dot. oze (pyt. 20) | E13: pyt. 20 "TAK" (produkuje) | F13: 0 | G13: =IF('ankieta ESG'!O131="TAK","",IF('ankieta ESG'!J126="TAK",F13,"")) | H13: RYZYKO PRZEJŚCIA | I13: RYZYKO ŚRODOWISKOWE | K13: RYZYKO BIORÓŻNORODNOŚCI | L13: BRAK | M13: BRAK | N13: BRAK | P13: RYZYKO BIORÓŻNORODNOŚCI | Q13: 2 | R13: 2 | S13: UMIARKOWANE
E14: pyt. 20 "NIE" (nie produkuje) | F14: 1 | G14: =IF('ankieta ESG'!J126="NIE",F14,"") | H14: RYZYKO PRZEJŚCIA | I14: RYZYKO ŚRODOWISKOWE | K14: RYZYKO BIORÓŻNORODNOŚCI | L14: BRAK | M14: BRAK | N14: BRAK | P14: RYZYKO BIORÓŻNORODNOŚCI | Q14: 3 | R14: 3 | S14: PODWYŻSZONE
B15: 5 | C15: branże wykluczone (pyt. 25-28) | E15: wszystkie pyt. 25-28 "NIE" | F15: 1 | G15: =IF(AND('ankieta ESG'!J163="NIE",'ankieta ESG'!J165="NIE",'ankieta ESG'!J167="NIE",'ankieta ESG'!J169="NIE"),F15,"") | H15: RYZYKO PRZEJŚCIA | I15: RYZYKO ŚRODOWISKOWE | K15: RYZYKO ŚRODOWISKOWE | L15: 3-8 | M15: 3 | N15: NISKIE | P15: RYZYKO ŚRODOWISKOWE | Q15: 7-10 | R15: 7 | S15: NISKIE
E16: min. jedno pyt. 25-28 "TAK" | F16: 2 | G16: =IF(OR('ankieta ESG'!J163="TAK",'ankieta ESG'!J165="TAK",'ankieta ESG'!J167="TAK",'ankieta ESG'!J169="TAK"),F16,"") | H16: RYZYKO PRZEJŚCIA | I16: RYZYKO ŚRODOWISKOWE | K16: RYZYKO ŚRODOWISKOWE | L16: 9-15 | M16: 9 | N16: UMIARKOWANE | P16: RYZYKO ŚRODOWISKOWE | Q16: 11-18 | R16: 11 | S16: UMIARKOWANE
B17: 6 | C17: ryzyko fizyczne adres (pyt. 29) | E17: pyt. 29 brak gmin o wysokim ryzyku | F17: 1 | G17: =IF(COUNTBLANK('ankieta ESG'!$M$180:$M$189)=10,"",IF(COUNTIF('ankieta ESG'!M180:M189,"TAK")=0,F17,"")) | H17: RYZYKO FIZYCZNE | I17: RYZYKO ŚRODOWISKOWE | K17: RYZYKO ŚRODOWISKOWE | L17: 16-19 | M17: 16 | N17: PODWYŻSZONE | P17: RYZYKO ŚRODOWISKOWE | Q17: 19-23 | R17: 19 | S17: PODWYŻSZONE
E18: pyt. 29 minimum 1 gmina o wysokim ryzyku | F18: 2 | G18: =IF(COUNTBLANK('ankieta ESG'!$M$180:$M$189)=10,"",IF(COUNTIF('ankieta ESG'!M180:M189,"TAK")>0,F18,"")) | H18: RYZYKO FIZYCZNE | I18: RYZYKO ŚRODOWISKOWE | K18: RYZYKO ŚRODOWISKOWE | L18: 20-21 | M18: 20 | N18: WYSOKIE | P18: RYZYKO ŚRODOWISKOWE | Q18: 24-26 | R18: 24 | S18: WYSOKIE
B19: 7 | C19: ryzyko fizyczne straty (pyt. 30) | E19: pyt. 30 "NIE" | F19: 1 | G19: =IF('ankieta ESG'!J193="NIE",F19,"") | H19: RYZYKO FIZYCZNE | I19: RYZYKO ŚRODOWISKOWE | K19: RYZYKO SPOŁECZNE | L19: 4 | M19: 4 | N19: NISKIE | P19: RYZYKO SPOŁECZNE | Q19: 4-5 | R19: 4 | S19: NISKIE
E20: pyt. 30 "TAK" | F20: 3 | G20: =IF('ankieta ESG'!J193="TAK",F20,"") | H20: RYZYKO FIZYCZNE | I20: RYZYKO ŚRODOWISKOWE | K20: RYZYKO SPOŁECZNE | L20: 5-6 | M20: 5 | N20: UMIARKOWANE | P20: RYZYKO SPOŁECZNE | Q20: 6-8 | R20: 6 | S20: UMIARKOWANE
B21: 8 | C21: czy spełnia minimalne gwarancje społeczne (pyt. 32) | D21: DUŻY | E21: pyt. 32 "TAK (ujawnienia NIEweryfikowane przez audytora zewnętrznego)" lub pyt. 31 "NIE" | F21: 0 | G21: =IF(OR('ankieta ESG'!J205="TAK (ujawnienia NIEweryfikowane przez audytora zewnętrznego)",'ankieta ESG'!J203="NIE"),F21,"") | H21: RYZYKO SPOŁECZNE | I21: RYZYKO SPOŁECZNE | K21: RYZYKO SPOŁECZNE | L21: 7-27 | M21: 7 | N21: WYSOKIE | P21: RYZYKO SPOŁECZNE | Q21: 9-29 | R21: 9 | S21: WYSOKIE
E22: pyt. 32 "TAK (ujawnienia weryfikowane przez audytora zewnętrznego)" | F22: 2 | G22: =IF('ankieta ESG'!J205="TAK (ujawnienia weryfikowane przez audytora zewnętrznego)",F22,"") | H22: RYZYKO SPOŁECZNE | I22: RYZYKO SPOŁECZNE | K22: RYZYKO ESG ŁĄCZNIE | L22: wybieramy najgorszą opcję z 2 powyższych | P22: RYZYKO ESG ŁĄCZNIE | Q22: wybieramy najgorszą opcję z 2 powyższych
E23: pyt. 32 "NIE (nie spełniamy minimalnych gwarancji)" | F23: 10 | G23: =IF('ankieta ESG'!J205="NIE (nie spełniamy minimalnych gwarancji)",F23,"") | H23: RYZYKO SPOŁECZNE | I23: RYZYKO SPOŁECZNE
B24: 9 | C24: identyfikacja kontrowersji (pyt. 33) | D24: każdy MŚP + duży z pyt. 32 "TAK (ujawnienia NIEweryfikowane przez audytora zewnętrznego)" + duży z pyt. 31 "NIE" | E24: pyt. 33 "NIE" | F24: 1 | G24: =IF(OR(AND('ankieta ESG'!O18="TAK",'ankieta ESG'!J209="NIE"),AND('ankieta ESG'!O17="TAK",'ankieta ESG'!J205="TAK (ujawnienia NIEweryfikowane przez audytora zewnętrznego)",'ankieta ESG'!J209="NIE"),AND('ankieta ESG'!O17="TAK",'ankieta ESG'!J203="NIE",'ankieta ESG'!J209="NIE")),ocena!F24,"") | H24: RYZYKO SPOŁECZNE | I24: RYZYKO SPOŁECZNE
E25: pyt. 33 "TAK" | F25: 5 | G25: =IF(OR(AND('ankieta ESG'!O18="TAK",'ankieta ESG'!J209="TAK"),AND('ankieta ESG'!O17="TAK",'ankieta ESG'!J205="TAK (ujawnienia NIEweryfikowane przez audytora zewnętrznego)",'ankieta ESG'!J209="TAK"),AND('ankieta ESG'!O17="TAK",'ankieta ESG'!J203="NIE",'ankieta ESG'!J209="TAK")),ocena!F25,"") | H25: RYZYKO SPOŁECZNE | I25: RYZYKO SPOŁECZNE | K25: TYP KLIENTA | L25: MIKRO/MŚP | M25: DUŻY
B26: 10 | C26: identyfikacja kontrowersji (pyt. 34) | D26: każdy MŚP + duży z pyt. 32 "TAK (ujawnienia NIEweryfikowane przez audytora zewnętrznego)" + duży z pyt. 31 "NIE" | E26: pyt. 34 "NIE" | F26: 1 | G26: =IF(OR(AND('ankieta ESG'!O18="TAK",'ankieta ESG'!J211="NIE"),AND('ankieta ESG'!O17="TAK",'ankieta ESG'!J205="TAK (ujawnienia NIEweryfikowane przez audytora zewnętrznego)",'ankieta ESG'!J211="NIE"),AND('ankieta ESG'!O17="TAK",'ankieta ESG'!J203="NIE",'ankieta ESG'!J211="NIE")),ocena!F26,"") | H26: RYZYKO SPOŁECZNE | I26: RYZYKO SPOŁECZNE | K26: TAK/NIE | L26: ='ankieta ESG'!O18 | M26: ='ankieta ESG'!O17
E27: pyt. 34 "TAK" | F27: 5 | G27: =IF(OR(AND('ankieta ESG'!O18="TAK",'ankieta ESG'!J211="TAK"),AND('ankieta ESG'!O17="TAK",'ankieta ESG'!J205="TAK (ujawnienia NIEweryfikowane przez audytora zewnętrznego)",'ankieta ESG'!J211="TAK"),AND('ankieta ESG'!O17="TAK",'ankieta ESG'!J203="NIE",'ankieta ESG'!J211="TAK")),ocena!F27,"") | H27: RYZYKO SPOŁECZNE | I27: RYZYKO SPOŁECZNE
B28: 11 | C28: zapobieganie dyskryminacji (pyt. 37) | D28: pracownicy (zależność 35 i 32) | E28: pyt. 37 "TAK" | F28: 0 | G28: =IF('ankieta ESG'!J219="TAK",F28,"") | H28: RYZYKO SPOŁECZNE | I28: RYZYKO SPOŁECZNE | K28: RYZYKO | L28: WYNIKI | M28: POZIOM RYZYKA
E29: pyt. 37 "NIE" | F29: 2 | G29: =IF('ankieta ESG'!J219="NIE",F29,"") | H29: RYZYKO SPOŁECZNE | I29: RYZYKO SPOŁECZNE | K29: RYZYKO FIZYCZNE | L29: =SUMIF($H$4:$H$49,K29,$G$4:$G$49) -> 0 | M29: =IF($L$26="TAK",IF(L29>=M5,VLOOKUP(L29,$M$5:$N$7,2,TRUE),""),IF($L$26="NIE",IF(L29>=R5,VLOOKUP(L29,$R$5:$S$7,2,TRUE),""),""))
B30: 12 | C30: Business and Human Rights (pyt. 1) | E30: pyt. 1 "NIE" | F30: 1 | G30: =IF('ankieta ESG'!J27="NIE",F30,"") | H30: RYZYKO SPOŁECZNE | I30: RYZYKO SPOŁECZNE | K30: RYZYKO PRZEJŚCIA | L30: =SUMIF($H$4:$H$49,K30,$G$4:$G$49) -> 0 | M30: =IF($L$26="TAK",IF(L30>=M8,VLOOKUP(L30,$M$8:$N$11,2,TRUE),""),IF($L$26="NIE",IF(L30>=R8,VLOOKUP(L30,$R$8:$S$11,2,TRUE),""),""))
E31: pyt. 1 "TAK" | F31: 5 | G31: =IF(AND('ankieta ESG'!J27="TAK",'ankieta ESG'!J30<>""),F31,"") | H31: RYZYKO SPOŁECZNE | I31: RYZYKO SPOŁECZNE | K31: RYZYKO BIORÓŻNORODNOŚCI | L31: =SUMIF($H$4:$H$49,K31,$G$4:$G$49) -> 0 | M31: =IF($L$26="TAK",IF(L31=0,"BRAK"),IF($L$26="NIE",IF(L31>=R12,VLOOKUP(L31,$R$12:$S$14,2,TRUE),""),""))
B32: 13 | C32: OECD (pyt. 3) | E32: pyt. 3 "NIE" | F32: 1 | G32: =IF('ankieta ESG'!J32="NIE",F32,"") | H32: RYZYKO SPOŁECZNE | I32: RYZYKO SPOŁECZNE | K32: RYZYKO ŚRODOWISKOWE | L32: =SUMIF($I$4:$I$49,K32,$G$4:$G$49) -> 0 | M32: =IF($L$26="TAK",IF(L32>=M15,VLOOKUP(L32,$M$15:$N$18,2,TRUE),""),IF($L$26="NIE",IF(L32>=R15,VLOOKUP(L32,$R$15:$S$18,2,TRUE),""),""))
E33: pyt. 3 "TAK" | F33: 5 | G33: =IF('ankieta ESG'!J32="TAK",F33,"") | H33: RYZYKO SPOŁECZNE | I33: RYZYKO SPOŁECZNE | K33: RYZYKO SPOŁECZNE | L33: =SUMIF($I$4:$I$49,K33,$G$4:$G$49) -> 0 | M33: =IF($L$26="TAK",IF(L33>=M19,VLOOKUP(L33,$M$19:$N$21,2,TRUE),""),IF($L$26="NIE",IF(L33>=R19,VLOOKUP(L33,$R$19:$S$21,2,TRUE),""),""))
B34: 14 | C34: przestrzeganie praw człowieka (pyt. 36) | D34: pracownicy (zależność 35 i 32) | E34: pyt. 36 "TAK" | F34: 0 | G34: =IF('ankieta ESG'!J217="TAK",F34,"") | H34: RYZYKO SPOŁECZNE | I34: RYZYKO SPOŁECZNE | K34: RYZYKO ESG ŁĄCZNIE | L34: =IF(OR(M32="",M33=""),"",IF(OR(M32="WYSOKIE",M33="WYSOKIE"),"WYSOKIE",IF(OR(M32="PODWYŻSZONE",M33="PODWYŻSZONE"),"PODWYŻSZONE",IF(OR(M32="UMIARKOWANE",M33="UMIARKOWANE"),"UMIARKOWANE",IF(OR(M32="NISKIE",M33="NISKIE"),"NISKIE")))))
E35: pyt. 36 "NIE" | F35: 5 | G35: =IF('ankieta ESG'!J217="NIE",F35,"") | H35: RYZYKO SPOŁECZNE | I35: RYZYKO SPOŁECZNE
B36: 15 | C36: wdrożone polityki (pyt. 38) | D36: DUŻY (zależność 32) | E36: pyt. 38 "TAK" | F36: 1 | G36: =IF('ankieta ESG'!J223="TAK",F36,"") | H36: RYZYKO SPOŁECZNE | I36: RYZYKO SPOŁECZNE | K36: SCENARIUSZE: KOMPLETNOŚĆ | L36: TAK/NIE | M36: TAK | N36: NIE | O36: WYNIK
E37: pyt. 38 "NIE" | F37: 2 | G37: =IF('ankieta ESG'!J223="NIE",F37,"") | H37: RYZYKO SPOŁECZNE | I37: RYZYKO SPOŁECZNE | K37: PKD EU ETS | L37: ='ankieta ESG'!O15 | M37: 0 | N37: -1 | O37: =IF(L37="TAK",M37,IF(L37="NIE",N37,""))
B38: 16 | C38: spadek zysku wystąpił (pyt. 39) | D38: PKD EU ETS | E38: pyt. 39 "NIE" | F38: 1 | G38: =IF('ankieta ESG'!J232="NIE",F38,"") | H38: RYZYKO PRZEJŚCIA | I38: RYZYKO ŚRODOWISKOWE | K38: pracownicy (zależność 35 i 32) | L38: =IF(OR('ankieta ESG'!J205="TAK (ujawnienia weryfikowane przez audytora zewnętrznego)",'ankieta ESG'!J205="NIE (nie spełniamy minimalnych gwarancji)",'ankieta ESG'!J215="NIE"),"NIE",IF('ankieta ESG'!J215="TAK","TAK","")) | M38: 0 | N38: -2 | O38: =IF(L38="TAK",M38,IF(L38="NIE",N38,""))
E39: pyt. 39 "TAK" | F39: 2 | G39: =IF('ankieta ESG'!J232="TAK",F39,"") | H39: RYZYKO PRZEJŚCIA | I39: RYZYKO ŚRODOWISKOWE | K39: DUŻY + MM Z PKD ↑ RYZ | L39: ='ankieta ESG'!O16 | M39: 0 | N39: -2 | O39: =IF(L39="TAK",M39,IF(L39="NIE",N39,""))
B40: 17 | C40: spadek zysku oczekiwany (pyt. 40) | D40: DUŻY + MM Z PKD ↑ RYZ | E40: pyt. 40 "NIE" | F40: 1 | G40: =IF('ankieta ESG'!J236="NIE",F40,"") | H40: RYZYKO PRZEJŚCIA | I40: RYZYKO ŚRODOWISKOWE | K40: każdy MŚP + duży z pyt. 32 "TAK (ujawnienia NIEweryfikowane przez audytora zewnętrznego)" + duży z pyt. 31 "NIE" | L40: =IF(SUM(G21:G27)=0,"",IF(COUNTIF(G24:G27,">0")>0,"TAK","NIE")) | M40: 0 | N40: -2 | O40: =IF(L40="TAK",M40,IF(L40="NIE",N40,""))
E41: pyt. 40 "TAK" | F41: 2 | G41: =IF('ankieta ESG'!J236="TAK",F41,"") | H41: RYZYKO PRZEJŚCIA | I41: RYZYKO ŚRODOWISKOWE | K41: DUŻY | L41: ='ankieta ESG'!O17 | M41: 0 | N41: -3 | O41: =IF(L41="TAK",M41,IF(L41="NIE",N41,""))
B42: 18 | C42: dekarbonizacja (pyt. 41) | D42: DUŻY + MM Z PKD ↑ RYZ | E42: pyt. 41 "TAK" | F42: 0 | G42: =IF('ankieta ESG'!J238="TAK",F42,"") | H42: RYZYKO PRZEJŚCIA | I42: RYZYKO ŚRODOWISKOWE | K42: DUŻY (zależność 32) | L42: =IF(OR('ankieta ESG'!O18="TAK",'ankieta ESG'!J205="TAK (ujawnienia weryfikowane przez audytora zewnętrznego)",'ankieta ESG'!J205="NIE (nie spełniamy minimalnych gwarancji)"),"NIE",IF('ankieta ESG'!J223<>"","TAK","")) | M42: 0 | N42: -1 | O42: =IF(L42="TAK",M42,IF(L42="NIE",N42,""))
E43: pyt. 41 "NIE" | F43: 1 | G43: =IF('ankieta ESG'!J238="NIE",F43,"") | H43: RYZYKO PRZEJŚCIA | I43: RYZYKO ŚRODOWISKOWE | K43: DUŻY (zależność 44) | L43: =IF('ankieta ESG'!O18="TAK","NIE",IF('ankieta ESG'!J246="","",IF('ankieta ESG'!J246="TAK","TAK","NIE"))) | M43: 0 | N43: -1 | O43: =IF(L43="TAK",M43,IF(L43="NIE",N43,""))
B44: 19 | C44: kary (pyt. 42) | D44: DUŻY | E44: pyt. 42 "NIE" | F44: 1 | G44: =IF('ankieta ESG'!J242="NIE",F44,"") | H44: RYZYKO PRZEJŚCIA | I44: RYZYKO ŚRODOWISKOWE | O44: =SUM(O37:O43) -> 0
E45: pyt. 42 "TAK" | F45: 2 | G45: =IF('ankieta ESG'!J242="TAK",F45,"") | H45: RYZYKO PRZEJŚCIA | I45: RYZYKO ŚRODOWISKOWE
B46: 20 | C46: wylesianie (pyt. 44) | D46: DUŻY | E46: pyt. 44 "NIE" | F46: 1 | G46: =IF('ankieta ESG'!J246="NIE",F46,"") | H46: RYZYKO BIORÓŻNORODNOŚCI | I46: RYZYKO ŚRODOWISKOWE | K46: LICZBA PYTAŃ | L46: =B48 -> 21
E47: pyt. 44 "TAK" | F47: 2 | G47: =IF('ankieta ESG'!J246="TAK",F47,"") | H47: RYZYKO BIORÓŻNORODNOŚCI | I47: RYZYKO ŚRODOWISKOWE | K47: ILE POWIINO BYĆ ODP | L47: =L46+O44 -> 21
B48: 21 | C48: ochrona bioróżnorodności (pyt. 45) | D48: DUŻY (zależność 44) | E48: pyt. 45 "TAK" | F48: 0 | G48: =IF('ankieta ESG'!J248="TAK",F48,"") | H48: RYZYKO BIORÓŻNORODNOŚCI | I48: RYZYKO ŚRODOWISKOWE | K48: ILE JEST ODP | L48: =COUNTIF(G4:G49,">=0") -> 0
E49: pyt. 45 "NIE" | F49: 1 | G49: =IF('ankieta ESG'!J248="NIE",F49,"") | H49: RYZYKO BIORÓŻNORODNOŚCI | I49: RYZYKO ŚRODOWISKOWE | K49: PORÓWNANIE | L49: =L48=L47 -> FALSE

Sheet listy
AM2: 1 (180) | AR2: 2 (181) | AW2: 3 (182) | BB2: 4 (183) | BG2: 5 (184) | BL2: 6 (185) | BQ2: 7 (186) | BV2: 8 (187) | CA2: 9 (188) | CF2: 10 (189)
B3: NUMER | C3: KOD PKD | D3: 0 | E3: {=OFFSET(listy!$E$4,,,COUNTIF(listy!$E$4:$E$1385,"?*"))} -> #VALUE! | F3: 0 | H3: PYTANIE (8) | I3: 0 | J3: 0 | K3: 0 | L3: 0 | M3: 0 | O3: PYTANIE (10) | P3: 0 | Q3: 0 | R3: 0 | S3: 0 | U3: PYTANIE (10) | V3: 0 | X3: PYTANIE (12) | Y3: 0 | AA3: PYTANIE (29) | AB3: 0 | AD3: PYTANIE (32) | AE3: 0 | AG3: PYTANIE (34) | AH3: 0 | AJ3: POPRAWNOŚĆ DANYCH | AK3: 0 | AM3: NUMER | AN3: PYTANIE (29) | AO3: 0 | AP3: {=OFFSET(listy!$AP$4,,,COUNTIF(listy!$AP$4:$AP$2337,"?*"))} -> #VALUE! | AQ3: 0 | AR3: NUMER | AS3: PYTANIE (29) | AT3: 0 | AU3: {=OFFSET(listy!$AU$4,,,COUNTIF(listy!$AU$4:$AU$2337,"?*"))} -> #VALUE! | AV3: 0 | AW3: NUMER | AX3: PYTANIE (29) | AY3: 0 | AZ3: {=OFFSET(listy!$AZ$4,,,COUNTIF(listy!$AZ$4:$AZ$2337,"?*"))} -> #VALUE! | BA3: 0 | BB3: NUMER | BC3: PYTANIE (29) | BD3: 0 | BE3: {=OFFSET(listy!$BE$4,,,COUNTIF(listy!$BE$4:$BE$2337,"?*"))} -> #VALUE! | BF3: 0 | BG3: NUMER | BH3: PYTANIE (29) | BI3: 0 | BJ3: {=OFFSET(listy!$BJ$4,,,COUNTIF(listy!$BJ$4:$BJ$2337,"?*"))} -> #VALUE! | BK3: 0 | BL3: NUMER | BM3: PYTANIE (29) | BN3: 0 | BO3: {=OFFSET(listy!$BO$4,,,COUNTIF(listy!$BO$4:$BO$2337,"?*"))} -> #VALUE! | BP3: 0 | BQ3: NUMER | BR3: PYTANIE (29) | BS3: 0 | BT3: {=OFFSET(listy!$BT$4,,,COUNTIF(listy!$BT$4:$BT$2337,"?*"))} -> #VALUE! | BU3: 0 | BV3: NUMER | BW3: PYTANIE (29) | BX3: 0 | BY3: {=OFFSET(listy!$BY$4,,,COUNTIF(listy!$BY$4:$BY$2337,"?*"))} -> #VALUE! | BZ3: 0 | CA3: NUMER | CB3: PYTANIE (29) | CC3: 0 | CD3: {=OFFSET(listy!$CD$4,,,COUNTIF(listy!$CD$4:$CD$2337,"?*"))} -> #VALUE! | CE3: 0 | CF3: NUMER | CG3: PYTANIE (29) | CH3: 0 | CI3: {=OFFSET(listy!$CI$4,,,COUNTIF(listy!$CI$4:$CI$2337,"?*"))} -> #VALUE! | CJ3: 0
B4: =IF(ISNUMBER(SEARCH('ankieta ESG'!$E$11,C4)),MAX(B$3:$B3)+1,0) -> 1 | C4: 01.11.Z Uprawa zbóż, roślin strączkowych i roślin oleistych na nasiona, z wyłączeniem ryżu (PKD 2007) | D4: 0 | E4: =IFERROR(VLOOKUP(ROWS($C$4:C4),$B$4:$C$1385,2,0),"") -> 01.11.Z Uprawa zbóż, roślin strączkowych i roślin oleistych na nasiona, z wyłączeniem ryżu (PKD 2007) | F4: 0 | H4: węgiel | I4: t | J4: m3 | M4: 0 | O4: Samochód do 3,5 tony | P4: Osobowy | Q4: km | S4: 0 | U4: Olej napędowy | V4: 0 | X4: Bydło | Y4: 0 | AA4: Zakład produkcyjny | AB4: 0 | AD4: TAK (ujawnienia weryfikowane przez audytora zewnętrznego) | AE4: 0 | AG4: TAK - i nie podjęto działań zaradczych lub nie jest to pierwszy incydent tego typu w badanym okresie mimo podejmowania działań zaradczych w przeszłości | AH4: 0 | AK4: 0 | AM4: =IF(ISNUMBER(SEARCH('ankieta ESG'!$G$180,AN4)),MAX(AM$3:$AM3)+1,0) -> 1 | AN4: Abramów (pow. lubartowski, woj. lubelskie) | AO4: 0 | AP4: =IFERROR(VLOOKUP(ROWS($AN$4:AN4),$AM$4:$AN$2337,2,0),"") -> Abramów (pow. lubartowski, woj. lubelskie) | AQ4: 0 | AR4: =IF(ISNUMBER(SEARCH('ankieta ESG'!$G$181,AS4)),MAX($AR$3:AR3)+1,0) -> 1 | AS4: Abramów (pow. lubartowski, woj. lubelskie) | AT4: 0 | AU4: =IFERROR(VLOOKUP(ROWS($AS$4:AS4),$AR$4:$AS$2337,2,0),"") -> Abramów (pow. lubartowski, woj. lubelskie) | AV4: 0 | AW4: =IF(ISNUMBER(SEARCH('ankieta ESG'!$G$182,AX4)),MAX($AW$3:AW3)+1,0) -> 1 | AX4: Abramów (pow. lubartowski, woj. lubelskie) | AY4: 0 | AZ4: =IFERROR(VLOOKUP(ROWS($AX$4:AX4),$AW$4:$AX$2337,2,0),"") -> Abramów (pow. lubartowski, woj. lubelskie) | BA4: 0 | BB4: =IF(ISNUMBER(SEARCH('ankieta ESG'!$G$183,BC4)),MAX($BB$3:BB3)+1,0) -> 1 | BC4: Abramów (pow. lubartowski, woj. lubelskie) | BD4: 0 | BE4: =IFERROR(VLOOKUP(ROWS($BC$4:BC4),$BB$4:$BC$2337,2,0),"") -> Abramów (pow. lubartowski, woj. lubelskie) | BF4: 0 | BG4: =IF(ISNUMBER(SEARCH('ankieta ESG'!$G$184,BH4)),MAX($BG$3:BG3)+1,0) -> 1 | BH4: Abramów (pow. lubartowski, woj. lubelskie) | BI4: 0 | BJ4: =IFERROR(VLOOKUP(ROWS($BH$4:BH4),$BG$4:$BH$2337,2,0),"") -> Abramów (pow. lubartowski, woj. lubelskie) | BK4: 0 | BL4: =IF(ISNUMBER(SEARCH('ankieta ESG'!$G$185,BM4)),MAX($BL$3:BL3)+1,0) -> 1 | BM4: Abramów (pow. lubartowski, woj. lubelskie) | BN4: 0 | BO4: =IFERROR(VLOOKUP(ROWS($BM$4:BM4),$BL$4:$BM$2337,2,0),"") -> Abramów (pow. lubartowski, woj. lubelskie) | BP4: 0 | BQ4: =IF(ISNUMBER(SEARCH('ankieta ESG'!$G$186,BR4)),MAX($BQ$3:BQ3)+1,0) -> 1 | BR4: Abramów (pow. lubartowski, woj. lubelskie) | BS4: 0 | BT4: =IFERROR(VLOOKUP(ROWS($BR$4:BR4),$BQ$4:$BR$2337,2,0),"") -> Abramów (pow. lubartowski, woj. lubelskie) | BU4: 0 | BV4: =IF(ISNUMBER(SEARCH('ankieta ESG'!$G$187,BW4)),MAX($BV$3:BV3)+1,0) -> 1 | BW4: Abramów (pow. lubartowski, woj. lubelskie) | BX4: 0 | BY4: =IFERROR(VLOOKUP(ROWS($BW$4:BW4),$BV$4:$BW$2337,2,0),"") -> Abramów (pow. lubartowski, woj. lubelskie) | BZ4: 0 | CA4: =IF(ISNUMBER(SEARCH('ankieta ESG'!$G$188,CB4)),MAX($CA$3:CA3)+1,0) -> 1 | CB4: Abramów (pow. lubartowski, woj. lubelskie) | CC4: 0 | CD4: =IFERROR(VLOOKUP(ROWS($CB$4:CB4),$CA$4:$CB$2337,2,0),"") -> Abramów (pow. lubartowski, woj. lubelskie) | CE4: 0 | CF4: =IF(ISNUMBER(SEARCH('ankieta ESG'!$G$189,CG4)),MAX($CF$3:CF3)+1,0) -> 1 | CG4: Abramów (pow. lubartowski, woj. lubelskie) | CH4: 0 | CI4: =IFERROR(VLOOKUP(ROWS($CG$4:CG4),$CF$4:$CG$2337,2,0),"") -> Abramów (pow. lubartowski, woj. lubelskie) | CJ4: 0
B5: =IF(ISNUMBER(SEARCH('ankieta ESG'!$E$11,C5)),MAX(B$3:$B4)+1,0) -> 2 | C5: 01.12.Z Uprawa ryżu (PKD 2007) | D5: 0 | E5: =IFERROR(VLOOKUP(ROWS($C$4:C5),$B$4:$C$1385,2,0),"") -> 01.12.Z Uprawa ryżu (PKD 2007) | F5: 0 | H5: drewno | I5: t | J5: m3 | M5: 0 | O5: Samochód ciężarowy pow. 3,5 tony | P5: Ciężarowy | Q5: km | R5: motogodziny | S5: 0 | U5: Benzyna | V5: 0 | X5: Trzoda chlewna | Y5: 0 | AA5: Biuro | AB5: 0 | AD5: TAK (ujawnienia NIEweryfikowane przez audytora zewnętrznego) | AE5: 0 | AG5: TAK - i podjęto odpowiednie działania zaradcze mające na celu zapewnienie, że mało prawdopodobne będzie ponowne naruszenie praw pracy w przyszłości | AH5: 0 | AJ5: Wybierz opcję z listy! | AK5: 0 | AM5: =IF(ISNUMBER(SEARCH('ankieta ESG'!$G$180,AN5)),MAX(AM$3:$AM4)+1,0) -> 2 | AN5: Adamów (pow. łukowski, woj. lubelskie) | AO5: 0 | AP5: =IFERROR(VLOOKUP(ROWS($AN$4:AN5),$AM$4:$AN$2337,2,0),"") -> Adamów (pow. łukowski, woj. lubelskie) | AQ5: 0 | AR5: =IF(ISNUMBER(SEARCH('ankieta ESG'!$G$181,AS5)),MAX($AR$3:AR4)+1,0) -> 2 | AS5: Adamów (pow. łukowski, woj. lubelskie) | AT5: 0 | AU5: =IFERROR(VLOOKUP(ROWS($AS$4:AS5),$AR$4:$AS$2337,2,0),"") -> Adamów (pow. łukowski, woj. lubelskie) | AV5: 0 | AW5: =IF(ISNUMBER(SEARCH('ankieta ESG'!$G$182,AX5)),MAX($AW$3:AW4)+1,0) -> 2 | AX5: Adamów (pow. łukowski, woj. lubelskie) | AY5: 0 | AZ5: =IFERROR(VLOOKUP(ROWS($AX$4:AX5),$AW$4:$AX$2337,2,0),"") -> Adamów (pow. łukowski, woj. lubelskie) | BA5: 0 | BB5: =IF(ISNUMBER(SEARCH('ankieta ESG'!$G$183,BC5)),MAX($BB$3:BB4)+1,0) -> 2 | BC5: Adamów (pow. łukowski, woj. lubelskie) | BD5: 0 | BE5: =IFERROR(VLOOKUP(ROWS($BC$4:BC5),$BB$4:$BC$2337,2,0),"") -> Adamów (pow. łukowski, woj. lubelskie) | BF5: 0 | BG5: =IF(ISNUMBER(SEARCH('ankieta ESG'!$G$184,BH5)),MAX($BG$3:BG4)+1,0) -> 2 | BH5: Adamów (pow. łukowski, woj. lubelskie) | BI5: 0 | BJ5: =IFERROR(VLOOKUP(ROWS($BH$4:BH5),$BG$4:$BH$2337,2,0),"") -> Adamów (pow. łukowski, woj. lubelskie) | BK5: 0 | BL5: =IF(ISNUMBER(SEARCH('ankieta ESG'!$G$185,BM5)),MAX($BL$3:BL4)+1,0) -> 2 | BM5: Adamów (pow. łukowski, woj. lubelskie) | BN5: 0 | BO5: =IFERROR(VLOOKUP(ROWS($BM$4:BM5),$BL$4:$BM$2337,2,0),"") -> Adamów (pow. łukowski, woj. lubelskie) | BP5: 0 | BQ5: =IF(ISNUMBER(SEARCH('ankieta ESG'!$G$186,BR5)),MAX($BQ$3:BQ4)+1,0) -> 2 | BR5: Adamów (pow. łukowski, woj. lubelskie) | BS5: 0 | BT5: =IFERROR(VLOOKUP(ROWS($BR$4:BR5),$BQ$4:$BR$2337,2,0),"") -> Adamów (pow. łukowski, woj. lubelskie) | BU5: 0 | BV5: =IF(ISNUMBER(SEARCH('ankieta ESG'!$G$187,BW5)),MAX($BV$3:BV4)+1,0) -> 2 | BW5: Adamów (pow. łukowski, woj. lubelskie) | BX5: 0 | BY5: =IFERROR(VLOOKUP(ROWS($BW$4:BW5),$BV$4:$BW$2337,2,0),"") -> Adamów (pow. łukowski, woj. lubelskie) | BZ5: 0 | CA5: =IF(ISNUMBER(SEARCH('ankieta ESG'!$G$188,CB5)),MAX($CA$3:CA4)+1,0) -> 2 | CB5: Adamów (pow. łukowski, woj. lubelskie) | CC5: 0 | CD5: =IFERROR(VLOOKUP(ROWS($CB$4:CB5),$CA$4:$CB$2337,2,0),"") -> Adamów (pow. łukowski, woj. lubelskie) | CE5: 0 | CF5: =IF(ISNUMBER(SEARCH('ankieta ESG'!$G$189,CG5)),MAX($CF$3:CF4)+1,0) -> 2 | CG5: Adamów (pow. łukowski, woj. lubelskie) | CH5: 0 | CI5: =IFERROR(VLOOKUP(ROWS($CG$4:CG5),$CF$4:$CG$2337,2,0),"") -> Adamów (pow. łukowski, woj. lubelskie) | CJ5: 0
B6: =IF(ISNUMBER(SEARCH('ankieta ESG'!$E$11,C6)),MAX(B$3:$B5)+1,0) -> 3 | C6: 01.13.Z Uprawa warzyw, włączając melony oraz uprawa roślin korzeniowych i roślin bulwiastych (PKD 2007) | D6: 0 | E6: =IFERROR(VLOOKUP(ROWS($C$4:C6),$B$4:$C$1385,2,0),"") -> 01.13.Z Uprawa warzyw, włączając melony oraz uprawa roślin korzeniowych i roślin bulwiastych (PKD 2007) | F6: 0 | H6: olej opałowy | I6: t | J6: l | K6: m3 | M6: 0 | O6: Maszyna rolnicza | P6: Rolnicza | Q6: km | R6: motogodziny | S6: 0 | U6: LPG | V6: 0 | X6: Drób | Y6: 0 | AA6: Gospodarstwo rolne | AB6: 0 | AD6: NIE (nie spełniamy minimalnych gwarancji) | AE6: 0 | AG6: NIE - nie wystąpiły przypadki naruszeń dot. któregokolwiek z powyższych zagadnień | AH6: 0 | AJ6: wybierz z listy | AK6: 0 | AM6: =IF(ISNUMBER(SEARCH('ankieta ESG'!$G$180,AN6)),MAX(AM$3:$AM5)+1,0) -> 3 | AN6: Adamów (pow. zamojski, woj. lubelskie) | AO6: 0 | AP6: =IFERROR(VLOOKUP(ROWS($AN$4:AN6),$AM$4:$AN$2337,2,0),"") -> Adamów (pow. zamojski, woj. lubelskie) | AQ6: 0 | AR6: =IF(ISNUMBER(SEARCH('ankieta ESG'!$G$181,AS6)),MAX($AR$3:AR5)+1,0) -> 3 | AS6: Adamów (pow. zamojski, woj. lubelskie) | AT6: 0 | AU6: =IFERROR(VLOOKUP(ROWS($AS$4:AS6),$AR$4:$AS$2337,2,0),"") -> Adamów (pow. zamojski, woj. lubelskie) | AV6: 0 | AW6: =IF(ISNUMBER(SEARCH('ankieta ESG'!$G$182,AX6)),MAX($AW$3:AW5)+1,0) -> 3 | AX6: Adamów (pow. zamojski, woj. lubelskie) | AY6: 0 | AZ6: =IFERROR(VLOOKUP(ROWS($AX$4:AX6),$AW$4:$AX$2337,2,0),"") -> Adamów (pow. zamojski, woj. lubelskie) | BA6: 0 | BB6: =IF(ISNUMBER(SEARCH('ankieta ESG'!$G$183,BC6)),MAX($BB$3:BB5)+1,0) -> 3 | BC6: Adamów (pow. zamojski, woj. lubelskie) | BD6: 0 | BE6: =IFERROR(VLOOKUP(ROWS($BC$4:BC6),$BB$4:$BC$2337,2,0),"") -> Adamów (pow. zamojski, woj. lubelskie) | BF6: 0 | BG6: =IF(ISNUMBER(SEARCH('ankieta ESG'!$G$184,BH6)),MAX($BG$3:BG5)+1,0) -> 3 | BH6: Adamów (pow. zamojski, woj. lubelskie) | BI6: 0 | BJ6: =IFERROR(VLOOKUP(ROWS($BH$4:BH6),$BG$4:$BH$2337,2,0),"") -> Adamów (pow. zamojski, woj. lubelskie) | BK6: 0 | BL6: =IF(ISNUMBER(SEARCH('ankieta ESG'!$G$185,BM6)),MAX($BL$3:BL5)+1,0) -> 3 | BM6: Adamów (pow. zamojski, woj. lubelskie) | BN6: 0 | BO6: =IFERROR(VLOOKUP(ROWS($BM$4:BM6),$BL$4:$BM$2337,2,0),"") -> Adamów (pow. zamojski, woj. lubelskie) | BP6: 0 | BQ6: =IF(ISNUMBER(SEARCH('ankieta ESG'!$G$186,BR6)),MAX($BQ$3:BQ5)+1,0) -> 3 | BR6: Adamów (pow. zamojski, woj. lubelskie) | BS6: 0 | BT6: =IFERROR(VLOOKUP(ROWS($BR$4:BR6),$BQ$4:$BR$2337,2,0),"") -> Adamów (pow. zamojski, woj. lubelskie) | BU6: 0 | BV6: =IF(ISNUMBER(SEARCH('ankieta ESG'!$G$187,BW6)),MAX($BV$3:BV5)+1,0) -> 3 | BW6: Adamów (pow. zamojski, woj. lubelskie) | BX6: 0 | BY6: =IFERROR(VLOOKUP(ROWS($BW$4:BW6),$BV$4:$BW$2337,2,0),"") -> Adamów (pow. zamojski, woj. lubelskie) | BZ6: 0 | CA6: =IF(ISNUMBER(SEARCH('ankieta ESG'!$G$188,CB6)),MAX($CA$3:CA5)+1,0) -> 3 | CB6: Adamów (pow. zamojski, woj. lubelskie) | CC6: 0 | CD6: =IFERROR(VLOOKUP(ROWS($CB$4:CB6),$CA$4:$CB$2337,2,0),"") -> Adamów (pow. zamojski, woj. lubelskie) | CE6: 0 | CF6: =IF(ISNUMBER(SEARCH('ankieta ESG'!$G$189,CG6)),MAX($CF$3:CF5)+1,0) -> 3 | CG6: Adamów (pow. zamojski, woj. lubelskie) | CH6: 0 | CI6: =IFERROR(VLOOKUP(ROWS($CG$4:CG6),$CF$4:$CG$2337,2,0),"") -> Adamów (pow. zamojski, woj. lubelskie) | CJ6: 0
B7: =IF(ISNUMBER(SEARCH('ankieta ESG'!$E$11,C7)),MAX(B$3:$B6)+1,0) -> 4 | C7: 01.14.Z Uprawa trzciny cukrowej (PKD 2007) | D7: 0 | E7: =IFERROR(VLOOKUP(ROWS($C$4:C7),$B$4:$C$1385,2,0),"") -> 01.14.Z Uprawa trzciny cukrowej (PKD 2007) | F7: 0 | H7: gaz | I7: t | J7: m3 | M7: 0 | U7: Hybrydowy | V7: 0 | X7: Kozy / owce | Y7: 0 | AA7: Inne | AB7: 0 | AK7: 0 | AM7: =IF(ISNUMBER(SEARCH('ankieta ESG'!$G$180,AN7)),MAX(AM$3:$AM6)+1,0) -> 4 | AN7: Adamówka (pow. przeworski, woj. podkarpackie) | AO7: 0 | AP7: =IFERROR(VLOOKUP(ROWS($AN$4:AN7),$AM$4:$AN$2337,2,0),"") -> Adamówka (pow. przeworski, woj. podkarpackie) | AQ7: 0 | AR7: =IF(ISNUMBER(SEARCH('ankieta ESG'!$G$181,AS7)),MAX($AR$3:AR6)+1,0) -> 4 | AS7: Adamówka (pow. przeworski, woj. podkarpackie) | AT7: 0 | AU7: =IFERROR(VLOOKUP(ROWS($AS$4:AS7),$AR$4:$AS$2337,2,0),"") -> Adamówka (pow. przeworski, woj. podkarpackie) | AV7: 0 | AW7: =IF(ISNUMBER(SEARCH('ankieta ESG'!$G$182,AX7)),MAX($AW$3:AW6)+1,0) -> 4 | AX7: Adamówka (pow. przeworski, woj. podkarpackie) | AY7: 0 | AZ7: =IFERROR(VLOOKUP(ROWS($AX$4:AX7),$AW$4:$AX$2337,2,0),"") -> Adamówka (pow. przeworski, woj. podkarpackie) | BA7: 0 | BB7: =IF(ISNUMBER(SEARCH('ankieta ESG'!$G$183,BC7)),MAX($BB$3:BB6)+1,0) -> 4 | BC7: Adamówka (pow. przeworski, woj. podkarpackie) | BD7: 0 | BE7: =IFERROR(VLOOKUP(ROWS($BC$4:BC7),$BB$4:$BC$2337,2,0),"") -> Adamówka (pow. przeworski, woj. podkarpackie) | BF7: 0 | BG7: =IF(ISNUMBER(SEARCH('ankieta ESG'!$G$184,BH7)),MAX($BG$3:BG6)+1,0) -> 4 | BH7: Adamówka (pow. przeworski, woj. podkarpackie) | BI7: 0 | BJ7: =IFERROR(VLOOKUP(ROWS($BH$4:BH7),$BG$4:$BH$2337,2,0),"") -> Adamówka (pow. przeworski, woj. podkarpackie) | BK7: 0 | BL7: =IF(ISNUMBER(SEARCH('ankieta ESG'!$G$185,BM7)),MAX($BL$3:BL6)+1,0) -> 4 | BM7: Adamówka (pow. przeworski, woj. podkarpackie) | BN7: 0 | BO7: =IFERROR(VLOOKUP(ROWS($BM$4:BM7),$BL$4:$BM$2337,2,0),"") -> Adamówka (pow. przeworski, woj. podkarpackie) | BP7: 0 | BQ7: =IF(ISNUMBER(SEARCH('ankieta ESG'!$G$186,BR7)),MAX($BQ$3:BQ6)+1,0) -> 4 | BR7: Adamówka (pow. przeworski, woj. podkarpackie) | BS7: 0 | BT7: =IFERROR(VLOOKUP(ROWS($BR$4:BR7),$BQ$4:$BR$2337,2,0),"") -> Adamówka (pow. przeworski, woj. podkarpackie) | BU7: 0 | BV7: =IF(ISNUMBER(SEARCH('ankieta ESG'!$G$187,BW7)),MAX($BV$3:BV6)+1,0) -> 4 | BW7: Adamówka (pow. przeworski, woj. podkarpackie) | BX7: 0 | BY7: =IFERROR(VLOOKUP(ROWS($BW$4:BW7),$BV$4:$BW$2337,2,0),"") -> Adamówka (pow. przeworski, woj. podkarpackie) | BZ7: 0 | CA7: =IF(ISNUMBER(SEARCH('ankieta ESG'!$G$188,CB7)),MAX($CA$3:CA6)+1,0) -> 4 | CB7: Adamówka (pow. przeworski, woj. podkarpackie) | CC7: 0 | CD7: =IFERROR(VLOOKUP(ROWS($CB$4:CB7),$CA$4:$CB$2337,2,0),"") -> Adamówka (pow. przeworski, woj. podkarpackie) | CE7: 0 | CF7: =IF(ISNUMBER(SEARCH('ankieta ESG'!$G$189,CG7)),MAX($CF$3:CF6)+1,0) -> 4 | CG7: Adamówka (pow. przeworski, woj. podkarpackie) | CH7: 0 | CI7: =IFERROR(VLOOKUP(ROWS($CG$4:CG7),$CF$4:$CG$2337,2,0),"") -> Adamówka (pow. przeworski, woj. podkarpackie) | CJ7: 0
B8: =IF(ISNUMBER(SEARCH('ankieta ESG'!$E$11,C8)),MAX(B$3:$B7)+1,0) -> 5 | C8: 01.15.Z Uprawa tytoniu (PKD 2007) | D8: 0 | E8: =IFERROR(VLOOKUP(ROWS($C$4:C8),$B$4:$C$1385,2,0),"") -> 01.15.Z Uprawa tytoniu (PKD 2007) | F8: 0 | H8: biomasa | I8: t | J8: kg | M8: 0 | U8: Elektryczny | V8: 0 | X8: Konie | Y8: 0 | AJ8: Wprowadź prawidłową wartość liczbową! | AK8: 0 | AM8: =IF(ISNUMBER(SEARCH('ankieta ESG'!$G$180,AN8)),MAX(AM$3:$AM7)+1,0) -> 5 | AN8: Aleksandrów (pow. biłgorajski, woj. lubelskie) | AO8: 0 | AP8: =IFERROR(VLOOKUP(ROWS($AN$4:AN8),$AM$4:$AN$2337,2,0),"") -> Aleksandrów (pow. biłgorajski, woj. lubelskie) | AQ8: 0 | AR8: =IF(ISNUMBER(SEARCH('ankieta ESG'!$G$181,AS8)),MAX($AR$3:AR7)+1,0) -> 5 | AS8: Aleksandrów (pow. biłgorajski, woj. lubelskie) | AT8: 0 | AU8: =IFERROR(VLOOKUP(ROWS($AS$4:AS8),$AR$4:$AS$2337,2,0),"") -> Aleksandrów (pow. biłgorajski, woj. lubelskie) | AV8: 0 | AW8: =IF(ISNUMBER(SEARCH('ankieta ESG'!$G$182,AX8)),MAX($AW$3:AW7)+1,0) -> 5 | AX8: Aleksandrów (pow. biłgorajski, woj. lubelskie) | AY8: 0 | AZ8: =IFERROR(VLOOKUP(ROWS($AX$4:AX8),$AW$4:$AX$2337,2,0),"") -> Aleksandrów (pow. biłgorajski, woj. lubelskie) | BA8: 0 | BB8: =IF(ISNUMBER(SEARCH('ankieta ESG'!$G$183,BC8)),MAX($BB$3:BB7)+1,0) -> 5 | BC8: Aleksandrów (pow. biłgorajski, woj. lubelskie) | BD8: 0 | BE8: =IFERROR(VLOOKUP(ROWS($BC$4:BC8),$BB$4:$BC$2337,2,0),"") -> Aleksandrów (pow. biłgorajski, woj. lubelskie) | BF8: 0 | BG8: =IF(ISNUMBER(SEARCH('ankieta ESG'!$G$184,BH8)),MAX($BG$3:BG7)+1,0) -> 5 | BH8: Aleksandrów (pow. biłgorajski, woj. lubelskie) | BI8: 0 | BJ8: =IFERROR(VLOOKUP(ROWS($BH$4:BH8),$BG$4:$BH$2337,2,0),"") -> Aleksandrów (pow. biłgorajski, woj. lubelskie) | BK8: 0 | BL8: =IF(ISNUMBER(SEARCH('ankieta ESG'!$G$185,BM8)),MAX($BL$3:BL7)+1,0) -> 5 | BM8: Aleksandrów (pow. biłgorajski, woj. lubelskie) | BN8: 0 | BO8: =IFERROR(VLOOKUP(ROWS($BM$4:BM8),$BL$4:$BM$2337,2,0),"") -> Aleksandrów (pow. biłgorajski, woj. lubelskie) | BP8: 0 | BQ8: =IF(ISNUMBER(SEARCH('ankieta ESG'!$G$186,BR8)),MAX($BQ$3:BQ7)+1,0) -> 5 | BR8: Aleksandrów (pow. biłgorajski, woj. lubelskie) | BS8: 0 | BT8: =IFERROR(VLOOKUP(ROWS($BR$4:BR8),$BQ$4:$BR$2337,2,0),"") -> Aleksandrów (pow. biłgorajski, woj. lubelskie) | BU8: 0 | BV8: =IF(ISNUMBER(SEARCH('ankieta ESG'!$G$187,BW8)),MAX($BV$3:BV7)+1,0) -> 5 | BW8: Aleksandrów (pow. biłgorajski, woj. lubelskie) | BX8: 0 | BY8: =IFERROR(VLOOKUP(ROWS($BW$4:BW8),$BV$4:$BW$2337,2,0),"") -> Aleksandrów (pow. biłgorajski, woj. lubelskie) | BZ8: 0 | CA8: =IF(ISNUMBER(SEARCH('ankieta ESG'!$G$188,CB8)),MAX($CA$3:CA7)+1,0) -> 5 | CB8: Aleksandrów (pow. biłgorajski, woj. lubelskie) | CC8: 0 | CD8: =IFERROR(VLOOKUP(ROWS($CB$4:CB8),$CA$4:$CB$2337,2,0),"") -> Aleksandrów (pow. biłgorajski, woj. lubelskie) | CE8: 0 | CF8: =IF(ISNUMBER(SEARCH('ankieta ESG'!$G$189,CG8)),MAX($CF$3:CF7)+1,0) -> 5 | CG8: Aleksandrów (pow. biłgorajski, woj. lubelskie) | CH8: 0 | CI8: =IFERROR(VLOOKUP(ROWS($CG$4:CG8),$CF$4:$CG$2337,2,0),"") -> Aleksandrów (pow. biłgorajski, woj. lubelskie) | CJ8: 0
B9: =IF(ISNUMBER(SEARCH('ankieta ESG'!$E$11,C9)),MAX(B$3:$B8)+1,0) -> 6 | C9: 01.16.Z Uprawa roślin włóknistych (PKD 2007) | D9: 0 | E9: =IFERROR(VLOOKUP(ROWS($C$4:C9),$B$4:$C$1385,2,0),"") -> 01.16.Z Uprawa roślin włóknistych (PKD 2007) | F9: 0 | X9: Inne zwierzęta | Y9: 0 | AJ9: wprowadź wartość liczbową | AK9: 0 | AM9: =IF(ISNUMBER(SEARCH('ankieta ESG'!$G$180,AN9)),MAX(AM$3:$AM8)+1,0) -> 6 | AN9: Aleksandrów (pow. piotrkowski, woj. łódzkie) | AO9: 0 | AP9: =IFERROR(VLOOKUP(ROWS($AN$4:AN9),$AM$4:$AN$2337,2,0),"") -> Aleksandrów (pow. piotrkowski, woj. łódzkie) | AQ9: 0 | AR9: =IF(ISNUMBER(SEARCH('ankieta ESG'!$G$181,AS9)),MAX($AR$3:AR8)+1,0) -> 6 | AS9: Aleksandrów (pow. piotrkowski, woj. łódzkie) | AT9: 0 | AU9: =IFERROR(VLOOKUP(ROWS($AS$4:AS9),$AR$4:$AS$2337,2,0),"") -> Aleksandrów (pow. piotrkowski, woj. łódzkie) | AV9: 0 | AW9: =IF(ISNUMBER(SEARCH('ankieta ESG'!$G$182,AX9)),MAX($AW$3:AW8)+1,0) -> 6 | AX9: Aleksandrów (pow. piotrkowski, woj. łódzkie) | AY9: 0 | AZ9: =IFERROR(VLOOKUP(ROWS($AX$4:AX9),$AW$4:$AX$2337,2,0),"") -> Aleksandrów (pow. piotrkowski, woj. łódzkie) | BA9: 0 | BB9: =IF(ISNUMBER(SEARCH('ankieta ESG'!$G$183,BC9)),MAX($BB$3:BB8)+1,0) -> 6 | BC9: Aleksandrów (pow. piotrkowski, woj. łódzkie) | BD9: 0 | BE9: =IFERROR(VLOOKUP(ROWS($BC$4:BC9),$BB$4:$BC$2337,2,0),"") -> Aleksandrów (pow. piotrkowski, woj. łódzkie) | BF9: 0 | BG9: =IF(ISNUMBER(SEARCH('ankieta ESG'!$G$184,BH9)),MAX($BG$3:BG8)+1,0) -> 6 | BH9: Aleksandrów (pow. piotrkowski, woj. łódzkie) | BI9: 0 | BJ9: =IFERROR(VLOOKUP(ROWS($BH$4:BH9),$BG$4:$BH$2337,2,0),"") -> Aleksandrów (pow. piotrkowski, woj. łódzkie) | BK9: 0 | BL9: =IF(ISNUMBER(SEARCH('ankieta ESG'!$G$185,BM9)),MAX($BL$3:BL8)+1,0) -> 6 | BM9: Aleksandrów (pow. piotrkowski, woj. łódzkie) | BN9: 0 | BO9: =IFERROR(VLOOKUP(ROWS($BM$4:BM9),$BL$4:$BM$2337,2,0),"") -> Aleksandrów (pow. piotrkowski, woj. łódzkie) | BP9: 0 | BQ9: =IF(ISNUMBER(SEARCH('ankieta ESG'!$G$186,BR9)),MAX($BQ$3:BQ8)+1,0) -> 6 | BR9: Aleksandrów (pow. piotrkowski, woj. łódzkie) | BS9: 0 | BT9: =IFERROR(VLOOKUP(ROWS($BR$4:BR9),$BQ$4:$BR$2337,2,0),"") -> Aleksandrów (pow. piotrkowski, woj. łódzkie) | BU9: 0 | BV9: =IF(ISNUMBER(SEARCH('ankieta ESG'!$G$187,BW9)),MAX($BV$3:BV8)+1,0) -> 6 | BW9: Aleksandrów (pow. piotrkowski, woj. łódzkie) | BX9: 0 | BY9: =IFERROR(VLOOKUP(ROWS($BW$4:BW9),$BV$4:$BW$2337,2,0),"") -> Aleksandrów (pow. piotrkowski, woj. łódzkie) | BZ9: 0 | CA9: =IF(ISNUMBER(SEARCH('ankieta ESG'!$G$188,CB9)),MAX($CA$3:CA8)+1,0) -> 6 | CB9: Aleksandrów (pow. piotrkowski, woj. łódzkie) | CC9: 0 | CD9: =IFERROR(VLOOKUP(ROWS($CB$4:CB9),$CA$4:$CB$2337,2,0),"") -> Aleksandrów (pow. piotrkowski, woj. łódzkie) | CE9: 0 | CF9: =IF(ISNUMBER(SEARCH('ankieta ESG'!$G$189,CG9)),MAX($CF$3:CF8)+1,0) -> 6 | CG9: Aleksandrów (pow. piotrkowski, woj. łódzkie) | CH9: 0 | CI9: =IFERROR(VLOOKUP(ROWS($CG$4:CG9),$CF$4:$CG$2337,2,0),"") -> Aleksandrów (pow. piotrkowski, woj. łódzkie) | CJ9: 0
B10: =IF(ISNUMBER(SEARCH('ankieta ESG'!$E$11,C10)),MAX(B$3:$B9)+1,0) -> 7 | C10: 01.19.Z Pozostałe uprawy rolne inne niż wieloletnie (PKD 2007) | D10: 0 | E10: =IFERROR(VLOOKUP(ROWS($C$4:C10),$B$4:$C$1385,2,0),"") -> 01.19.Z Pozostałe uprawy rolne inne niż wieloletnie (PKD 2007) | F10: 0 | AK10: 0 | AM10: =IF(ISNUMBER(SEARCH('ankieta ESG'!$G$180,AN10)),MAX(AM$3:$AM9)+1,0) -> 7 | AN10: Aleksandrów Kujawski (pow. aleksandrowski, woj. kujawsko-pomorskie) | AO10: 0 | AP10: =IFERROR(VLOOKUP(ROWS($AN$4:AN10),$AM$4:$AN$2337,2,0),"") -> Aleksandrów Kujawski (pow. aleksandrowski, woj. kujawsko-pomorskie) | AQ10: 0 | AR10: =IF(ISNUMBER(SEARCH('ankieta ESG'!$G$181,AS10)),MAX($AR$3:AR9)+1,0) -> 7 | AS10: Aleksandrów Kujawski (pow. aleksandrowski, woj. kujawsko-pomorskie) | AT10: 0 | AU10: =IFERROR(VLOOKUP(ROWS($AS$4:AS10),$AR$4:$AS$2337,2,0),"") -> Aleksandrów Kujawski (pow. aleksandrowski, woj. kujawsko-pomorskie) | AV10: 0 | AW10: =IF(ISNUMBER(SEARCH('ankieta ESG'!$G$182,AX10)),MAX($AW$3:AW9)+1,0) -> 7 | AX10: Aleksandrów Kujawski (pow. aleksandrowski, woj. kujawsko-pomorskie) | AY10: 0 | AZ10: =IFERROR(VLOOKUP(ROWS($AX$4:AX10),$AW$4:$AX$2337,2,0),"") -> Aleksandrów Kujawski (pow. aleksandrowski, woj. kujawsko-pomorskie) | BA10: 0 | BB10: =IF(ISNUMBER(SEARCH('ankieta ESG'!$G$183,BC10)),MAX($BB$3:BB9)+1,0) -> 7 | BC10: Aleksandrów Kujawski (pow. aleksandrowski, woj. kujawsko-pomorskie) | BD10: 0 | BE10: =IFERROR(VLOOKUP(ROWS($BC$4:BC10),$BB$4:$BC$2337,2,0),"") -> Aleksandrów Kujawski (pow. aleksandrowski, woj. kujawsko-pomorskie) | BF10: 0 | BG10: =IF(ISNUMBER(SEARCH('ankieta ESG'!$G$184,BH10)),MAX($BG$3:BG9)+1,0) -> 7 | BH10: Aleksandrów Kujawski (pow. aleksandrowski, woj. kujawsko-pomorskie) | BI10: 0 | BJ10: =IFERROR(VLOOKUP(ROWS($BH$4:BH10),$BG$4:$BH$2337,2,0),"") -> Aleksandrów Kujawski (pow. aleksandrowski, woj. kujawsko-pomorskie) | BK10: 0 | BL10: =IF(ISNUMBER(SEARCH('ankieta ESG'!$G$185,BM10)),MAX($BL$3:BL9)+1,0) -> 7 | BM10: Aleksandrów Kujawski (pow. aleksandrowski, woj. kujawsko-pomorskie) | BN10: 0 | BO10: =IFERROR(VLOOKUP(ROWS($BM$4:BM10),$BL$4:$BM$2337,2,0),"") -> Aleksandrów Kujawski (pow. aleksandrowski, woj. kujawsko-pomorskie) | BP10: 0 | BQ10: =IF(ISNUMBER(SEARCH('ankieta ESG'!$G$186,BR10)),MAX($BQ$3:BQ9)+1,0) -> 7 | BR10: Aleksandrów Kujawski (pow. aleksandrowski, woj. kujawsko-pomorskie) | BS10: 0 | BT10: =IFERROR(VLOOKUP(ROWS($BR$4:BR10),$BQ$4:$BR$2337,2,0),"") -> Aleksandrów Kujawski (pow. aleksandrowski, woj. kujawsko-pomorskie) | BU10: 0 | BV10: =IF(ISNUMBER(SEARCH('ankieta ESG'!$G$187,BW10)),MAX($BV$3:BV9)+1,0) -> 7 | BW10: Aleksandrów Kujawski (pow. aleksandrowski, woj. kujawsko-pomorskie) | BX10: 0 | BY10: =IFERROR(VLOOKUP(ROWS($BW$4:BW10),$BV$4:$BW$2337,2,0),"") -> Aleksandrów Kujawski (pow. aleksandrowski, woj. kujawsko-pomorskie) | BZ10: 0 | CA10: =IF(ISNUMBER(SEARCH('ankieta ESG'!$G$188,CB10)),MAX($CA$3:CA9)+1,0) -> 7 | CB10: Aleksandrów Kujawski (pow. aleksandrowski, woj. kujawsko-pomorskie) | CC10: 0 | CD10: =IFERROR(VLOOKUP(ROWS($CB$4:CB10),$CA$4:$CB$2337,2,0),"") -> Aleksandrów Kujawski (pow. aleksandrowski, woj. kujawsko-pomorskie) | CE10: 0 | CF10: =IF(ISNUMBER(SEARCH('ankieta ESG'!$G$189,CG10)),MAX($CF$3:CF9)+1,0) -> 7 | CG10: Aleksandrów Kujawski (pow. aleksandrowski, woj. kujawsko-pomorskie) | CH10: 0 | CI10: =IFERROR(VLOOKUP(ROWS($CG$4:CG10),$CF$4:$CG$2337,2,0),"") -> Aleksandrów Kujawski (pow. aleksandrowski, woj. kujawsko-pomorskie) | CJ10: 0
B11: =IF(ISNUMBER(SEARCH('ankieta ESG'!$E$11,C11)),MAX(B$3:$B10)+1,0) -> 8 | C11: 01.21.Z Uprawa winogron (PKD 2007) | D11: 0 | E11: =IFERROR(VLOOKUP(ROWS($C$4:C11),$B$4:$C$1385,2,0),"") -> 01.21.Z Uprawa winogron (PKD 2007) | F11: 0 | AJ11: Wprowadź dodatnią liczbę całkowitą! | AK11: 0 | AM11: =IF(ISNUMBER(SEARCH('ankieta ESG'!$G$180,AN11)),MAX(AM$3:$AM10)+1,0) -> 8 | AN11: Aleksandrów Łódzki (pow. zgierski, woj. łódzkie) | AO11: 0 | AP11: =IFERROR(VLOOKUP(ROWS($AN$4:AN11),$AM$4:$AN$2337,2,0),"") -> Aleksandrów Łódzki (pow. zgierski, woj. łódzkie) | AQ11: 0 | AR11: =IF(ISNUMBER(SEARCH('ankieta ESG'!$G$181,AS11)),MAX($AR$3:AR10)+1,0) -> 8 | AS11: Aleksandrów Łódzki (pow. zgierski, woj. łódzkie) | AT11: 0 | AU11: =IFERROR(VLOOKUP(ROWS($AS$4:AS11),$AR$4:$AS$2337,2,0),"") -> Aleksandrów Łódzki (pow. zgierski, woj. łódzkie) | AV11: 0 | AW11: =IF(ISNUMBER(SEARCH('ankieta ESG'!$G$182,AX11)),MAX($AW$3:AW10)+1,0) -> 8 | AX11: Aleksandrów Łódzki (pow. zgierski, woj. łódzkie) | AY11: 0 | AZ11: =IFERROR(VLOOKUP(ROWS($AX$4:AX11),$AW$4:$AX$2337,2,0),"") -> Aleksandrów Łódzki (pow. zgierski, woj. łódzkie) | BA11: 0 | BB11: =IF(ISNUMBER(SEARCH('ankieta ESG'!$G$183,BC11)),MAX($BB$3:BB10)+1,0) -> 8 | BC11: Aleksandrów Łódzki (pow. zgierski, woj. łódzkie) | BD11: 0 | BE11: =IFERROR(VLOOKUP(ROWS($BC$4:BC11),$BB$4:$BC$2337,2,0),"") -> Aleksandrów Łódzki (pow. zgierski, woj. łódzkie) | BF11: 0 | BG11: =IF(ISNUMBER(SEARCH('ankieta ESG'!$G$184,BH11)),MAX($BG$3:BG10)+1,0) -> 8 | BH11: Aleksandrów Łódzki (pow. zgierski, woj. łódzkie) | BI11: 0 | BJ11: =IFERROR(VLOOKUP(ROWS($BH$4:BH11),$BG$4:$BH$2337,2,0),"") -> Aleksandrów Łódzki (pow. zgierski, woj. łódzkie) | BK11: 0 | BL11: =IF(ISNUMBER(SEARCH('ankieta ESG'!$G$185,BM11)),MAX($BL$3:BL10)+1,0) -> 8 | BM11: Aleksandrów Łódzki (pow. zgierski, woj. łódzkie) | BN11: 0 | BO11: =IFERROR(VLOOKUP(ROWS($BM$4:BM11),$BL$4:$BM$2337,2,0),"") -> Aleksandrów Łódzki (pow. zgierski, woj. łódzkie) | BP11: 0 | BQ11: =IF(ISNUMBER(SEARCH('ankieta ESG'!$G$186,BR11)),MAX($BQ$3:BQ10)+1,0) -> 8 | BR11: Aleksandrów Łódzki (pow. zgierski, woj. łódzkie) | BS11: 0 | BT11: =IFERROR(VLOOKUP(ROWS($BR$4:BR11),$BQ$4:$BR$2337,2,0),"") -> Aleksandrów Łódzki (pow. zgierski, woj. łódzkie) | BU11: 0 | BV11: =IF(ISNUMBER(SEARCH('ankieta ESG'!$G$187,BW11)),MAX($BV$3:BV10)+1,0) -> 8 | BW11: Aleksandrów Łódzki (pow. zgierski, woj. łódzkie) | BX11: 0 | BY11: =IFERROR(VLOOKUP(ROWS($BW$4:BW11),$BV$4:$BW$2337,2,0),"") -> Aleksandrów Łódzki (pow. zgierski, woj. łódzkie) | BZ11: 0 | CA11: =IF(ISNUMBER(SEARCH('ankieta ESG'!$G$188,CB11)),MAX($CA$3:CA10)+1,0) -> 8 | CB11: Aleksandrów Łódzki (pow. zgierski, woj. łódzkie) | CC11: 0 | CD11: =IFERROR(VLOOKUP(ROWS($CB$4:CB11),$CA$4:$CB$2337,2,0),"") -> Aleksandrów Łódzki (pow. zgierski, woj. łódzkie) | CE11: 0 | CF11: =IF(ISNUMBER(SEARCH('ankieta ESG'!$G$189,CG11)),MAX($CF$3:CF10)+1,0) -> 8 | CG11: Aleksandrów Łódzki (pow. zgierski, woj. łódzkie) | CH11: 0 | CI11: =IFERROR(VLOOKUP(ROWS($CG$4:CG11),$CF$4:$CG$2337,2,0),"") -> Aleksandrów Łódzki (pow. zgierski, woj. łódzkie) | CJ11: 0
B12: =IF(ISNUMBER(SEARCH('ankieta ESG'!$E$11,C12)),MAX(B$3:$B11)+1,0) -> 9 | C12: 01.22.Z Uprawa drzew i krzewów owocowych tropikalnych i podzwrotnikowych (PKD 2007) | D12: 0 | E12: =IFERROR(VLOOKUP(ROWS($C$4:C12),$B$4:$C$1385,2,0),"") -> 01.22.Z Uprawa drzew i krzewów owocowych tropikalnych i podzwrotnikowych (PKD 2007) | F12: 0 | AJ12: wprowadź liczbę całkowitą | AK12: 0 | AM12: =IF(ISNUMBER(SEARCH('ankieta ESG'!$G$180,AN12)),MAX(AM$3:$AM11)+1,0) -> 9 | AN12: Alwernia (pow. chrzanowski, woj. małopolskie) | AO12: 0 | AP12: =IFERROR(VLOOKUP(ROWS($AN$4:AN12),$AM$4:$AN$2337,2,0),"") -> Alwernia (pow. chrzanowski, woj. małopolskie) | AQ12: 0 | AR12: =IF(ISNUMBER(SEARCH('ankieta ESG'!$G$181,AS12)),MAX($AR$3:AR11)+1,0) -> 9 | AS12: Alwernia (pow. chrzanowski, woj. małopolskie) | AT12: 0 | AU12: =IFERROR(VLOOKUP(ROWS($AS$4:AS12),$AR$4:$AS$2337,2,0),"") -> Alwernia (pow. chrzanowski, woj. małopolskie) | AV12: 0 | AW12: =IF(ISNUMBER(SEARCH('ankieta ESG'!$G$182,AX12)),MAX($AW$3:AW11)+1,0) -> 9 | AX12: Alwernia (pow. chrzanowski, woj. małopolskie) | AY12: 0 | AZ12: =IFERROR(VLOOKUP(ROWS($AX$4:AX12),$AW$4:$AX$2337,2,0),"") -> Alwernia (pow. chrzanowski, woj. małopolskie) | BA12: 0 | BB12: =IF(ISNUMBER(SEARCH('ankieta ESG'!$G$183,BC12)),MAX($BB$3:BB11)+1,0) -> 9 | BC12: Alwernia (pow. chrzanowski, woj. małopolskie) | BD12: 0 | BE12: =IFERROR(VLOOKUP(ROWS($BC$4:BC12),$BB$4:$BC$2337,2,0),"") -> Alwernia (pow. chrzanowski, woj. małopolskie) | BF12: 0 | BG12: =IF(ISNUMBER(SEARCH('ankieta ESG'!$G$184,BH12)),MAX($BG$3:BG11)+1,0) -> 9 | BH12: Alwernia (pow. chrzanowski, woj. małopolskie) | BI12: 0 | BJ12: =IFERROR(VLOOKUP(ROWS($BH$4:BH12),$BG$4:$BH$2337,2,0),"") -> Alwernia (pow. chrzanowski, woj. małopolskie) | BK12: 0 | BL12: =IF(ISNUMBER(SEARCH('ankieta ESG'!$G$185,BM12)),MAX($BL$3:BL11)+1,0) -> 9 | BM12: Alwernia (pow. chrzanowski, woj. małopolskie) | BN12: 0 | BO12: =IFERROR(VLOOKUP(ROWS($BM$4:BM12),$BL$4:$BM$2337,2,0),"") -> Alwernia (pow. chrzanowski, woj. małopolskie) | BP12: 0 | BQ12: =IF(ISNUMBER(SEARCH('ankieta ESG'!$G$186,BR12)),MAX($BQ$3:BQ11)+1,0) -> 9 | BR12: Alwernia (pow. chrzanowski, woj. małopolskie) | BS12: 0 | BT12: =IFERROR(VLOOKUP(ROWS($BR$4:BR12),$BQ$4:$BR$2337,2,0),"") -> Alwernia (pow. chrzanowski, woj. małopolskie) | BU12: 0 | BV12: =IF(ISNUMBER(SEARCH('ankieta ESG'!$G$187,BW12)),MAX($BV$3:BV11)+1,0) -> 9 | BW12: Alwernia (pow. chrzanowski, woj. małopolskie) | BX12: 0 | BY12: =IFERROR(VLOOKUP(ROWS($BW$4:BW12),$BV$4:$BW$2337,2,0),"") -> Alwernia (pow. chrzanowski, woj. małopolskie) | BZ12: 0 | CA12: =IF(ISNUMBER(SEARCH('ankieta ESG'!$G$188,CB12)),MAX($CA$3:CA11)+1,0) -> 9 | CB12: Alwernia (pow. chrzanowski, woj. małopolskie) | CC12: 0 | CD12: =IFERROR(VLOOKUP(ROWS($CB$4:CB12),$CA$4:$CB$2337,2,0),"") -> Alwernia (pow. chrzanowski, woj. małopolskie) | CE12: 0 | CF12: =IF(ISNUMBER(SEARCH('ankieta ESG'!$G$189,CG12)),MAX($CF$3:CF11)+1,0) -> 9 | CG12: Alwernia (pow. chrzanowski, woj. małopolskie) | CH12: 0 | CI12: =IFERROR(VLOOKUP(ROWS($CG$4:CG12),$CF$4:$CG$2337,2,0),"") -> Alwernia (pow. chrzanowski, woj. małopolskie) | CJ12: 0
B13: =IF(ISNUMBER(SEARCH('ankieta ESG'!$E$11,C13)),MAX(B$3:$B12)+1,0) -> 10 | C13: 01.23.Z Uprawa drzew i krzewów owocowych cytrusowych (PKD 2007) | D13: 0 | E13: =IFERROR(VLOOKUP(ROWS($C$4:C13),$B$4:$C$1385,2,0),"") -> 01.23.Z Uprawa drzew i krzewów owocowych cytrusowych (PKD 2007) | F13: 0 | AM13: =IF(ISNUMBER(SEARCH('ankieta ESG'!$G$180,AN13)),MAX(AM$3:$AM12)+1,0) -> 10 | AN13: Andrespol (pow. łódzki wschodni, woj. łódzkie) | AO13: 0 | AP13: =IFERROR(VLOOKUP(ROWS($AN$4:AN13),$AM$4:$AN$2337,2,0),"") -> Andrespol (pow. łódzki wschodni, woj. łódzkie) | AQ13: 0 | AR13: =IF(ISNUMBER(SEARCH('ankieta ESG'!$G$181,AS13)),MAX($AR$3:AR12)+1,0) -> 10 | AS13: Andrespol (pow. łódzki wschodni, woj. łódzkie) | AT13: 0 | AU13: =IFERROR(VLOOKUP(ROWS($AS$4:AS13),$AR$4:$AS$2337,2,0),"") -> Andrespol (pow. łódzki wschodni, woj. łódzkie) | AV13: 0 | AW13: =IF(ISNUMBER(SEARCH('ankieta ESG'!$G$182,AX13)),MAX($AW$3:AW12)+1,0) -> 10 | AX13: Andrespol (pow. łódzki wschodni, woj. łódzkie) | AY13: 0 | AZ13: =IFERROR(VLOOKUP(ROWS($AX$4:AX13),$AW$4:$AX$2337,2,0),"") -> Andrespol (pow. łódzki wschodni, woj. łódzkie) | BA13: 0 | BB13: =IF(ISNUMBER(SEARCH('ankieta ESG'!$G$183,BC13)),MAX($BB$3:BB12)+1,0) -> 10 | BC13: Andrespol (pow. łódzki wschodni, woj. łódzkie) | BD13: 0 | BE13: =IFERROR(VLOOKUP(ROWS($BC$4:BC13),$BB$4:$BC$2337,2,0),"") -> Andrespol (pow. łódzki wschodni, woj. łódzkie) | BF13: 0 | BG13: =IF(ISNUMBER(SEARCH('ankieta ESG'!$G$184,BH13)),MAX($BG$3:BG12)+1,0) -> 10 | BH13: Andrespol (pow. łódzki wschodni, woj. łódzkie) | BI13: 0 | BJ13: =IFERROR(VLOOKUP(ROWS($BH$4:BH13),$BG$4:$BH$2337,2,0),"") -> Andrespol (pow. łódzki wschodni, woj. łódzkie) | BK13: 0 | BL13: =IF(ISNUMBER(SEARCH('ankieta ESG'!$G$185,BM13)),MAX($BL$3:BL12)+1,0) -> 10 | BM13: Andrespol (pow. łódzki wschodni, woj. łódzkie) | BN13: 0 | BO13: =IFERROR(VLOOKUP(ROWS($BM$4:BM13),$BL$4:$BM$2337,2,0),"") -> Andrespol (pow. łódzki wschodni, woj. łódzkie) | BP13: 0 | BQ13: =IF(ISNUMBER(SEARCH('ankieta ESG'!$G$186,BR13)),MAX($BQ$3:BQ12)+1,0) -> 10 | BR13: Andrespol (pow. łódzki wschodni, woj. łódzkie) | BS13: 0 | BT13: =IFERROR(VLOOKUP(ROWS($BR$4:BR13),$BQ$4:$BR$2337,2,0),"") -> Andrespol (pow. łódzki wschodni, woj. łódzkie) | BU13: 0 | BV13: =IF(ISNUMBER(SEARCH('ankieta ESG'!$G$187,BW13)),MAX($BV$3:BV12)+1,0) -> 10 | BW13: Andrespol (pow. łódzki wschodni, woj. łódzkie) | BX13: 0 | BY13: =IFERROR(VLOOKUP(ROWS($BW$4:BW13),$BV$4:$BW$2337,2,0),"") -> Andrespol (pow. łódzki wschodni, woj. łódzkie) | BZ13: 0 | CA13: =IF(ISNUMBER(SEARCH('ankieta ESG'!$G$188,CB13)),MAX($CA$3:CA12)+1,0) -> 10 | CB13: Andrespol (pow. łódzki wschodni, woj. łódzkie) | CC13: 0 | CD13: =IFERROR(VLOOKUP(ROWS($CB$4:CB13),$CA$4:$CB$2337,2,0),"") -> Andrespol (pow. łódzki wschodni, woj. łódzkie) | CE13: 0 | CF13: =IF(ISNUMBER(SEARCH('ankieta ESG'!$G$189,CG13)),MAX($CF$3:CF12)+1,0) -> 10 | CG13: Andrespol (pow. łódzki wschodni, woj. łódzkie) | CH13: 0 | CI13: =IFERROR(VLOOKUP(ROWS($CG$4:CG13),$CF$4:$CG$2337,2,0),"") -> Andrespol (pow. łódzki wschodni, woj. łódzkie) | CJ13: 0
B14: =IF(ISNUMBER(SEARCH('ankieta ESG'!$E$11,C14)),MAX(B$3:$B13)+1,0) -> 11 | C14: 01.24.Z Uprawa drzew i krzewów owocowych ziarnkowych i pestkowych (PKD 2007) | D14: 0 | E14: =IFERROR(VLOOKUP(ROWS($C$4:C14),$B$4:$C$1385,2,0),"") -> 01.24.Z Uprawa drzew i krzewów owocowych ziarnkowych i pestkowych (PKD 2007) | F14: 0 | AM14: =IF(ISNUMBER(SEARCH('ankieta ESG'!$G$180,AN14)),MAX(AM$3:$AM13)+1,0) -> 11 | AN14: Andrychów (pow. wadowicki, woj. małopolskie) | AO14: 0 | AP14: =IFERROR(VLOOKUP(ROWS($AN$4:AN14),$AM$4:$AN$2337,2,0),"") -> Andrychów (pow. wadowicki, woj. małopolskie) | AQ14: 0 | AR14: =IF(ISNUMBER(SEARCH('ankieta ESG'!$G$181,AS14)),MAX($AR$3:AR13)+1,0) -> 11 | AS14: Andrychów (pow. wadowicki, woj. małopolskie) | AT14: 0 | AU14: =IFERROR(VLOOKUP(ROWS($AS$4:AS14),$AR$4:$AS$2337,2,0),"") -> Andrychów (pow. wadowicki, woj. małopolskie) | AV14: 0 | AW14: =IF(ISNUMBER(SEARCH('ankieta ESG'!$G$182,AX14)),MAX($AW$3:AW13)+1,0) -> 11 | AX14: Andrychów (pow. wadowicki, woj. małopolskie) | AY14: 0 | AZ14: =IFERROR(VLOOKUP(ROWS($AX$4:AX14),$AW$4:$AX$2337,2,0),"") -> Andrychów (pow. wadowicki, woj. małopolskie) | BA14: 0 | BB14: =IF(ISNUMBER(SEARCH('ankieta ESG'!$G$183,BC14)),MAX($BB$3:BB13)+1,0) -> 11 | BC14: Andrychów (pow. wadowicki, woj. małopolskie) | BD14: 0 | BE14: =IFERROR(VLOOKUP(ROWS($BC$4:BC14),$BB$4:$BC$2337,2,0),"") -> Andrychów (pow. wadowicki, woj. małopolskie) | BF14: 0 | BG14: =IF(ISNUMBER(SEARCH('ankieta ESG'!$G$184,BH14)),MAX($BG$3:BG13)+1,0) -> 11 | BH14: Andrychów (pow. wadowicki, woj. małopolskie) | BI14: 0 | BJ14: =IFERROR(VLOOKUP(ROWS($BH$4:BH14),$BG$4:$BH$2337,2,0),"") -> Andrychów (pow. wadowicki, woj. małopolskie) | BK14: 0 | BL14: =IF(ISNUMBER(SEARCH('ankieta ESG'!$G$185,BM14)),MAX($BL$3:BL13)+1,0) -> 11 | BM14: Andrychów (pow. wadowicki, woj. małopolskie) | BN14: 0 | BO14: =IFERROR(VLOOKUP(ROWS($BM$4:BM14),$BL$4:$BM$2337,2,0),"") -> Andrychów (pow. wadowicki, woj. małopolskie) | BP14: 0 | BQ14: =IF(ISNUMBER(SEARCH('ankieta ESG'!$G$186,BR14)),MAX($BQ$3:BQ13)+1,0) -> 11 | BR14: Andrychów (pow. wadowicki, woj. małopolskie) | BS14: 0 | BT14: =IFERROR(VLOOKUP(ROWS($BR$4:BR14),$BQ$4:$BR$2337,2,0),"") -> Andrychów (pow. wadowicki, woj. małopolskie) | BU14: 0 | BV14: =IF(ISNUMBER(SEARCH('ankieta ESG'!$G$187,BW14)),MAX($BV$3:BV13)+1,0) -> 11 | BW14: Andrychów (pow. wadowicki, woj. małopolskie) | BX14: 0 | BY14: =IFERROR(VLOOKUP(ROWS($BW$4:BW14),$BV$4:$BW$2337,2,0),"") -> Andrychów (pow. wadowicki, woj. małopolskie) | BZ14: 0 | CA14: =IF(ISNUMBER(SEARCH('ankieta ESG'!$G$188,CB14)),MAX($CA$3:CA13)+1,0) -> 11 | CB14: Andrychów (pow. wadowicki, woj. małopolskie) | CC14: 0 | CD14: =IFERROR(VLOOKUP(ROWS($CB$4:CB14),$CA$4:$CB$2337,2,0),"") -> Andrychów (pow. wadowicki, woj. małopolskie) | CE14: 0 | CF14: =IF(ISNUMBER(SEARCH('ankieta ESG'!$G$189,CG14)),MAX($CF$3:CF13)+1,0) -> 11 | CG14: Andrychów (pow. wadowicki, woj. małopolskie) | CH14: 0 | CI14: =IFERROR(VLOOKUP(ROWS($CG$4:CG14),$CF$4:$CG$2337,2,0),"") -> Andrychów (pow. wadowicki, woj. małopolskie) | CJ14: 0
B15: =IF(ISNUMBER(SEARCH('ankieta ESG'!$E$11,C15)),MAX(B$3:$B14)+1,0) -> 12 | C15: 01.25.Z Uprawa pozostałych drzew i krzewów owocowych oraz orzechów (PKD 2007) | D15: 0 | E15: =IFERROR(VLOOKUP(ROWS($C$4:C15),$B$4:$C$1385,2,0),"") -> 01.25.Z Uprawa pozostałych drzew i krzewów owocowych oraz orzechów (PKD 2007) | F15: 0 | AM15: =IF(ISNUMBER(SEARCH('ankieta ESG'!$G$180,AN15)),MAX(AM$3:$AM14)+1,0) -> 12 | AN15: Andrzejewo (pow. ostrowski, woj. mazowieckie) | AO15: 0 | AP15: =IFERROR(VLOOKUP(ROWS($AN$4:AN15),$AM$4:$AN$2337,2,0),"") -> Andrzejewo (pow. ostrowski, woj. mazowieckie) | AQ15: 0 | AR15: =IF(ISNUMBER(SEARCH('ankieta ESG'!$G$181,AS15)),MAX($AR$3:AR14)+1,0) -> 12 | AS15: Andrzejewo (pow. ostrowski, woj. mazowieckie) | AT15: 0 | AU15: =IFERROR(VLOOKUP(ROWS($AS$4:AS15),$AR$4:$AS$2337,2,0),"") -> Andrzejewo (pow. ostrowski, woj. mazowieckie) | AV15: 0 | AW15: =IF(ISNUMBER(SEARCH('ankieta ESG'!$G$182,AX15)),MAX($AW$3:AW14)+1,0) -> 12 | AX15: Andrzejewo (pow. ostrowski, woj. mazowieckie) | AY15: 0 | AZ15: =IFERROR(VLOOKUP(ROWS($AX$4:AX15),$AW$4:$AX$2337,2,0),"") -> Andrzejewo (pow. ostrowski, woj. mazowieckie) | BA15: 0 | BB15: =IF(ISNUMBER(SEARCH('ankieta ESG'!$G$183,BC15)),MAX($BB$3:BB14)+1,0) -> 12 | BC15: Andrzejewo (pow. ostrowski, woj. mazowieckie) | BD15: 0 | BE15: =IFERROR(VLOOKUP(ROWS($BC$4:BC15),$BB$4:$BC$2337,2,0),"") -> Andrzejewo (pow. ostrowski, woj. mazowieckie) | BF15: 0 | BG15: =IF(ISNUMBER(SEARCH('ankieta ESG'!$G$184,BH15)),MAX($BG$3:BG14)+1,0) -> 12 | BH15: Andrzejewo (pow. ostrowski, woj. mazowieckie) | BI15: 0 | BJ15: =IFERROR(VLOOKUP(ROWS($BH$4:BH15),$BG$4:$BH$2337,2,0),"") -> Andrzejewo (pow. ostrowski, woj. mazowieckie) | BK15: 0 | BL15: =IF(ISNUMBER(SEARCH('ankieta ESG'!$G$185,BM15)),MAX($BL$3:BL14)+1,0) -> 12 | BM15: Andrzejewo (pow. ostrowski, woj. mazowieckie) | BN15: 0 | BO15: =IFERROR(VLOOKUP(ROWS($BM$4:BM15),$BL$4:$BM$2337,2,0),"") -> Andrzejewo (pow. ostrowski, woj. mazowieckie) | BP15: 0 | BQ15: =IF(ISNUMBER(SEARCH('ankieta ESG'!$G$186,BR15)),MAX($BQ$3:BQ14)+1,0) -> 12 | BR15: Andrzejewo (pow. ostrowski, woj. mazowieckie) | BS15: 0 | BT15: =IFERROR(VLOOKUP(ROWS($BR$4:BR15),$BQ$4:$BR$2337,2,0),"") -> Andrzejewo (pow. ostrowski, woj. mazowieckie) | BU15: 0 | BV15: =IF(ISNUMBER(SEARCH('ankieta ESG'!$G$187,BW15)),MAX($BV$3:BV14)+1,0) -> 12 | BW15: Andrzejewo (pow. ostrowski, woj. mazowieckie) | BX15: 0 | BY15: =IFERROR(VLOOKUP(ROWS($BW$4:BW15),$BV$4:$BW$2337,2,0),"") -> Andrzejewo (pow. ostrowski, woj. mazowieckie) | BZ15: 0 | CA15: =IF(ISNUMBER(SEARCH('ankieta ESG'!$G$188,CB15)),MAX($CA$3:CA14)+1,0) -> 12 | CB15: Andrzejewo (pow. ostrowski, woj. mazowieckie) | CC15: 0 | CD15: =IFERROR(VLOOKUP(ROWS($CB$4:CB15),$CA$4:$CB$2337,2,0),"") -> Andrzejewo (pow. ostrowski, woj. mazowieckie) | CE15: 0 | CF15: =IF(ISNUMBER(SEARCH('ankieta ESG'!$G$189,CG15)),MAX($CF$3:CF14)+1,0) -> 12 | CG15: Andrzejewo (pow. ostrowski, woj. mazowieckie) | CH15: 0 | CI15: =IFERROR(VLOOKUP(ROWS($CG$4:CG15),$CF$4:$CG$2337,2,0),"") -> Andrzejewo (pow. ostrowski, woj. mazowieckie) | CJ15: 0
B16: =IF(ISNUMBER(SEARCH('ankieta ESG'!$E$11,C16)),MAX(B$3:$B15)+1,0) -> 13 | C16: 01.26.Z Uprawa drzew oleistych (PKD 2007) | D16: 0 | E16: =IFERROR(VLOOKUP(ROWS($C$4:C16),$B$4:$C$1385,2,0),"") -> 01.26.Z Uprawa drzew oleistych (PKD 2007) | F16: 0 | AM16: =IF(ISNUMBER(SEARCH('ankieta ESG'!$G$180,AN16)),MAX(AM$3:$AM15)+1,0) -> 13 | AN16: Annopol (pow. kraśnicki, woj. lubelskie) | AO16: 0 | AP16: =IFERROR(VLOOKUP(ROWS($AN$4:AN16),$AM$4:$AN$2337,2,0),"") -> Annopol (pow. kraśnicki, woj. lubelskie) | AQ16: 0 | AR16: =IF(ISNUMBER(SEARCH('ankieta ESG'!$G$181,AS16)),MAX($AR$3:AR15)+1,0) -> 13 | AS16: Annopol (pow. kraśnicki, woj. lubelskie) | AT16: 0 | AU16: =IFERROR(VLOOKUP(ROWS($AS$4:AS16),$AR$4:$AS$2337,2,0),"") -> Annopol (pow. kraśnicki, woj. lubelskie) | AV16: 0 | AW16: =IF(ISNUMBER(SEARCH('ankieta ESG'!$G$182,AX16)),MAX($AW$3:AW15)+1,0) -> 13 | AX16: Annopol (pow. kraśnicki, woj. lubelskie) | AY16: 0 | AZ16: =IFERROR(VLOOKUP(ROWS($AX$4:AX16),$AW$4:$AX$2337,2,0),"") -> Annopol (pow. kraśnicki, woj. lubelskie) | BA16: 0 | BB16: =IF(ISNUMBER(SEARCH('ankieta ESG'!$G$183,BC16)),MAX($BB$3:BB15)+1,0) -> 13 | BC16: Annopol (pow. kraśnicki, woj. lubelskie) | BD16: 0 | BE16: =IFERROR(VLOOKUP(ROWS($BC$4:BC16),$BB$4:$BC$2337,2,0),"") -> Annopol (pow. kraśnicki, woj. lubelskie) | BF16: 0 | BG16: =IF(ISNUMBER(SEARCH('ankieta ESG'!$G$184,BH16)),MAX($BG$3:BG15)+1,0) -> 13 | BH16: Annopol (pow. kraśnicki, woj. lubelskie) | BI16: 0 | BJ16: =IFERROR(VLOOKUP(ROWS($BH$4:BH16),$BG$4:$BH$2337,2,0),"") -> Annopol (pow. kraśnicki, woj. lubelskie) | BK16: 0 | BL16: =IF(ISNUMBER(SEARCH('ankieta ESG'!$G$185,BM16)),MAX($BL$3:BL15)+1,0) -> 13 | BM16: Annopol (pow. kraśnicki, woj. lubelskie) | BN16: 0 | BO16: =IFERROR(VLOOKUP(ROWS($BM$4:BM16),$BL$4:$BM$2337,2,0),"") -> Annopol (pow. kraśnicki, woj. lubelskie) | BP16: 0 | BQ16: =IF(ISNUMBER(SEARCH('ankieta ESG'!$G$186,BR16)),MAX($BQ$3:BQ15)+1,0) -> 13 | BR16: Annopol (pow. kraśnicki, woj. lubelskie) | BS16: 0 | BT16: =IFERROR(VLOOKUP(ROWS($BR$4:BR16),$BQ$4:$BR$2337,2,0),"") -> Annopol (pow. kraśnicki, woj. lubelskie) | BU16: 0 | BV16: =IF(ISNUMBER(SEARCH('ankieta ESG'!$G$187,BW16)),MAX($BV$3:BV15)+1,0) -> 13 | BW16: Annopol (pow. kraśnicki, woj. lubelskie) | BX16: 0 | BY16: =IFERROR(VLOOKUP(ROWS($BW$4:BW16),$BV$4:$BW$2337,2,0),"") -> Annopol (pow. kraśnicki, woj. lubelskie) | BZ16: 0 | CA16: =IF(ISNUMBER(SEARCH('ankieta ESG'!$G$188,CB16)),MAX($CA$3:CA15)+1,0) -> 13 | CB16: Annopol (pow. kraśnicki, woj. lubelskie) | CC16: 0 | CD16: =IFERROR(VLOOKUP(ROWS($CB$4:CB16),$CA$4:$CB$2337,2,0),"") -> Annopol (pow. kraśnicki, woj. lubelskie) | CE16: 0 | CF16: =IF(ISNUMBER(SEARCH('ankieta ESG'!$G$189,CG16)),MAX($CF$3:CF15)+1,0) -> 13 | CG16: Annopol (pow. kraśnicki, woj. lubelskie) | CH16: 0 | CI16: =IFERROR(VLOOKUP(ROWS($CG$4:CG16),$CF$4:$CG$2337,2,0),"") -> Annopol (pow. kraśnicki, woj. lubelskie) | CJ16: 0
B17: =IF(ISNUMBER(SEARCH('ankieta ESG'!$E$11,C17)),MAX(B$3:$B16)+1,0) -> 14 | C17: 01.27.Z Uprawa roślin wykorzystywanych do produkcji napojów (PKD 2007) | D17: 0 | E17: =IFERROR(VLOOKUP(ROWS($C$4:C17),$B$4:$C$1385,2,0),"") -> 01.27.Z Uprawa roślin wykorzystywanych do produkcji napojów (PKD 2007) | F17: 0 | AM17: =IF(ISNUMBER(SEARCH('ankieta ESG'!$G$180,AN17)),MAX(AM$3:$AM16)+1,0) -> 14 | AN17: Augustów (pow. augustowski, woj. podlaskie) | AO17: 0 | AP17: =IFERROR(VLOOKUP(ROWS($AN$4:AN17),$AM$4:$AN$2337,2,0),"") -> Augustów (pow. augustowski, woj. podlaskie) | AQ17: 0 | AR17: =IF(ISNUMBER(SEARCH('ankieta ESG'!$G$181,AS17)),MAX($AR$3:AR16)+1,0) -> 14 | AS17: Augustów (pow. augustowski, woj. podlaskie) | AT17: 0 | AU17: =IFERROR(VLOOKUP(ROWS($AS$4:AS17),$AR$4:$AS$2337,2,0),"") -> Augustów (pow. augustowski, woj. podlaskie) | AV17: 0 | AW17: =IF(ISNUMBER(SEARCH('ankieta ESG'!$G$182,AX17)),MAX($AW$3:AW16)+1,0) -> 14 | AX17: Augustów (pow. augustowski, woj. podlaskie) | AY17: 0 | AZ17: =IFERROR(VLOOKUP(ROWS($AX$4:AX17),$AW$4:$AX$2337,2,0),"") -> Augustów (pow. augustowski, woj. podlaskie) | BA17: 0 | BB17: =IF(ISNUMBER(SEARCH('ankieta ESG'!$G$183,BC17)),MAX($BB$3:BB16)+1,0) -> 14 | BC17: Augustów (pow. augustowski, woj. podlaskie) | BD17: 0 | BE17: =IFERROR(VLOOKUP(ROWS($BC$4:BC17),$BB$4:$BC$2337,2,0),"") -> Augustów (pow. augustowski, woj. podlaskie) | BF17: 0 | BG17: =IF(ISNUMBER(SEARCH('ankieta ESG'!$G$184,BH17)),MAX($BG$3:BG16)+1,0) -> 14 | BH17: Augustów (pow. augustowski, woj. podlaskie) | BI17: 0 | BJ17: =IFERROR(VLOOKUP(ROWS($BH$4:BH17),$BG$4:$BH$2337,2,0),"") -> Augustów (pow. augustowski, woj. podlaskie) | BK17: 0 | BL17: =IF(ISNUMBER(SEARCH('ankieta ESG'!$G$185,BM17)),MAX($BL$3:BL16)+1,0) -> 14 | BM17: Augustów (pow. augustowski, woj. podlaskie) | BN17: 0 | BO17: =IFERROR(VLOOKUP(ROWS($BM$4:BM17),$BL$4:$BM$2337,2,0),"") -> Augustów (pow. augustowski, woj. podlaskie) | BP17: 0 | BQ17: =IF(ISNUMBER(SEARCH('ankieta ESG'!$G$186,BR17)),MAX($BQ$3:BQ16)+1,0) -> 14 | BR17: Augustów (pow. augustowski, woj. podlaskie) | BS17: 0 | BT17: =IFERROR(VLOOKUP(ROWS($BR$4:BR17),$BQ$4:$BR$2337,2,0),"") -> Augustów (pow. augustowski, woj. podlaskie) | BU17: 0 | BV17: =IF(ISNUMBER(SEARCH('ankieta ESG'!$G$187,BW17)),MAX($BV$3:BV16)+1,0) -> 14 | BW17: Augustów (pow. augustowski, woj. podlaskie) | BX17: 0 | BY17: =IFERROR(VLOOKUP(ROWS($BW$4:BW17),$BV$4:$BW$2337,2,0),"") -> Augustów (pow. augustowski, woj. podlaskie) | BZ17: 0 | CA17: =IF(ISNUMBER(SEARCH('ankieta ESG'!$G$188,CB17)),MAX($CA$3:CA16)+1,0) -> 14 | CB17: Augustów (pow. augustowski, woj. podlaskie) | CC17: 0 | CD17: =IFERROR(VLOOKUP(ROWS($CB$4:CB17),$CA$4:$CB$2337,2,0),"") -> Augustów (pow. augustowski, woj. podlaskie) | CE17: 0 | CF17: =IF(ISNUMBER(SEARCH('ankieta ESG'!$G$189,CG17)),MAX($CF$3:CF16)+1,0) -> 14 | CG17: Augustów (pow. augustowski, woj. podlaskie) | CH17: 0 | CI17: =IFERROR(VLOOKUP(ROWS($CG$4:CG17),$CF$4:$CG$2337,2,0),"") -> Augustów (pow. augustowski, woj. podlaskie) | CJ17: 0
B18: =IF(ISNUMBER(SEARCH('ankieta ESG'!$E$11,C18)),MAX(B$3:$B17)+1,0) -> 15 | C18: 01.28.Z Uprawa roślin przyprawowych i aromatycznych oraz roślin wykorzystywanych do produkcji leków i wyrobów farmaceutycznych (PKD 2007) | D18: 0 | E18: =IFERROR(VLOOKUP(ROWS($C$4:C18),$B$4:$C$1385,2,0),"") -> 01.28.Z Uprawa roślin przyprawowych i aromatycznych oraz roślin wykorzystywanych do produkcji leków i wyrobów farmaceutycznych (PKD 2007) | F18: 0 | AM18: =IF(ISNUMBER(SEARCH('ankieta ESG'!$G$180,AN18)),MAX(AM$3:$AM17)+1,0) -> 15 | AN18: Babiak (pow. kolski, woj. wielkopolskie) | AO18: 0 | AP18: =IFERROR(VLOOKUP(ROWS($AN$4:AN18),$AM$4:$AN$2337,2,0),"") -> Babiak (pow. kolski, woj. wielkopolskie) | AQ18: 0 | AR18: =IF(ISNUMBER(SEARCH('ankieta ESG'!$G$181,AS18)),MAX($AR$3:AR17)+1,0) -> 15 | AS18: Babiak (pow. kolski, woj. wielkopolskie) | AT18: 0 | AU18: =IFERROR(VLOOKUP(ROWS($AS$4:AS18),$AR$4:$AS$2337,2,0),"") -> Babiak (pow. kolski, woj. wielkopolskie) | AV18: 0 | AW18: =IF(ISNUMBER(SEARCH('ankieta ESG'!$G$182,AX18)),MAX($AW$3:AW17)+1,0) -> 15 | AX18: Babiak (pow. kolski, woj. wielkopolskie) | AY18: 0 | AZ18: =IFERROR(VLOOKUP(ROWS($AX$4:AX18),$AW$4:$AX$2337,2,0),"") -> Babiak (pow. kolski, woj. wielkopolskie) | BA18: 0 | BB18: =IF(ISNUMBER(SEARCH('ankieta ESG'!$G$183,BC18)),MAX($BB$3:BB17)+1,0) -> 15 | BC18: Babiak (pow. kolski, woj. wielkopolskie) | BD18: 0 | BE18: =IFERROR(VLOOKUP(ROWS($BC$4:BC18),$BB$4:$BC$2337,2,0),"") -> Babiak (pow. kolski, woj. wielkopolskie) | BF18: 0 | BG18: =IF(ISNUMBER(SEARCH('ankieta ESG'!$G$184,BH18)),MAX($BG$3:BG17)+1,0) -> 15 | BH18: Babiak (pow. kolski, woj. wielkopolskie) | BI18: 0 | BJ18: =IFERROR(VLOOKUP(ROWS($BH$4:BH18),$BG$4:$BH$2337,2,0),"") -> Babiak (pow. kolski, woj. wielkopolskie) | BK18: 0 | BL18: =IF(ISNUMBER(SEARCH('ankieta ESG'!$G$185,BM18)),MAX($BL$3:BL17)+1,0) -> 15 | BM18: Babiak (pow. kolski, woj. wielkopolskie) | BN18: 0 | BO18: =IFERROR(VLOOKUP(ROWS($BM$4:BM18),$BL$4:$BM$2337,2,0),"") -> Babiak (pow. kolski, woj. wielkopolskie) | BP18: 0 | BQ18: =IF(ISNUMBER(SEARCH('ankieta ESG'!$G$186,BR18)),MAX($BQ$3:BQ17)+1,0) -> 15 | BR18: Babiak (pow. kolski, woj. wielkopolskie) | BS18: 0 | BT18: =IFERROR(VLOOKUP(ROWS($BR$4:BR18),$BQ$4:$BR$2337,2,0),"") -> Babiak (pow. kolski, woj. wielkopolskie) | BU18: 0 | BV18: =IF(ISNUMBER(SEARCH('ankieta ESG'!$G$187,BW18)),MAX($BV$3:BV17)+1,0) -> 15 | BW18: Babiak (pow. kolski, woj. wielkopolskie) | BX18: 0 | BY18: =IFERROR(VLOOKUP(ROWS($BW$4:BW18),$BV$4:$BW$2337,2,0),"") -> Babiak (pow. kolski, woj. wielkopolskie) | BZ18: 0 | CA18: =IF(ISNUMBER(SEARCH('ankieta ESG'!$G$188,CB18)),MAX($CA$3:CA17)+1,0) -> 15 | CB18: Babiak (pow. kolski, woj. wielkopolskie) | CC18: 0 | CD18: =IFERROR(VLOOKUP(ROWS($CB$4:CB18),$CA$4:$CB$2337,2,0),"") -> Babiak (pow. kolski, woj. wielkopolskie) | CE18: 0 | CF18: =IF(ISNUMBER(SEARCH('ankieta ESG'!$G$189,CG18)),MAX($CF$3:CF17)+1,0) -> 15 | CG18: Babiak (pow. kolski, woj. wielkopolskie) | CH18: 0 | CI18: =IFERROR(VLOOKUP(ROWS($CG$4:CG18),$CF$4:$CG$2337,2,0),"") -> Babiak (pow. kolski, woj. wielkopolskie) | CJ18: 0
B19: =IF(ISNUMBER(SEARCH('ankieta ESG'!$E$11,C19)),MAX(B$3:$B18)+1,0) -> 16 | C19: 01.29.Z Uprawa pozostałych roślin wieloletnich (PKD 2007) | D19: 0 | E19: =IFERROR(VLOOKUP(ROWS($C$4:C19),$B$4:$C$1385,2,0),"") -> 01.29.Z Uprawa pozostałych roślin wieloletnich (PKD 2007) | F19: 0 | AM19: =IF(ISNUMBER(SEARCH('ankieta ESG'!$G$180,AN19)),MAX(AM$3:$AM18)+1,0) -> 16 | AN19: Babice (pow. chrzanowski, woj. małopolskie) | AO19: 0 | AP19: =IFERROR(VLOOKUP(ROWS($AN$4:AN19),$AM$4:$AN$2337,2,0),"") -> Babice (pow. chrzanowski, woj. małopolskie) | AQ19: 0 | AR19: =IF(ISNUMBER(SEARCH('ankieta ESG'!$G$181,AS19)),MAX($AR$3:AR18)+1,0) -> 16 | AS19: Babice (pow. chrzanowski, woj. małopolskie) | AT19: 0 | AU19: =IFERROR(VLOOKUP(ROWS($AS$4:AS19),$AR$4:$AS$2337,2,0),"") -> Babice (pow. chrzanowski, woj. małopolskie) | AV19: 0 | AW19: =IF(ISNUMBER(SEARCH('ankieta ESG'!$G$182,AX19)),MAX($AW$3:AW18)+1,0) -> 16 | AX19: Babice (pow. chrzanowski, woj. małopolskie) | AY19: 0 | AZ19: =IFERROR(VLOOKUP(ROWS($AX$4:AX19),$AW$4:$AX$2337,2,0),"") -> Babice (pow. chrzanowski, woj. małopolskie) | BA19: 0 | BB19: =IF(ISNUMBER(SEARCH('ankieta ESG'!$G$183,BC19)),MAX($BB$3:BB18)+1,0) -> 16 | BC19: Babice (pow. chrzanowski, woj. małopolskie) | BD19: 0 | BE19: =IFERROR(VLOOKUP(ROWS($BC$4:BC19),$BB$4:$BC$2337,2,0),"") -> Babice (pow. chrzanowski, woj. małopolskie) | BF19: 0 | BG19: =IF(ISNUMBER(SEARCH('ankieta ESG'!$G$184,BH19)),MAX($BG$3:BG18)+1,0) -> 16 | BH19: Babice (pow. chrzanowski, woj. małopolskie) | BI19: 0 | BJ19: =IFERROR(VLOOKUP(ROWS($BH$4:BH19),$BG$4:$BH$2337,2,0),"") -> Babice (pow. chrzanowski, woj. małopolskie) | BK19: 0 | BL19: =IF(ISNUMBER(SEARCH('ankieta ESG'!$G$185,BM19)),MAX($BL$3:BL18)+1,0) -> 16 | BM19: Babice (pow. chrzanowski, woj. małopolskie) | BN19: 0 | BO19: =IFERROR(VLOOKUP(ROWS($BM$4:BM19),$BL$4:$BM$2337,2,0),"") -> Babice (pow. chrzanowski, woj. małopolskie) | BP19: 0 | BQ19: =IF(ISNUMBER(SEARCH('ankieta ESG'!$G$186,BR19)),MAX($BQ$3:BQ18)+1,0) -> 16 | BR19: Babice (pow. chrzanowski, woj. małopolskie) | BS19: 0 | BT19: =IFERROR(VLOOKUP(ROWS($BR$4:BR19),$BQ$4:$BR$2337,2,0),"") -> Babice (pow. chrzanowski, woj. małopolskie) | BU19: 0 | BV19: =IF(ISNUMBER(SEARCH('ankieta ESG'!$G$187,BW19)),MAX($BV$3:BV18)+1,0) -> 16 | BW19: Babice (pow. chrzanowski, woj. małopolskie) | BX19: 0 | BY19: =IFERROR(VLOOKUP(ROWS($BW$4:BW19),$BV$4:$BW$2337,2,0),"") -> Babice (pow. chrzanowski, woj. małopolskie) | BZ19: 0 | CA19: =IF(ISNUMBER(SEARCH('ankieta ESG'!$G$188,CB19)),MAX($CA$3:CA18)+1,0) -> 16 | CB19: Babice (pow. chrzanowski, woj. małopolskie) | CC19: 0 | CD19: =IFERROR(VLOOKUP(ROWS($CB$4:CB19),$CA$4:$CB$2337,2,0),"") -> Babice (pow. chrzanowski, woj. małopolskie) | CE19: 0 | CF19: =IF(ISNUMBER(SEARCH('ankieta ESG'!$G$189,CG19)),MAX($CF$3:CF18)+1,0) -> 16 | CG19: Babice (pow. chrzanowski, woj. małopolskie) | CH19: 0 | CI19: =IFERROR(VLOOKUP(ROWS($CG$4:CG19),$CF$4:$CG$2337,2,0),"") -> Babice (pow. chrzanowski, woj. małopolskie) | CJ19: 0
B20: =IF(ISNUMBER(SEARCH('ankieta ESG'!$E$11,C20)),MAX(B$3:$B19)+1,0) -> 17 | C20: 01.30.Z Rozmnażanie roślin (PKD 2007) | D20: 0 | E20: =IFERROR(VLOOKUP(ROWS($C$4:C20),$B$4:$C$1385,2,0),"") -> 01.30.Z Rozmnażanie roślin (PKD 2007) | F20: 0 | H20: jak pyt.31 nie to 33-38 | AM20: =IF(ISNUMBER(SEARCH('ankieta ESG'!$G$180,AN20)),MAX(AM$3:$AM19)+1,0) -> 17 | AN20: Babimost (pow. zielonogórski, woj. lubuskie) | AO20: 0 | AP20: =IFERROR(VLOOKUP(ROWS($AN$4:AN20),$AM$4:$AN$2337,2,0),"") -> Babimost (pow. zielonogórski, woj. lubuskie) | AQ20: 0 | AR20: =IF(ISNUMBER(SEARCH('ankieta ESG'!$G$181,AS20)),MAX($AR$3:AR19)+1,0) -> 17 | AS20: Babimost (pow. zielonogórski, woj. lubuskie) | AT20: 0 | AU20: =IFERROR(VLOOKUP(ROWS($AS$4:AS20),$AR$4:$AS$2337,2,0),"") -> Babimost (pow. zielonogórski, woj. lubuskie) | AV20: 0 | AW20: =IF(ISNUMBER(SEARCH('ankieta ESG'!$G$182,AX20)),MAX($AW$3:AW19)+1,0) -> 17 | AX20: Babimost (pow. zielonogórski, woj. lubuskie) | AY20: 0 | AZ20: =IFERROR(VLOOKUP(ROWS($AX$4:AX20),$AW$4:$AX$2337,2,0),"") -> Babimost (pow. zielonogórski, woj. lubuskie) | BA20: 0 | BB20: =IF(ISNUMBER(SEARCH('ankieta ESG'!$G$183,BC20)),MAX($BB$3:BB19)+1,0) -> 17 | BC20: Babimost (pow. zielonogórski, woj. lubuskie) | BD20: 0 | BE20: =IFERROR(VLOOKUP(ROWS($BC$4:BC20),$BB$4:$BC$2337,2,0),"") -> Babimost (pow. zielonogórski, woj. lubuskie) | BF20: 0 | BG20: =IF(ISNUMBER(SEARCH('ankieta ESG'!$G$184,BH20)),MAX($BG$3:BG19)+1,0) -> 17 | BH20: Babimost (pow. zielonogórski, woj. lubuskie) | BI20: 0 | BJ20: =IFERROR(VLOOKUP(ROWS($BH$4:BH20),$BG$4:$BH$2337,2,0),"") -> Babimost (pow. zielonogórski, woj. lubuskie) | BK20: 0 | BL20: =IF(ISNUMBER(SEARCH('ankieta ESG'!$G$185,BM20)),MAX($BL$3:BL19)+1,0) -> 17 | BM20: Babimost (pow. zielonogórski, woj. lubuskie) | BN20: 0 | BO20: =IFERROR(VLOOKUP(ROWS($BM$4:BM20),$BL$4:$BM$2337,2,0),"") -> Babimost (pow. zielonogórski, woj. lubuskie) | BP20: 0 | BQ20: =IF(ISNUMBER(SEARCH('ankieta ESG'!$G$186,BR20)),MAX($BQ$3:BQ19)+1,0) -> 17 | BR20: Babimost (pow. zielonogórski, woj. lubuskie) | BS20: 0 | BT20: =IFERROR(VLOOKUP(ROWS($BR$4:BR20),$BQ$4:$BR$2337,2,0),"") -> Babimost (pow. zielonogórski, woj. lubuskie) | BU20: 0 | BV20: =IF(ISNUMBER(SEARCH('ankieta ESG'!$G$187,BW20)),MAX($BV$3:BV19)+1,0) -> 17 | BW20: Babimost (pow. zielonogórski, woj. lubuskie) | BX20: 0 | BY20: =IFERROR(VLOOKUP(ROWS($BW$4:BW20),$BV$4:$BW$2337,2,0),"") -> Babimost (pow. zielonogórski, woj. lubuskie) | BZ20: 0 | CA20: =IF(ISNUMBER(SEARCH('ankieta ESG'!$G$188,CB20)),MAX($CA$3:CA19)+1,0) -> 17 | CB20: Babimost (pow. zielonogórski, woj. lubuskie) | CC20: 0 | CD20: =IFERROR(VLOOKUP(ROWS($CB$4:CB20),$CA$4:$CB$2337,2,0),"") -> Babimost (pow. zielonogórski, woj. lubuskie) | CE20: 0 | CF20: =IF(ISNUMBER(SEARCH('ankieta ESG'!$G$189,CG20)),MAX($CF$3:CF19)+1,0) -> 17 | CG20: Babimost (pow. zielonogórski, woj. lubuskie) | CH20: 0 | CI20: =IFERROR(VLOOKUP(ROWS($CG$4:CG20),$CF$4:$CG$2337,2,0),"") -> Babimost (pow. zielonogórski, woj. lubuskie) | CJ20: 0
B21: =IF(ISNUMBER(SEARCH('ankieta ESG'!$E$11,C21)),MAX(B$3:$B20)+1,0) -> 18 | C21: 01.41.Z Chów i hodowla bydła mlecznego (PKD 2007) | D21: 0 | E21: =IFERROR(VLOOKUP(ROWS($C$4:C21),$B$4:$C$1385,2,0),"") -> 01.41.Z Chów i hodowla bydła mlecznego (PKD 2007) | F21: 0 | H21: jak pyt.31 tak, a pyt.32 NIE to nie 33-38 | AM21: =IF(ISNUMBER(SEARCH('ankieta ESG'!$G$180,AN21)),MAX(AM$3:$AM20)+1,0) -> 18 | AN21: Baborów (pow. głubczycki, woj. opolskie) | AO21: 0 | AP21: =IFERROR(VLOOKUP(ROWS($AN$4:AN21),$AM$4:$AN$2337,2,0),"") -> Baborów (pow. głubczycki, woj. opolskie) | AQ21: 0 | AR21: =IF(ISNUMBER(SEARCH('ankieta ESG'!$G$181,AS21)),MAX($AR$3:AR20)+1,0) -> 18 | AS21: Baborów (pow. głubczycki, woj. opolskie) | AT21: 0 | AU21: =IFERROR(VLOOKUP(ROWS($AS$4:AS21),$AR$4:$AS$2337,2,0),"") -> Baborów (pow. głubczycki, woj. opolskie) | AV21: 0 | AW21: =IF(ISNUMBER(SEARCH('ankieta ESG'!$G$182,AX21)),MAX($AW$3:AW20)+1,0) -> 18 | AX21: Baborów (pow. głubczycki, woj. opolskie) | AY21: 0 | AZ21: =IFERROR(VLOOKUP(ROWS($AX$4:AX21),$AW$4:$AX$2337,2,0),"") -> Baborów (pow. głubczycki, woj. opolskie) | BA21: 0 | BB21: =IF(ISNUMBER(SEARCH('ankieta ESG'!$G$183,BC21)),MAX($BB$3:BB20)+1,0) -> 18 | BC21: Baborów (pow. głubczycki, woj. opolskie) | BD21: 0 | BE21: =IFERROR(VLOOKUP(ROWS($BC$4:BC21),$BB$4:$BC$2337,2,0),"") -> Baborów (pow. głubczycki, woj. opolskie) | BF21: 0 | BG21: =IF(ISNUMBER(SEARCH('ankieta ESG'!$G$184,BH21)),MAX($BG$3:BG20)+1,0) -> 18 | BH21: Baborów (pow. głubczycki, woj. opolskie) | BI21: 0 | BJ21: =IFERROR(VLOOKUP(ROWS($BH$4:BH21),$BG$4:$BH$2337,2,0),"") -> Baborów (pow. głubczycki, woj. opolskie) | BK21: 0 | BL21: =IF(ISNUMBER(SEARCH('ankieta ESG'!$G$185,BM21)),MAX($BL$3:BL20)+1,0) -> 18 | BM21: Baborów (pow. głubczycki, woj. opolskie) | BN21: 0 | BO21: =IFERROR(VLOOKUP(ROWS($BM$4:BM21),$BL$4:$BM$2337,2,0),"") -> Baborów (pow. głubczycki, woj. opolskie) | BP21: 0 | BQ21: =IF(ISNUMBER(SEARCH('ankieta ESG'!$G$186,BR21)),MAX($BQ$3:BQ20)+1,0) -> 18 | BR21: Baborów (pow. głubczycki, woj. opolskie) | BS21: 0 | BT21: =IFERROR(VLOOKUP(ROWS($BR$4:BR21),$BQ$4:$BR$2337,2,0),"") -> Baborów (pow. głubczycki, woj. opolskie) | BU21: 0 | BV21: =IF(ISNUMBER(SEARCH('ankieta ESG'!$G$187,BW21)),MAX($BV$3:BV20)+1,0) -> 18 | BW21: Baborów (pow. głubczycki, woj. opolskie) | BX21: 0 | BY21: =IFERROR(VLOOKUP(ROWS($BW$4:BW21),$BV$4:$BW$2337,2,0),"") -> Baborów (pow. głubczycki, woj. opolskie) | BZ21: 0 | CA21: =IF(ISNUMBER(SEARCH('ankieta ESG'!$G$188,CB21)),MAX($CA$3:CA20)+1,0) -> 18 | CB21: Baborów (pow. głubczycki, woj. opolskie) | CC21: 0 | CD21: =IFERROR(VLOOKUP(ROWS($CB$4:CB21),$CA$4:$CB$2337,2,0),"") -> Baborów (pow. głubczycki, woj. opolskie) | CE21: 0 | CF21: =IF(ISNUMBER(SEARCH('ankieta ESG'!$G$189,CG21)),MAX($CF$3:CF20)+1,0) -> 18 | CG21: Baborów (pow. głubczycki, woj. opolskie) | CH21: 0 | CI21: =IFERROR(VLOOKUP(ROWS($CG$4:CG21),$CF$4:$CG$2337,2,0),"") -> Baborów (pow. głubczycki, woj. opolskie) | CJ21: 0
B22: =IF(ISNUMBER(SEARCH('ankieta ESG'!$E$11,C22)),MAX(B$3:$B21)+1,0) -> 19 | C22: 01.42.Z Chów i hodowla pozostałego bydła i bawołów (PKD 2007) | D22: 0 | E22: =IFERROR(VLOOKUP(ROWS($C$4:C22),$B$4:$C$1385,2,0),"") -> 01.42.Z Chów i hodowla pozostałego bydła i bawołów (PKD 2007) | F22: 0 | H22: jak pyt.31 tak, a pyt.32 TAK(bez nie) to nie 33-38 | AM22: =IF(ISNUMBER(SEARCH('ankieta ESG'!$G$180,AN22)),MAX(AM$3:$AM21)+1,0) -> 19 | AN22: Baboszewo (pow. płoński, woj. mazowieckie) | AO22: 0 | AP22: =IFERROR(VLOOKUP(ROWS($AN$4:AN22),$AM$4:$AN$2337,2,0),"") -> Baboszewo (pow. płoński, woj. mazowieckie) | AQ22: 0 | AR22: =IF(ISNUMBER(SEARCH('ankieta ESG'!$G$181,AS22)),MAX($AR$3:AR21)+1,0) -> 19 | AS22: Baboszewo (pow. płoński, woj. mazowieckie) | AT22: 0 | AU22: =IFERROR(VLOOKUP(ROWS($AS$4:AS22),$AR$4:$AS$2337,2,0),"") -> Baboszewo (pow. płoński, woj. mazowieckie) | AV22: 0 | AW22: =IF(ISNUMBER(SEARCH('ankieta ESG'!$G$182,AX22)),MAX($AW$3:AW21)+1,0) -> 19 | AX22: Baboszewo (pow. płoński, woj. mazowieckie) | AY22: 0 | AZ22: =IFERROR(VLOOKUP(ROWS($AX$4:AX22),$AW$4:$AX$2337,2,0),"") -> Baboszewo (pow. płoński, woj. mazowieckie) | BA22: 0 | BB22: =IF(ISNUMBER(SEARCH('ankieta ESG'!$G$183,BC22)),MAX($BB$3:BB21)+1,0) -> 19 | BC22: Baboszewo (pow. płoński, woj. mazowieckie) | BD22: 0 | BE22: =IFERROR(VLOOKUP(ROWS($BC$4:BC22),$BB$4:$BC$2337,2,0),"") -> Baboszewo (pow. płoński, woj. mazowieckie) | BF22: 0 | BG22: =IF(ISNUMBER(SEARCH('ankieta ESG'!$G$184,BH22)),MAX($BG$3:BG21)+1,0) -> 19 | BH22: Baboszewo (pow. płoński, woj. mazowieckie) | BI22: 0 | BJ22: =IFERROR(VLOOKUP(ROWS($BH$4:BH22),$BG$4:$BH$2337,2,0),"") -> Baboszewo (pow. płoński, woj. mazowieckie) | BK22: 0 | BL22: =IF(ISNUMBER(SEARCH('ankieta ESG'!$G$185,BM22)),MAX($BL$3:BL21)+1,0) -> 19 | BM22: Baboszewo (pow. płoński, woj. mazowieckie) | BN22: 0 | BO22: =IFERROR(VLOOKUP(ROWS($BM$4:BM22),$BL$4:$BM$2337,2,0),"") -> Baboszewo (pow. płoński, woj. mazowieckie) | BP22: 0 | BQ22: =IF(ISNUMBER(SEARCH('ankieta ESG'!$G$186,BR22)),MAX($BQ$3:BQ21)+1,0) -> 19 | BR22: Baboszewo (pow. płoński, woj. mazowieckie) | BS22: 0 | BT22: =IFERROR(VLOOKUP(ROWS($BR$4:BR22),$BQ$4:$BR$2337,2,0),"") -> Baboszewo (pow. płoński, woj. mazowieckie) | BU22: 0 | BV22: =IF(ISNUMBER(SEARCH('ankieta ESG'!$G$187,BW22)),MAX($BV$3:BV21)+1,0) -> 19 | BW22: Baboszewo (pow. płoński, woj. mazowieckie) | BX22: 0 | BY22: =IFERROR(VLOOKUP(ROWS($BW$4:BW22),$BV$4:$BW$2337,2,0),"") -> Baboszewo (pow. płoński, woj. mazowieckie) | BZ22: 0 | CA22: =IF(ISNUMBER(SEARCH('ankieta ESG'!$G$188,CB22)),MAX($CA$3:CA21)+1,0) -> 19 | CB22: Baboszewo (pow. płoński, woj. mazowieckie) | CC22: 0 | CD22: =IFERROR(VLOOKUP(ROWS($CB$4:CB22),$CA$4:$CB$2337,2,0),"") -> Baboszewo (pow. płoński, woj. mazowieckie) | CE22: 0 | CF22: =IF(ISNUMBER(SEARCH('ankieta ESG'!$G$189,CG22)),MAX($CF$3:CF21)+1,0) -> 19 | CG22: Baboszewo (pow. płoński, woj. mazowieckie) | CH22: 0 | CI22: =IFERROR(VLOOKUP(ROWS($CG$4:CG22),$CF$4:$CG$2337,2,0),"") -> Baboszewo (pow. płoński, woj. mazowieckie) | CJ22: 0
B23: =IF(ISNUMBER(SEARCH('ankieta ESG'!$E$11,C23)),MAX(B$3:$B22)+1,0) -> 20 | C23: 01.43.Z Chów i hodowla koni i pozostałych zwierząt koniowatych (PKD 2007) | D23: 0 | E23: =IFERROR(VLOOKUP(ROWS($C$4:C23),$B$4:$C$1385,2,0),"") -> 01.43.Z Chów i hodowla koni i pozostałych zwierząt koniowatych (PKD 2007) | F23: 0 | H23: jak pyt.31 tak, a pyt.32 TAK(z nie) to tak 33-38 | AM23: =IF(ISNUMBER(SEARCH('ankieta ESG'!$G$180,AN23)),MAX(AM$3:$AM22)+1,0) -> 20 | AN23: Baćkowice (pow. opatowski, woj. świętokrzyskie) | AO23: 0 | AP23: =IFERROR(VLOOKUP(ROWS($AN$4:AN23),$AM$4:$AN$2337,2,0),"") -> Baćkowice (pow. opatowski, woj. świętokrzyskie) | AQ23: 0 | AR23: =IF(ISNUMBER(SEARCH('ankieta ESG'!$G$181,AS23)),MAX($AR$3:AR22)+1,0) -> 20 | AS23: Baćkowice (pow. opatowski, woj. świętokrzyskie) | AT23: 0 | AU23: =IFERROR(VLOOKUP(ROWS($AS$4:AS23),$AR$4:$AS$2337,2,0),"") -> Baćkowice (pow. opatowski, woj. świętokrzyskie) | AV23: 0 | AW23: =IF(ISNUMBER(SEARCH('ankieta ESG'!$G$182,AX23)),MAX($AW$3:AW22)+1,0) -> 20 | AX23: Baćkowice (pow. opatowski, woj. świętokrzyskie) | AY23: 0 | AZ23: =IFERROR(VLOOKUP(ROWS($AX$4:AX23),$AW$4:$AX$2337,2,0),"") -> Baćkowice (pow. opatowski, woj. świętokrzyskie) | BA23: 0 | BB23: =IF(ISNUMBER(SEARCH('ankieta ESG'!$G$183,BC23)),MAX($BB$3:BB22)+1,0) -> 20 | BC23: Baćkowice (pow. opatowski, woj. świętokrzyskie) | BD23: 0 | BE23: =IFERROR(VLOOKUP(ROWS($BC$4:BC23),$BB$4:$BC$2337,2,0),"") -> Baćkowice (pow. opatowski, woj. świętokrzyskie) | BF23: 0 | BG23: =IF(ISNUMBER(SEARCH('ankieta ESG'!$G$184,BH23)),MAX($BG$3:BG22)+1,0) -> 20 | BH23: Baćkowice (pow. opatowski, woj. świętokrzyskie) | BI23: 0 | BJ23: =IFERROR(VLOOKUP(ROWS($BH$4:BH23),$BG$4:$BH$2337,2,0),"") -> Baćkowice (pow. opatowski, woj. świętokrzyskie) | BK23: 0 | BL23: =IF(ISNUMBER(SEARCH('ankieta ESG'!$G$185,BM23)),MAX($BL$3:BL22)+1,0) -> 20 | BM23: Baćkowice (pow. opatowski, woj. świętokrzyskie) | BN23: 0 | BO23: =IFERROR(VLOOKUP(ROWS($BM$4:BM23),$BL$4:$BM$2337,2,0),"") -> Baćkowice (pow. opatowski, woj. świętokrzyskie) | BP23: 0 | BQ23: =IF(ISNUMBER(SEARCH('ankieta ESG'!$G$186,BR23)),MAX($BQ$3:BQ22)+1,0) -> 20 | BR23: Baćkowice (pow. opatowski, woj. świętokrzyskie) | BS23: 0 | BT23: =IFERROR(VLOOKUP(ROWS($BR$4:BR23),$BQ$4:$BR$2337,2,0),"") -> Baćkowice (pow. opatowski, woj. świętokrzyskie) | BU23: 0 | BV23: =IF(ISNUMBER(SEARCH('ankieta ESG'!$G$187,BW23)),MAX($BV$3:BV22)+1,0) -> 20 | BW23: Baćkowice (pow. opatowski, woj. świętokrzyskie) | BX23: 0 | BY23: =IFERROR(VLOOKUP(ROWS($BW$4:BW23),$BV$4:$BW$2337,2,0),"") -> Baćkowice (pow. opatowski, woj. świętokrzyskie) | BZ23: 0 | CA23: =IF(ISNUMBER(SEARCH('ankieta ESG'!$G$188,CB23)),MAX($CA$3:CA22)+1,0) -> 20 | CB23: Baćkowice (pow. opatowski, woj. świętokrzyskie) | CC23: 0 | CD23: =IFERROR(VLOOKUP(ROWS($CB$4:CB23),$CA$4:$CB$2337,2,0),"") -> Baćkowice (pow. opatowski, woj. świętokrzyskie) | CE23: 0 | CF23: =IF(ISNUMBER(SEARCH('ankieta ESG'!$G$189,CG23)),MAX($CF$3:CF22)+1,0) -> 20 | CG23: Baćkowice (pow. opatowski, woj. świętokrzyskie) | CH23: 0 | CI23: =IFERROR(VLOOKUP(ROWS($CG$4:CG23),$CF$4:$CG$2337,2,0),"") -> Baćkowice (pow. opatowski, woj. świętokrzyskie) | CJ23: 0
B24: =IF(ISNUMBER(SEARCH('ankieta ESG'!$E$11,C24)),MAX(B$3:$B23)+1,0) -> 21 | C24: 01.44.Z Chów i hodowla wielbłądów i zwierząt wielbłądowatych (PKD 2007) | D24: 0 | E24: =IFERROR(VLOOKUP(ROWS($C$4:C24),$B$4:$C$1385,2,0),"") -> 01.44.Z Chów i hodowla wielbłądów i zwierząt wielbłądowatych (PKD 2007) | F24: 0 | H24: Dla dużego logika pozostaje taka sama. Dla małego pomijamy 31,32,38. | AM24: =IF(ISNUMBER(SEARCH('ankieta ESG'!$G$180,AN24)),MAX(AM$3:$AM23)+1,0) -> 21 | AN24: Bakałarzewo (pow. suwalski, woj. podlaskie) | AO24: 0 | AP24: =IFERROR(VLOOKUP(ROWS($AN$4:AN24),$AM$4:$AN$2337,2,0),"") -> Bakałarzewo (pow. suwalski, woj. podlaskie) | AQ24: 0 | AR24: =IF(ISNUMBER(SEARCH('ankieta ESG'!$G$181,AS24)),MAX($AR$3:AR23)+1,0) -> 21 | AS24: Bakałarzewo (pow. suwalski, woj. podlaskie) | AT24: 0 | AU24: =IFERROR(VLOOKUP(ROWS($AS$4:AS24),$AR$4:$AS$2337,2,0),"") -> Bakałarzewo (pow. suwalski, woj. podlaskie) | AV24: 0 | AW24: =IF(ISNUMBER(SEARCH('ankieta ESG'!$G$182,AX24)),MAX($AW$3:AW23)+1,0) -> 21 | AX24: Bakałarzewo (pow. suwalski, woj. podlaskie) | AY24: 0 | AZ24: =IFERROR(VLOOKUP(ROWS($AX$4:AX24),$AW$4:$AX$2337,2,0),"") -> Bakałarzewo (pow. suwalski, woj. podlaskie) | BA24: 0 | BB24: =IF(ISNUMBER(SEARCH('ankieta ESG'!$G$183,BC24)),MAX($BB$3:BB23)+1,0) -> 21 | BC24: Bakałarzewo (pow. suwalski, woj. podlaskie) | BD24: 0 | BE24: =IFERROR(VLOOKUP(ROWS($BC$4:BC24),$BB$4:$BC$2337,2,0),"") -> Bakałarzewo (pow. suwalski, woj. podlaskie) | BF24: 0 | BG24: =IF(ISNUMBER(SEARCH('ankieta ESG'!$G$184,BH24)),MAX($BG$3:BG23)+1,0) -> 21 | BH24: Bakałarzewo (pow. suwalski, woj. podlaskie) | BI24: 0 | BJ24: =IFERROR(VLOOKUP(ROWS($BH$4:BH24),$BG$4:$BH$2337,2,0),"") -> Bakałarzewo (pow. suwalski, woj. podlaskie) | BK24: 0 | BL24: =IF(ISNUMBER(SEARCH('ankieta ESG'!$G$185,BM24)),MAX($BL$3:BL23)+1,0) -> 21 | BM24: Bakałarzewo (pow. suwalski, woj. podlaskie) | BN24: 0 | BO24: =IFERROR(VLOOKUP(ROWS($BM$4:BM24),$BL$4:$BM$2337,2,0),"") -> Bakałarzewo (pow. suwalski, woj. podlaskie) | BP24: 0 | BQ24: =IF(ISNUMBER(SEARCH('ankieta ESG'!$G$186,BR24)),MAX($BQ$3:BQ23)+1,0) -> 21 | BR24: Bakałarzewo (pow. suwalski, woj. podlaskie) | BS24: 0 | BT24: =IFERROR(VLOOKUP(ROWS($BR$4:BR24),$BQ$4:$BR$2337,2,0),"") -> Bakałarzewo (pow. suwalski, woj. podlaskie) | BU24: 0 | BV24: =IF(ISNUMBER(SEARCH('ankieta ESG'!$G$187,BW24)),MAX($BV$3:BV23)+1,0) -> 21 | BW24: Bakałarzewo (pow. suwalski, woj. podlaskie) | BX24: 0 | BY24: =IFERROR(VLOOKUP(ROWS($BW$4:BW24),$BV$4:$BW$2337,2,0),"") -> Bakałarzewo (pow. suwalski, woj. podlaskie) | BZ24: 0 | CA24: =IF(ISNUMBER(SEARCH('ankieta ESG'!$G$188,CB24)),MAX($CA$3:CA23)+1,0) -> 21 | CB24: Bakałarzewo (pow. suwalski, woj. podlaskie) | CC24: 0 | CD24: =IFERROR(VLOOKUP(ROWS($CB$4:CB24),$CA$4:$CB$2337,2,0),"") -> Bakałarzewo (pow. suwalski, woj. podlaskie) | CE24: 0 | CF24: =IF(ISNUMBER(SEARCH('ankieta ESG'!$G$189,CG24)),MAX($CF$3:CF23)+1,0) -> 21 | CG24: Bakałarzewo (pow. suwalski, woj. podlaskie) | CH24: 0 | CI24: =IFERROR(VLOOKUP(ROWS($CG$4:CG24),$CF$4:$CG$2337,2,0),"") -> Bakałarzewo (pow. suwalski, woj. podlaskie) | CJ24: 0
B25: =IF(ISNUMBER(SEARCH('ankieta ESG'!$E$11,C25)),MAX(B$3:$B24)+1,0) -> 22 | C25: 01.45.Z Chów i hodowla owiec i kóz (PKD 2007) | D25: 0 | E25: =IFERROR(VLOOKUP(ROWS($C$4:C25),$B$4:$C$1385,2,0),"") -> 01.45.Z Chów i hodowla owiec i kóz (PKD 2007) | F25: 0 | AM25: =IF(ISNUMBER(SEARCH('ankieta ESG'!$G$180,AN25)),MAX(AM$3:$AM24)+1,0) -> 22 | AN25: Baligród (pow. leski, woj. podkarpackie) | AO25: 0 | AP25: =IFERROR(VLOOKUP(ROWS($AN$4:AN25),$AM$4:$AN$2337,2,0),"") -> Baligród (pow. leski, woj. podkarpackie) | AQ25: 0 | AR25: =IF(ISNUMBER(SEARCH('ankieta ESG'!$G$181,AS25)),MAX($AR$3:AR24)+1,0) -> 22 | AS25: Baligród (pow. leski, woj. podkarpackie) | AT25: 0 | AU25: =IFERROR(VLOOKUP(ROWS($AS$4:AS25),$AR$4:$AS$2337,2,0),"") -> Baligród (pow. leski, woj. podkarpackie) | AV25: 0 | AW25: =IF(ISNUMBER(SEARCH('ankieta ESG'!$G$182,AX25)),MAX($AW$3:AW24)+1,0) -> 22 | AX25: Baligród (pow. leski, woj. podkarpackie) | AY25: 0 | AZ25: =IFERROR(VLOOKUP(ROWS($AX$4:AX25),$AW$4:$AX$2337,2,0),"") -> Baligród (pow. leski, woj. podkarpackie) | BA25: 0 | BB25: =IF(ISNUMBER(SEARCH('ankieta ESG'!$G$183,BC25)),MAX($BB$3:BB24)+1,0) -> 22 | BC25: Baligród (pow. leski, woj. podkarpackie) | BD25: 0 | BE25: =IFERROR(VLOOKUP(ROWS($BC$4:BC25),$BB$4:$BC$2337,2,0),"") -> Baligród (pow. leski, woj. podkarpackie) | BF25: 0 | BG25: =IF(ISNUMBER(SEARCH('ankieta ESG'!$G$184,BH25)),MAX($BG$3:BG24)+1,0) -> 22 | BH25: Baligród (pow. leski, woj. podkarpackie) | BI25: 0 | BJ25: =IFERROR(VLOOKUP(ROWS($BH$4:BH25),$BG$4:$BH$2337,2,0),"") -> Baligród (pow. leski, woj. podkarpackie) | BK25: 0 | BL25: =IF(ISNUMBER(SEARCH('ankieta ESG'!$G$185,BM25)),MAX($BL$3:BL24)+1,0) -> 22 | BM25: Baligród (pow. leski, woj. podkarpackie) | BN25: 0 | BO25: =IFERROR(VLOOKUP(ROWS($BM$4:BM25),$BL$4:$BM$2337,2,0),"") -> Baligród (pow. leski, woj. podkarpackie) | BP25: 0 | BQ25: =IF(ISNUMBER(SEARCH('ankieta ESG'!$G$186,BR25)),MAX($BQ$3:BQ24)+1,0) -> 22 | BR25: Baligród (pow. leski, woj. podkarpackie) | BS25: 0 | BT25: =IFERROR(VLOOKUP(ROWS($BR$4:BR25),$BQ$4:$BR$2337,2,0),"") -> Baligród (pow. leski, woj. podkarpackie) | BU25: 0 | BV25: =IF(ISNUMBER(SEARCH('ankieta ESG'!$G$187,BW25)),MAX($BV$3:BV24)+1,0) -> 22 | BW25: Baligród (pow. leski, woj. podkarpackie) | BX25: 0 | BY25: =IFERROR(VLOOKUP(ROWS($BW$4:BW25),$BV$4:$BW$2337,2,0),"") -> Baligród (pow. leski, woj. podkarpackie) | BZ25: 0 | CA25: =IF(ISNUMBER(SEARCH('ankieta ESG'!$G$188,CB25)),MAX($CA$3:CA24)+1,0) -> 22 | CB25: Baligród (pow. leski, woj. podkarpackie) | CC25: 0 | CD25: =IFERROR(VLOOKUP(ROWS($CB$4:CB25),$CA$4:$CB$2337,2,0),"") -> Baligród (pow. leski, woj. podkarpackie) | CE25: 0 | CF25: =IF(ISNUMBER(SEARCH('ankieta ESG'!$G$189,CG25)),MAX($CF$3:CF24)+1,0) -> 22 | CG25: Baligród (pow. leski, woj. podkarpackie) | CH25: 0 | CI25: =IFERROR(VLOOKUP(ROWS($CG$4:CG25),$CF$4:$CG$2337,2,0),"") -> Baligród (pow. leski, woj. podkarpackie) | CJ25: 0
B26: =IF(ISNUMBER(SEARCH('ankieta ESG'!$E$11,C26)),MAX(B$3:$B25)+1,0) -> 23 | C26: 01.46.Z Chów i hodowla świń (PKD 2007) | D26: 0 | E26: =IFERROR(VLOOKUP(ROWS($C$4:C26),$B$4:$C$1385,2,0),"") -> 01.46.Z Chów i hodowla świń (PKD 2007) | F26: 0 | AM26: =IF(ISNUMBER(SEARCH('ankieta ESG'!$G$180,AN26)),MAX(AM$3:$AM25)+1,0) -> 23 | AN26: Bałtów (pow. ostrowiecki, woj. świętokrzyskie) | AO26: 0 | AP26: =IFERROR(VLOOKUP(ROWS($AN$4:AN26),$AM$4:$AN$2337,2,0),"") -> Bałtów (pow. ostrowiecki, woj. świętokrzyskie) | AQ26: 0 | AR26: =IF(ISNUMBER(SEARCH('ankieta ESG'!$G$181,AS26)),MAX($AR$3:AR25)+1,0) -> 23 | AS26: Bałtów (pow. ostrowiecki, woj. świętokrzyskie) | AT26: 0 | AU26: =IFERROR(VLOOKUP(ROWS($AS$4:AS26),$AR$4:$AS$2337,2,0),"") -> Bałtów (pow. ostrowiecki, woj. świętokrzyskie) | AV26: 0 | AW26: =IF(ISNUMBER(SEARCH('ankieta ESG'!$G$182,AX26)),MAX($AW$3:AW25)+1,0) -> 23 | AX26: Bałtów (pow. ostrowiecki, woj. świętokrzyskie) | AY26: 0 | AZ26: =IFERROR(VLOOKUP(ROWS($AX$4:AX26),$AW$4:$AX$2337,2,0),"") -> Bałtów (pow. ostrowiecki, woj. świętokrzyskie) | BA26: 0 | BB26: =IF(ISNUMBER(SEARCH('ankieta ESG'!$G$183,BC26)),MAX($BB$3:BB25)+1,0) -> 23 | BC26: Bałtów (pow. ostrowiecki, woj. świętokrzyskie) | BD26: 0 | BE26: =IFERROR(VLOOKUP(ROWS($BC$4:BC26),$BB$4:$BC$2337,2,0),"") -> Bałtów (pow. ostrowiecki, woj. świętokrzyskie) | BF26: 0 | BG26: =IF(ISNUMBER(SEARCH('ankieta ESG'!$G$184,BH26)),MAX($BG$3:BG25)+1,0) -> 23 | BH26: Bałtów (pow. ostrowiecki, woj. świętokrzyskie) | BI26: 0 | BJ26: =IFERROR(VLOOKUP(ROWS($BH$4:BH26),$BG$4:$BH$2337,2,0),"") -> Bałtów (pow. ostrowiecki, woj. świętokrzyskie) | BK26: 0 | BL26: =IF(ISNUMBER(SEARCH('ankieta ESG'!$G$185,BM26)),MAX($BL$3:BL25)+1,0) -> 23 | BM26: Bałtów (pow. ostrowiecki, woj. świętokrzyskie) | BN26: 0 | BO26: =IFERROR(VLOOKUP(ROWS($BM$4:BM26),$BL$4:$BM$2337,2,0),"") -> Bałtów (pow. ostrowiecki, woj. świętokrzyskie) | BP26: 0 | BQ26: =IF(ISNUMBER(SEARCH('ankieta ESG'!$G$186,BR26)),MAX($BQ$3:BQ25)+1,0) -> 23 | BR26: Bałtów (pow. ostrowiecki, woj. świętokrzyskie) | BS26: 0 | BT26: =IFERROR(VLOOKUP(ROWS($BR$4:BR26),$BQ$4:$BR$2337,2,0),"") -> Bałtów (pow. ostrowiecki, woj. świętokrzyskie) | BU26: 0 | BV26: =IF(ISNUMBER(SEARCH('ankieta ESG'!$G$187,BW26)),MAX($BV$3:BV25)+1,0) -> 23 | BW26: Bałtów (pow. ostrowiecki, woj. świętokrzyskie) | BX26: 0 | BY26: =IFERROR(VLOOKUP(ROWS($BW$4:BW26),$BV$4:$BW$2337,2,0),"") -> Bałtów (pow. ostrowiecki, woj. świętokrzyskie) | BZ26: 0 | CA26: =IF(ISNUMBER(SEARCH('ankieta ESG'!$G$188,CB26)),MAX($CA$3:CA25)+1,0) -> 23 | CB26: Bałtów (pow. ostrowiecki, woj. świętokrzyskie) | CC26: 0 | CD26: =IFERROR(VLOOKUP(ROWS($CB$4:CB26),$CA$4:$CB$2337,2,0),"") -> Bałtów (pow. ostrowiecki, woj. świętokrzyskie) | CE26: 0 | CF26: =IF(ISNUMBER(SEARCH('ankieta ESG'!$G$189,CG26)),MAX($CF$3:CF25)+1,0) -> 23 | CG26: Bałtów (pow. ostrowiecki, woj. świętokrzyskie) | CH26: 0 | CI26: =IFERROR(VLOOKUP(ROWS($CG$4:CG26),$CF$4:$CG$2337,2,0),"") -> Bałtów (pow. ostrowiecki, woj. świętokrzyskie) | CJ26: 0
B27: =IF(ISNUMBER(SEARCH('ankieta ESG'!$E$11,C27)),MAX(B$3:$B26)+1,0) -> 24 | C27: 01.47.Z Chów i hodowla drobiu (PKD 2007) | D27: 0 | E27: =IFERROR(VLOOKUP(ROWS($C$4:C27),$B$4:$C$1385,2,0),"") -> 01.47.Z Chów i hodowla drobiu (PKD 2007) | F27: 0 | AM27: =IF(ISNUMBER(SEARCH('ankieta ESG'!$G$180,AN27)),MAX(AM$3:$AM26)+1,0) -> 24 | AN27: Banie (pow. gryfiński, woj. zachodniopomorskie) | AO27: 0 | AP27: =IFERROR(VLOOKUP(ROWS($AN$4:AN27),$AM$4:$AN$2337,2,0),"") -> Banie (pow. gryfiński, woj. zachodniopomorskie) | AQ27: 0 | AR27: =IF(ISNUMBER(SEARCH('ankieta ESG'!$G$181,AS27)),MAX($AR$3:AR26)+1,0) -> 24 | AS27: Banie (pow. gryfiński, woj. zachodniopomorskie) | AT27: 0 | AU27: =IFERROR(VLOOKUP(ROWS($AS$4:AS27),$AR$4:$AS$2337,2,0),"") -> Banie (pow. gryfiński, woj. zachodniopomorskie) | AV27: 0 | AW27: =IF(ISNUMBER(SEARCH('ankieta ESG'!$G$182,AX27)),MAX($AW$3:AW26)+1,0) -> 24 | AX27: Banie (pow. gryfiński, woj. zachodniopomorskie) | AY27: 0 | AZ27: =IFERROR(VLOOKUP(ROWS($AX$4:AX27),$AW$4:$AX$2337,2,0),"") -> Banie (pow. gryfiński, woj. zachodniopomorskie) | BA27: 0 | BB27: =IF(ISNUMBER(SEARCH('ankieta ESG'!$G$183,BC27)),MAX($BB$3:BB26)+1,0) -> 24 | BC27: Banie (pow. gryfiński, woj. zachodniopomorskie) | BD27: 0 | BE27: =IFERROR(VLOOKUP(ROWS($BC$4:BC27),$BB$4:$BC$2337,2,0),"") -> Banie (pow. gryfiński, woj. zachodniopomorskie) | BF27: 0 | BG27: =IF(ISNUMBER(SEARCH('ankieta ESG'!$G$184,BH27)),MAX($BG$3:BG26)+1,0) -> 24 | BH27: Banie (pow. gryfiński, woj. zachodniopomorskie) | BI27: 0 | BJ27: =IFERROR(VLOOKUP(ROWS($BH$4:BH27),$BG$4:$BH$2337,2,0),"") -> Banie (pow. gryfiński, woj. zachodniopomorskie) | BK27: 0 | BL27: =IF(ISNUMBER(SEARCH('ankieta ESG'!$G$185,BM27)),MAX($BL$3:BL26)+1,0) -> 24 | BM27: Banie (pow. gryfiński, woj. zachodniopomorskie) | BN27: 0 | BO27: =IFERROR(VLOOKUP(ROWS($BM$4:BM27),$BL$4:$BM$2337,2,0),"") -> Banie (pow. gryfiński, woj. zachodniopomorskie) | BP27: 0 | BQ27: =IF(ISNUMBER(SEARCH('ankieta ESG'!$G$186,BR27)),MAX($BQ$3:BQ26)+1,0) -> 24 | BR27: Banie (pow. gryfiński, woj. zachodniopomorskie) | BS27: 0 | BT27: =IFERROR(VLOOKUP(ROWS($BR$4:BR27),$BQ$4:$BR$2337,2,0),"") -> Banie (pow. gryfiński, woj. zachodniopomorskie) | BU27: 0 | BV27: =IF(ISNUMBER(SEARCH('ankieta ESG'!$G$187,BW27)),MAX($BV$3:BV26)+1,0) -> 24 | BW27: Banie (pow. gryfiński, woj. zachodniopomorskie) | BX27: 0 | BY27: =IFERROR(VLOOKUP(ROWS($BW$4:BW27),$BV$4:$BW$2337,2,0),"") -> Banie (pow. gryfiński, woj. zachodniopomorskie) | BZ27: 0 | CA27: =IF(ISNUMBER(SEARCH('ankieta ESG'!$G$188,CB27)),MAX($CA$3:CA26)+1,0) -> 24 | CB27: Banie (pow. gryfiński, woj. zachodniopomorskie) | CC27: 0 | CD27: =IFERROR(VLOOKUP(ROWS($CB$4:CB27),$CA$4:$CB$2337,2,0),"") -> Banie (pow. gryfiński, woj. zachodniopomorskie) | CE27: 0 | CF27: =IF(ISNUMBER(SEARCH('ankieta ESG'!$G$189,CG27)),MAX($CF$3:CF26)+1,0) -> 24 | CG27: Banie (pow. gryfiński, woj. zachodniopomorskie) | CH27: 0 | CI27: =IFERROR(VLOOKUP(ROWS($CG$4:CG27),$CF$4:$CG$2337,2,0),"") -> Banie (pow. gryfiński, woj. zachodniopomorskie) | CJ27: 0
B28: =IF(ISNUMBER(SEARCH('ankieta ESG'!$E$11,C28)),MAX(B$3:$B27)+1,0) -> 25 | C28: 01.49.Z Chów i hodowla pozostałych zwierząt (PKD 2007) | D28: 0 | E28: =IFERROR(VLOOKUP(ROWS($C$4:C28),$B$4:$C$1385,2,0),"") -> 01.49.Z Chów i hodowla pozostałych zwierząt (PKD 2007) | F28: 0 | AM28: =IF(ISNUMBER(SEARCH('ankieta ESG'!$G$180,AN28)),MAX(AM$3:$AM27)+1,0) -> 25 | AN28: Banie Mazurskie (pow. gołdapski, woj. warmińsko-mazurskie) | AO28: 0 | AP28: =IFERROR(VLOOKUP(ROWS($AN$4:AN28),$AM$4:$AN$2337,2,0),"") -> Banie Mazurskie (pow. gołdapski, woj. warmińsko-mazurskie) | AQ28: 0 | AR28: =IF(ISNUMBER(SEARCH('ankieta ESG'!$G$181,AS28)),MAX($AR$3:AR27)+1,0) -> 25 | AS28: Banie Mazurskie (pow. gołdapski, woj. warmińsko-mazurskie) | AT28: 0 | AU28: =IFERROR(VLOOKUP(ROWS($AS$4:AS28),$AR$4:$AS$2337,2,0),"") -> Banie Mazurskie (pow. gołdapski, woj. warmińsko-mazurskie) | AV28: 0 | AW28: =IF(ISNUMBER(SEARCH('ankieta ESG'!$G$182,AX28)),MAX($AW$3:AW27)+1,0) -> 25 | AX28: Banie Mazurskie (pow. gołdapski, woj. warmińsko-mazurskie) | AY28: 0 | AZ28: =IFERROR(VLOOKUP(ROWS($AX$4:AX28),$AW$4:$AX$2337,2,0),"") -> Banie Mazurskie (pow. gołdapski, woj. warmińsko-mazurskie) | BA28: 0 | BB28: =IF(ISNUMBER(SEARCH('ankieta ESG'!$G$183,BC28)),MAX($BB$3:BB27)+1,0) -> 25 | BC28: Banie Mazurskie (pow. gołdapski, woj. warmińsko-mazurskie) | BD28: 0 | BE28: =IFERROR(VLOOKUP(ROWS($BC$4:BC28),$BB$4:$BC$2337,2,0),"") -> Banie Mazurskie (pow. gołdapski, woj. warmińsko-mazurskie) | BF28: 0 | BG28: =IF(ISNUMBER(SEARCH('ankieta ESG'!$G$184,BH28)),MAX($BG$3:BG27)+1,0) -> 25 | BH28: Banie Mazurskie (pow. gołdapski, woj. warmińsko-mazurskie) | BI28: 0 | BJ28: =IFERROR(VLOOKUP(ROWS($BH$4:BH28),$BG$4:$BH$2337,2,0),"") -> Banie Mazurskie (pow. gołdapski, woj. warmińsko-mazurskie) | BK28: 0 | BL28: =IF(ISNUMBER(SEARCH('ankieta ESG'!$G$185,BM28)),MAX($BL$3:BL27)+1,0) -> 25 | BM28: Banie Mazurskie (pow. gołdapski, woj. warmińsko-mazurskie) | BN28: 0 | BO28: =IFERROR(VLOOKUP(ROWS($BM$4:BM28),$BL$4:$BM$2337,2,0),"") -> Banie Mazurskie (pow. gołdapski, woj. warmińsko-mazurskie) | BP28: 0 | BQ28: =IF(ISNUMBER(SEARCH('ankieta ESG'!$G$186,BR28)),MAX($BQ$3:BQ27)+1,0) -> 25 | BR28: Banie Mazurskie (pow. gołdapski, woj. warmińsko-mazurskie) | BS28: 0 | BT28: =IFERROR(VLOOKUP(ROWS($BR$4:BR28),$BQ$4:$BR$2337,2,0),"") -> Banie Mazurskie (pow. gołdapski, woj. warmińsko-mazurskie) | BU28: 0 | BV28: =IF(ISNUMBER(SEARCH('ankieta ESG'!$G$187,BW28)),MAX($BV$3:BV27)+1,0) -> 25 | BW28: Banie Mazurskie (pow. gołdapski, woj. warmińsko-mazurskie) | BX28: 0 | BY28: =IFERROR(VLOOKUP(ROWS($BW$4:BW28),$BV$4:$BW$2337,2,0),"") -> Banie Mazurskie (pow. gołdapski, woj. warmińsko-mazurskie) | BZ28: 0 | CA28: =IF(ISNUMBER(SEARCH('ankieta ESG'!$G$188,CB28)),MAX($CA$3:CA27)+1,0) -> 25 | CB28: Banie Mazurskie (pow. gołdapski, woj. warmińsko-mazurskie) | CC28: 0 | CD28: =IFERROR(VLOOKUP(ROWS($CB$4:CB28),$CA$4:$CB$2337,2,0),"") -> Banie Mazurskie (pow. gołdapski, woj. warmińsko-mazurskie) | CE28: 0 | CF28: =IF(ISNUMBER(SEARCH('ankieta ESG'!$G$189,CG28)),MAX($CF$3:CF27)+1,0) -> 25 | CG28: Banie Mazurskie (pow. gołdapski, woj. warmińsko-mazurskie) | CH28: 0 | CI28: =IFERROR(VLOOKUP(ROWS($CG$4:CG28),$CF$4:$CG$2337,2,0),"") -> Banie Mazurskie (pow. gołdapski, woj. warmińsko-mazurskie) | CJ28: 0
B29: =IF(ISNUMBER(SEARCH('ankieta ESG'!$E$11,C29)),MAX(B$3:$B28)+1,0) -> 26 | C29: 01.50.Z Uprawy rolne połączone z chowem i hodowlą zwierząt (działalność mieszana) (PKD 2007) | D29: 0 | E29: =IFERROR(VLOOKUP(ROWS($C$4:C29),$B$4:$C$1385,2,0),"") -> 01.50.Z Uprawy rolne połączone z chowem i hodowlą zwierząt (działalność mieszana) (PKD 2007) | F29: 0 | AM29: =IF(ISNUMBER(SEARCH('ankieta ESG'!$G$180,AN29)),MAX(AM$3:$AM28)+1,0) -> 26 | AN29: Baranowo (pow. ostrołęcki, woj. mazowieckie) | AO29: 0 | AP29: =IFERROR(VLOOKUP(ROWS($AN$4:AN29),$AM$4:$AN$2337,2,0),"") -> Baranowo (pow. ostrołęcki, woj. mazowieckie) | AQ29: 0 | AR29: =IF(ISNUMBER(SEARCH('ankieta ESG'!$G$181,AS29)),MAX($AR$3:AR28)+1,0) -> 26 | AS29: Baranowo (pow. ostrołęcki, woj. mazowieckie) | AT29: 0 | AU29: =IFERROR(VLOOKUP(ROWS($AS$4:AS29),$AR$4:$AS$2337,2,0),"") -> Baranowo (pow. ostrołęcki, woj. mazowieckie) | AV29: 0 | AW29: =IF(ISNUMBER(SEARCH('ankieta ESG'!$G$182,AX29)),MAX($AW$3:AW28)+1,0) -> 26 | AX29: Baranowo (pow. ostrołęcki, woj. mazowieckie) | AY29: 0 | AZ29: =IFERROR(VLOOKUP(ROWS($AX$4:AX29),$AW$4:$AX$2337,2,0),"") -> Baranowo (pow. ostrołęcki, woj. mazowieckie) | BA29: 0 | BB29: =IF(ISNUMBER(SEARCH('ankieta ESG'!$G$183,BC29)),MAX($BB$3:BB28)+1,0) -> 26 | BC29: Baranowo (pow. ostrołęcki, woj. mazowieckie) | BD29: 0 | BE29: =IFERROR(VLOOKUP(ROWS($BC$4:BC29),$BB$4:$BC$2337,2,0),"") -> Baranowo (pow. ostrołęcki, woj. mazowieckie) | BF29: 0 | BG29: =IF(ISNUMBER(SEARCH('ankieta ESG'!$G$184,BH29)),MAX($BG$3:BG28)+1,0) -> 26 | BH29: Baranowo (pow. ostrołęcki, woj. mazowieckie) | BI29: 0 | BJ29: =IFERROR(VLOOKUP(ROWS($BH$4:BH29),$BG$4:$BH$2337,2,0),"") -> Baranowo (pow. ostrołęcki, woj. mazowieckie) | BK29: 0 | BL29: =IF(ISNUMBER(SEARCH('ankieta ESG'!$G$185,BM29)),MAX($BL$3:BL28)+1,0) -> 26 | BM29: Baranowo (pow. ostrołęcki, woj. mazowieckie) | BN29: 0 | BO29: =IFERROR(VLOOKUP(ROWS($BM$4:BM29),$BL$4:$BM$2337,2,0),"") -> Baranowo (pow. ostrołęcki, woj. mazowieckie) | BP29: 0 | BQ29: =IF(ISNUMBER(SEARCH('ankieta ESG'!$G$186,BR29)),MAX($BQ$3:BQ28)+1,0) -> 26 | BR29: Baranowo (pow. ostrołęcki, woj. mazowieckie) | BS29: 0 | BT29: =IFERROR(VLOOKUP(ROWS($BR$4:BR29),$BQ$4:$BR$2337,2,0),"") -> Baranowo (pow. ostrołęcki, woj. mazowieckie) | BU29: 0 | BV29: =IF(ISNUMBER(SEARCH('ankieta ESG'!$G$187,BW29)),MAX($BV$3:BV28)+1,0) -> 26 | BW29: Baranowo (pow. ostrołęcki, woj. mazowieckie) | BX29: 0 | BY29: =IFERROR(VLOOKUP(ROWS($BW$4:BW29),$BV$4:$BW$2337,2,0),"") -> Baranowo (pow. ostrołęcki, woj. mazowieckie) | BZ29: 0 | CA29: =IF(ISNUMBER(SEARCH('ankieta ESG'!$G$188,CB29)),MAX($CA$3:CA28)+1,0) -> 26 | CB29: Baranowo (pow. ostrołęcki, woj. mazowieckie) | CC29: 0 | CD29: =IFERROR(VLOOKUP(ROWS($CB$4:CB29),$CA$4:$CB$2337,2,0),"") -> Baranowo (pow. ostrołęcki, woj. mazowieckie) | CE29: 0 | CF29: =IF(ISNUMBER(SEARCH('ankieta ESG'!$G$189,CG29)),MAX($CF$3:CF28)+1,0) -> 26 | CG29: Baranowo (pow. ostrołęcki, woj. mazowieckie) | CH29: 0 | CI29: =IFERROR(VLOOKUP(ROWS($CG$4:CG29),$CF$4:$CG$2337,2,0),"") -> Baranowo (pow. ostrołęcki, woj. mazowieckie) | CJ29: 0
B30: =IF(ISNUMBER(SEARCH('ankieta ESG'!$E$11,C30)),MAX(B$3:$B29)+1,0) -> 27 | C30: 01.61.Z Działalność usługowa wspomagająca produkcję roślinną (PKD 2007) | D30: 0 | E30: =IFERROR(VLOOKUP(ROWS($C$4:C30),$B$4:$C$1385,2,0),"") -> 01.61.Z Działalność usługowa wspomagająca produkcję roślinną (PKD 2007) | F30: 0 | AM30: =IF(ISNUMBER(SEARCH('ankieta ESG'!$G$180,AN30)),MAX(AM$3:$AM29)+1,0) -> 27 | AN30: Baranów (pow. grodziski, woj. mazowieckie) | AO30: 0 | AP30: =IFERROR(VLOOKUP(ROWS($AN$4:AN30),$AM$4:$AN$2337,2,0),"") -> Baranów (pow. grodziski, woj. mazowieckie) | AQ30: 0 | AR30: =IF(ISNUMBER(SEARCH('ankieta ESG'!$G$181,AS30)),MAX($AR$3:AR29)+1,0) -> 27 | AS30: Baranów (pow. grodziski, woj. mazowieckie) | AT30: 0 | AU30: =IFERROR(VLOOKUP(ROWS($AS$4:AS30),$AR$4:$AS$2337,2,0),"") -> Baranów (pow. grodziski, woj. mazowieckie) | AV30: 0 | AW30: =IF(ISNUMBER(SEARCH('ankieta ESG'!$G$182,AX30)),MAX($AW$3:AW29)+1,0) -> 27 | AX30: Baranów (pow. grodziski, woj. mazowieckie) | AY30: 0 | AZ30: =IFERROR(VLOOKUP(ROWS($AX$4:AX30),$AW$4:$AX$2337,2,0),"") -> Baranów (pow. grodziski, woj. mazowieckie) | BA30: 0 | BB30: =IF(ISNUMBER(SEARCH('ankieta ESG'!$G$183,BC30)),MAX($BB$3:BB29)+1,0) -> 27 | BC30: Baranów (pow. grodziski, woj. mazowieckie) | BD30: 0 | BE30: =IFERROR(VLOOKUP(ROWS($BC$4:BC30),$BB$4:$BC$2337,2,0),"") -> Baranów (pow. grodziski, woj. mazowieckie) | BF30: 0 | BG30: =IF(ISNUMBER(SEARCH('ankieta ESG'!$G$184,BH30)),MAX($BG$3:BG29)+1,0) -> 27 | BH30: Baranów (pow. grodziski, woj. mazowieckie) | BI30: 0 | BJ30: =IFERROR(VLOOKUP(ROWS($BH$4:BH30),$BG$4:$BH$2337,2,0),"") -> Baranów (pow. grodziski, woj. mazowieckie) | BK30: 0 | BL30: =IF(ISNUMBER(SEARCH('ankieta ESG'!$G$185,BM30)),MAX($BL$3:BL29)+1,0) -> 27 | BM30: Baranów (pow. grodziski, woj. mazowieckie) | BN30: 0 | BO30: =IFERROR(VLOOKUP(ROWS($BM$4:BM30),$BL$4:$BM$2337,2,0),"") -> Baranów (pow. grodziski, woj. mazowieckie) | BP30: 0 | BQ30: =IF(ISNUMBER(SEARCH('ankieta ESG'!$G$186,BR30)),MAX($BQ$3:BQ29)+1,0) -> 27 | BR30: Baranów (pow. grodziski, woj. mazowieckie) | BS30: 0 | BT30: =IFERROR(VLOOKUP(ROWS($BR$4:BR30),$BQ$4:$BR$2337,2,0),"") -> Baranów (pow. grodziski, woj. mazowieckie) | BU30: 0 | BV30: =IF(ISNUMBER(SEARCH('ankieta ESG'!$G$187,BW30)),MAX($BV$3:BV29)+1,0) -> 27 | BW30: Baranów (pow. grodziski, woj. mazowieckie) | BX30: 0 | BY30: =IFERROR(VLOOKUP(ROWS($BW$4:BW30),$BV$4:$BW$2337,2,0),"") -> Baranów (pow. grodziski, woj. mazowieckie) | BZ30: 0 | CA30: =IF(ISNUMBER(SEARCH('ankieta ESG'!$G$188,CB30)),MAX($CA$3:CA29)+1,0) -> 27 | CB30: Baranów (pow. grodziski, woj. mazowieckie) | CC30: 0 | CD30: =IFERROR(VLOOKUP(ROWS($CB$4:CB30),$CA$4:$CB$2337,2,0),"") -> Baranów (pow. grodziski, woj. mazowieckie) | CE30: 0 | CF30: =IF(ISNUMBER(SEARCH('ankieta ESG'!$G$189,CG30)),MAX($CF$3:CF29)+1,0) -> 27 | CG30: Baranów (pow. grodziski, woj. mazowieckie) | CH30: 0 | CI30: =IFERROR(VLOOKUP(ROWS($CG$4:CG30),$CF$4:$CG$2337,2,0),"") -> Baranów (pow. grodziski, woj. mazowieckie) | CJ30: 0
B31: =IF(ISNUMBER(SEARCH('ankieta ESG'!$E$11,C31)),MAX(B$3:$B30)+1,0) -> 28 | C31: 01.62.Z Działalność usługowa wspomagająca chów i hodowlę zwierząt gospodarskich (PKD 2007) | D31: 0 | E31: =IFERROR(VLOOKUP(ROWS($C$4:C31),$B$4:$C$1385,2,0),"") -> 01.62.Z Działalność usługowa wspomagająca chów i hodowlę zwierząt gospodarskich (PKD 2007) | F31: 0 | AM31: =IF(ISNUMBER(SEARCH('ankieta ESG'!$G$180,AN31)),MAX(AM$3:$AM30)+1,0) -> 28 | AN31: Baranów (pow. kępiński, woj. wielkopolskie) | AO31: 0 | AP31: =IFERROR(VLOOKUP(ROWS($AN$4:AN31),$AM$4:$AN$2337,2,0),"") -> Baranów (pow. kępiński, woj. wielkopolskie) | AQ31: 0 | AR31: =IF(ISNUMBER(SEARCH('ankieta ESG'!$G$181,AS31)),MAX($AR$3:AR30)+1,0) -> 28 | AS31: Baranów (pow. kępiński, woj. wielkopolskie) | AT31: 0 | AU31: =IFERROR(VLOOKUP(ROWS($AS$4:AS31),$AR$4:$AS$2337,2,0),"") -> Baranów (pow. kępiński, woj. wielkopolskie) | AV31: 0 | AW31: =IF(ISNUMBER(SEARCH('ankieta ESG'!$G$182,AX31)),MAX($AW$3:AW30)+1,0) -> 28 | AX31: Baranów (pow. kępiński, woj. wielkopolskie) | AY31: 0 | AZ31: =IFERROR(VLOOKUP(ROWS($AX$4:AX31),$AW$4:$AX$2337,2,0),"") -> Baranów (pow. kępiński, woj. wielkopolskie) | BA31: 0 | BB31: =IF(ISNUMBER(SEARCH('ankieta ESG'!$G$183,BC31)),MAX($BB$3:BB30)+1,0) -> 28 | BC31: Baranów (pow. kępiński, woj. wielkopolskie) | BD31: 0 | BE31: =IFERROR(VLOOKUP(ROWS($BC$4:BC31),$BB$4:$BC$2337,2,0),"") -> Baranów (pow. kępiński, woj. wielkopolskie) | BF31: 0 | BG31: =IF(ISNUMBER(SEARCH('ankieta ESG'!$G$184,BH31)),MAX($BG$3:BG30)+1,0) -> 28 | BH31: Baranów (pow. kępiński, woj. wielkopolskie) | BI31: 0 | BJ31: =IFERROR(VLOOKUP(ROWS($BH$4:BH31),$BG$4:$BH$2337,2,0),"") -> Baranów (pow. kępiński, woj. wielkopolskie) | BK31: 0 | BL31: =IF(ISNUMBER(SEARCH('ankieta ESG'!$G$185,BM31)),MAX($BL$3:BL30)+1,0) -> 28 | BM31: Baranów (pow. kępiński, woj. wielkopolskie) | BN31: 0 | BO31: =IFERROR(VLOOKUP(ROWS($BM$4:BM31),$BL$4:$BM$2337,2,0),"") -> Baranów (pow. kępiński, woj. wielkopolskie) | BP31: 0 | BQ31: =IF(ISNUMBER(SEARCH('ankieta ESG'!$G$186,BR31)),MAX($BQ$3:BQ30)+1,0) -> 28 | BR31: Baranów (pow. kępiński, woj. wielkopolskie) | BS31: 0 | BT31: =IFERROR(VLOOKUP(ROWS($BR$4:BR31),$BQ$4:$BR$2337,2,0),"") -> Baranów (pow. kępiński, woj. wielkopolskie) | BU31: 0 | BV31: =IF(ISNUMBER(SEARCH('ankieta ESG'!$G$187,BW31)),MAX($BV$3:BV30)+1,0) -> 28 | BW31: Baranów (pow. kępiński, woj. wielkopolskie) | BX31: 0 | BY31: =IFERROR(VLOOKUP(ROWS($BW$4:BW31),$BV$4:$BW$2337,2,0),"") -> Baranów (pow. kępiński, woj. wielkopolskie) | BZ31: 0 | CA31: =IF(ISNUMBER(SEARCH('ankieta ESG'!$G$188,CB31)),MAX($CA$3:CA30)+1,0) -> 28 | CB31: Baranów (pow. kępiński, woj. wielkopolskie) | CC31: 0 | CD31: =IFERROR(VLOOKUP(ROWS($CB$4:CB31),$CA$4:$CB$2337,2,0),"") -> Baranów (pow. kępiński, woj. wielkopolskie) | CE31: 0 | CF31: =IF(ISNUMBER(SEARCH('ankieta ESG'!$G$189,CG31)),MAX($CF$3:CF30)+1,0) -> 28 | CG31: Baranów (pow. kępiński, woj. wielkopolskie) | CH31: 0 | CI31: =IFERROR(VLOOKUP(ROWS($CG$4:CG31),$CF$4:$CG$2337,2,0),"") -> Baranów (pow. kępiński, woj. wielkopolskie) | CJ31: 0
B32: =IF(ISNUMBER(SEARCH('ankieta ESG'!$E$11,C32)),MAX(B$3:$B31)+1,0) -> 29 | C32: 01.63.Z Działalność usługowa następująca po zbiorach (PKD 2007) | D32: 0 | E32: =IFERROR(VLOOKUP(ROWS($C$4:C32),$B$4:$C$1385,2,0),"") -> 01.63.Z Działalność usługowa następująca po zbiorach (PKD 2007) | F32: 0 | AM32: =IF(ISNUMBER(SEARCH('ankieta ESG'!$G$180,AN32)),MAX(AM$3:$AM31)+1,0) -> 29 | AN32: Baranów (pow. puławski, woj. lubelskie) | AO32: 0 | AP32: =IFERROR(VLOOKUP(ROWS($AN$4:AN32),$AM$4:$AN$2337,2,0),"") -> Baranów (pow. puławski, woj. lubelskie) | AQ32: 0 | AR32: =IF(ISNUMBER(SEARCH('ankieta ESG'!$G$181,AS32)),MAX($AR$3:AR31)+1,0) -> 29 | AS32: Baranów (pow. puławski, woj. lubelskie) | AT32: 0 | AU32: =IFERROR(VLOOKUP(ROWS($AS$4:AS32),$AR$4:$AS$2337,2,0),"") -> Baranów (pow. puławski, woj. lubelskie) | AV32: 0 | AW32: =IF(ISNUMBER(SEARCH('ankieta ESG'!$G$182,AX32)),MAX($AW$3:AW31)+1,0) -> 29 | AX32: Baranów (pow. puławski, woj. lubelskie) | AY32: 0 | AZ32: =IFERROR(VLOOKUP(ROWS($AX$4:AX32),$AW$4:$AX$2337,2,0),"") -> Baranów (pow. puławski, woj. lubelskie) | BA32: 0 | BB32: =IF(ISNUMBER(SEARCH('ankieta ESG'!$G$183,BC32)),MAX($BB$3:BB31)+1,0) -> 29 | BC32: Baranów (pow. puławski, woj. lubelskie) | BD32: 0 | BE32: =IFERROR(VLOOKUP(ROWS($BC$4:BC32),$BB$4:$BC$2337,2,0),"") -> Baranów (pow. puławski, woj. lubelskie) | BF32: 0 | BG32: =IF(ISNUMBER(SEARCH('ankieta ESG'!$G$184,BH32)),MAX($BG$3:BG31)+1,0) -> 29 | BH32: Baranów (pow. puławski, woj. lubelskie) | BI32: 0 | BJ32: =IFERROR(VLOOKUP(ROWS($BH$4:BH32),$BG$4:$BH$2337,2,0),"") -> Baranów (pow. puławski, woj. lubelskie) | BK32: 0 | BL32: =IF(ISNUMBER(SEARCH('ankieta ESG'!$G$185,BM32)),MAX($BL$3:BL31)+1,0) -> 29 | BM32: Baranów (pow. puławski, woj. lubelskie) | BN32: 0 | BO32: =IFERROR(VLOOKUP(ROWS($BM$4:BM32),$BL$4:$BM$2337,2,0),"") -> Baranów (pow. puławski, woj. lubelskie) | BP32: 0 | BQ32: =IF(ISNUMBER(SEARCH('ankieta ESG'!$G$186,BR32)),MAX($BQ$3:BQ31)+1,0) -> 29 | BR32: Baranów (pow. puławski, woj. lubelskie) | BS32: 0 | BT32: =IFERROR(VLOOKUP(ROWS($BR$4:BR32),$BQ$4:$BR$2337,2,0),"") -> Baranów (pow. puławski, woj. lubelskie) | BU32: 0 | BV32: =IF(ISNUMBER(SEARCH('ankieta ESG'!$G$187,BW32)),MAX($BV$3:BV31)+1,0) -> 29 | BW32: Baranów (pow. puławski, woj. lubelskie) | BX32: 0 | BY32: =IFERROR(VLOOKUP(ROWS($BW$4:BW32),$BV$4:$BW$2337,2,0),"") -> Baranów (pow. puławski, woj. lubelskie) | BZ32: 0 | CA32: =IF(ISNUMBER(SEARCH('ankieta ESG'!$G$188,CB32)),MAX($CA$3:CA31)+1,0) -> 29 | CB32: Baranów (pow. puławski, woj. lubelskie) | CC32: 0 | CD32: =IFERROR(VLOOKUP(ROWS($CB$4:CB32),$CA$4:$CB$2337,2,0),"") -> Baranów (pow. puławski, woj. lubelskie) | CE32: 0 | CF32: =IF(ISNUMBER(SEARCH('ankieta ESG'!$G$189,CG32)),MAX($CF$3:CF31)+1,0) -> 29 | CG32: Baranów (pow. puławski, woj. lubelskie) | CH32: 0 | CI32: =IFERROR(VLOOKUP(ROWS($CG$4:CG32),$CF$4:$CG$2337,2,0),"") -> Baranów (pow. puławski, woj. lubelskie) | CJ32: 0
B33: =IF(ISNUMBER(SEARCH('ankieta ESG'!$E$11,C33)),MAX(B$3:$B32)+1,0) -> 30 | C33: 01.64.Z Obróbka nasion dla celów rozmnażania roślin (PKD 2007) | D33: 0 | E33: =IFERROR(VLOOKUP(ROWS($C$4:C33),$B$4:$C$1385,2,0),"") -> 01.64.Z Obróbka nasion dla celów rozmnażania roślin (PKD 2007) | F33: 0 | AM33: =IF(ISNUMBER(SEARCH('ankieta ESG'!$G$180,AN33)),MAX(AM$3:$AM32)+1,0) -> 30 | AN33: Baranów Sandomierski (pow. tarnobrzeski, woj. podkarpackie) | AO33: 0 | AP33: =IFERROR(VLOOKUP(ROWS($AN$4:AN33),$AM$4:$AN$2337,2,0),"") -> Baranów Sandomierski (pow. tarnobrzeski, woj. podkarpackie) | AQ33: 0 | AR33: =IF(ISNUMBER(SEARCH('ankieta ESG'!$G$181,AS33)),MAX($AR$3:AR32)+1,0) -> 30 | AS33: Baranów Sandomierski (pow. tarnobrzeski, woj. podkarpackie) | AT33: 0 | AU33: =IFERROR(VLOOKUP(ROWS($AS$4:AS33),$AR$4:$AS$2337,2,0),"") -> Baranów Sandomierski (pow. tarnobrzeski, woj. podkarpackie) | AV33: 0 | AW33: =IF(ISNUMBER(SEARCH('ankieta ESG'!$G$182,AX33)),MAX($AW$3:AW32)+1,0) -> 30 | AX33: Baranów Sandomierski (pow. tarnobrzeski, woj. podkarpackie) | AY33: 0 | AZ33: =IFERROR(VLOOKUP(ROWS($AX$4:AX33),$AW$4:$AX$2337,2,0),"") -> Baranów Sandomierski (pow. tarnobrzeski, woj. podkarpackie) | BA33: 0 | BB33: =IF(ISNUMBER(SEARCH('ankieta ESG'!$G$183,BC33)),MAX($BB$3:BB32)+1,0) -> 30 | BC33: Baranów Sandomierski (pow. tarnobrzeski, woj. podkarpackie) | BD33: 0 | BE33: =IFERROR(VLOOKUP(ROWS($BC$4:BC33),$BB$4:$BC$2337,2,0),"") -> Baranów Sandomierski (pow. tarnobrzeski, woj. podkarpackie) | BF33: 0 | BG33: =IF(ISNUMBER(SEARCH('ankieta ESG'!$G$184,BH33)),MAX($BG$3:BG32)+1,0) -> 30 | BH33: Baranów Sandomierski (pow. tarnobrzeski, woj. podkarpackie) | BI33: 0 | BJ33: =IFERROR(VLOOKUP(ROWS($BH$4:BH33),$BG$4:$BH$2337,2,0),"") -> Baranów Sandomierski (pow. tarnobrzeski, woj. podkarpackie) | BK33: 0 | BL33: =IF(ISNUMBER(SEARCH('ankieta ESG'!$G$185,BM33)),MAX($BL$3:BL32)+1,0) -> 30 | BM33: Baranów Sandomierski (pow. tarnobrzeski, woj. podkarpackie) | BN33: 0 | BO33: =IFERROR(VLOOKUP(ROWS($BM$4:BM33),$BL$4:$BM$2337,2,0),"") -> Baranów Sandomierski (pow. tarnobrzeski, woj. podkarpackie) | BP33: 0 | BQ33: =IF(ISNUMBER(SEARCH('ankieta ESG'!$G$186,BR33)),MAX($BQ$3:BQ32)+1,0) -> 30 | BR33: Baranów Sandomierski (pow. tarnobrzeski, woj. podkarpackie) | BS33: 0 | BT33: =IFERROR(VLOOKUP(ROWS($BR$4:BR33),$BQ$4:$BR$2337,2,0),"") -> Baranów Sandomierski (pow. tarnobrzeski, woj. podkarpackie) | BU33: 0 | BV33: =IF(ISNUMBER(SEARCH('ankieta ESG'!$G$187,BW33)),MAX($BV$3:BV32)+1,0) -> 30 | BW33: Baranów Sandomierski (pow. tarnobrzeski, woj. podkarpackie) | BX33: 0 | BY33: =IFERROR(VLOOKUP(ROWS($BW$4:BW33),$BV$4:$BW$2337,2,0),"") -> Baranów Sandomierski (pow. tarnobrzeski, woj. podkarpackie) | BZ33: 0 | CA33: =IF(ISNUMBER(SEARCH('ankieta ESG'!$G$188,CB33)),MAX($CA$3:CA32)+1,0) -> 30 | CB33: Baranów Sandomierski (pow. tarnobrzeski, woj. podkarpackie) | CC33: 0 | CD33: =IFERROR(VLOOKUP(ROWS($CB$4:CB33),$CA$4:$CB$2337,2,0),"") -> Baranów Sandomierski (pow. tarnobrzeski, woj. podkarpackie) | CE33: 0 | CF33: =IF(ISNUMBER(SEARCH('ankieta ESG'!$G$189,CG33)),MAX($CF$3:CF32)+1,0) -> 30 | CG33: Baranów Sandomierski (pow. tarnobrzeski, woj. podkarpackie) | CH33: 0 | CI33: =IFERROR(VLOOKUP(ROWS($CG$4:CG33),$CF$4:$CG$2337,2,0),"") -> Baranów Sandomierski (pow. tarnobrzeski, woj. podkarpackie) | CJ33: 0
B34: =IF(ISNUMBER(SEARCH('ankieta ESG'!$E$11,C34)),MAX(B$3:$B33)+1,0) -> 31 | C34: 01.70.Z Łowiectwo i pozyskiwanie zwierząt łownych, włączając działalność usługową (PKD 2007) | D34: 0 | E34: =IFERROR(VLOOKUP(ROWS($C$4:C34),$B$4:$C$1385,2,0),"") -> 01.70.Z Łowiectwo i pozyskiwanie zwierząt łownych, włączając działalność usługową (PKD 2007) | F34: 0 | AM34: =IF(ISNUMBER(SEARCH('ankieta ESG'!$G$180,AN34)),MAX(AM$3:$AM33)+1,0) -> 31 | AN34: Barciany (pow. kętrzyński, woj. warmińsko-mazurskie) | AO34: 0 | AP34: =IFERROR(VLOOKUP(ROWS($AN$4:AN34),$AM$4:$AN$2337,2,0),"") -> Barciany (pow. kętrzyński, woj. warmińsko-mazurskie) | AQ34: 0 | AR34: =IF(ISNUMBER(SEARCH('ankieta ESG'!$G$181,AS34)),MAX($AR$3:AR33)+1,0) -> 31 | AS34: Barciany (pow. kętrzyński, woj. warmińsko-mazurskie) | AT34: 0 | AU34: =IFERROR(VLOOKUP(ROWS($AS$4:AS34),$AR$4:$AS$2337,2,0),"") -> Barciany (pow. kętrzyński, woj. warmińsko-mazurskie) | AV34: 0 | AW34: =IF(ISNUMBER(SEARCH('ankieta ESG'!$G$182,AX34)),MAX($AW$3:AW33)+1,0) -> 31 | AX34: Barciany (pow. kętrzyński, woj. warmińsko-mazurskie) | AY34: 0 | AZ34: =IFERROR(VLOOKUP(ROWS($AX$4:AX34),$AW$4:$AX$2337,2,0),"") -> Barciany (pow. kętrzyński, woj. warmińsko-mazurskie) | BA34: 0 | BB34: =IF(ISNUMBER(SEARCH('ankieta ESG'!$G$183,BC34)),MAX($BB$3:BB33)+1,0) -> 31 | BC34: Barciany (pow. kętrzyński, woj. warmińsko-mazurskie) | BD34: 0 | BE34: =IFERROR(VLOOKUP(ROWS($BC$4:BC34),$BB$4:$BC$2337,2,0),"") -> Barciany (pow. kętrzyński, woj. warmińsko-mazurskie) | BF34: 0 | BG34: =IF(ISNUMBER(SEARCH('ankieta ESG'!$G$184,BH34)),MAX($BG$3:BG33)+1,0) -> 31 | BH34: Barciany (pow. kętrzyński, woj. warmińsko-mazurskie) | BI34: 0 | BJ34: =IFERROR(VLOOKUP(ROWS($BH$4:BH34),$BG$4:$BH$2337,2,0),"") -> Barciany (pow. kętrzyński, woj. warmińsko-mazurskie) | BK34: 0 | BL34: =IF(ISNUMBER(SEARCH('ankieta ESG'!$G$185,BM34)),MAX($BL$3:BL33)+1,0) -> 31 | BM34: Barciany (pow. kętrzyński, woj. warmińsko-mazurskie) | BN34: 0 | BO34: =IFERROR(VLOOKUP(ROWS($BM$4:BM34),$BL$4:$BM$2337,2,0),"") -> Barciany (pow. kętrzyński, woj. warmińsko-mazurskie) | BP34: 0 | BQ34: =IF(ISNUMBER(SEARCH('ankieta ESG'!$G$186,BR34)),MAX($BQ$3:BQ33)+1,0) -> 31 | BR34: Barciany (pow. kętrzyński, woj. warmińsko-mazurskie) | BS34: 0 | BT34: =IFERROR(VLOOKUP(ROWS($BR$4:BR34),$BQ$4:$BR$2337,2,0),"") -> Barciany (pow. kętrzyński, woj. warmińsko-mazurskie) | BU34: 0 | BV34: =IF(ISNUMBER(SEARCH('ankieta ESG'!$G$187,BW34)),MAX($BV$3:BV33)+1,0) -> 31 | BW34: Barciany (pow. kętrzyński, woj. warmińsko-mazurskie) | BX34: 0 | BY34: =IFERROR(VLOOKUP(ROWS($BW$4:BW34),$BV$4:$BW$2337,2,0),"") -> Barciany (pow. kętrzyński, woj. warmińsko-mazurskie) | BZ34: 0 | CA34: =IF(ISNUMBER(SEARCH('ankieta ESG'!$G$188,CB34)),MAX($CA$3:CA33)+1,0) -> 31 | CB34: Barciany (pow. kętrzyński, woj. warmińsko-mazurskie) | CC34: 0 | CD34: =IFERROR(VLOOKUP(ROWS($CB$4:CB34),$CA$4:$CB$2337,2,0),"") -> Barciany (pow. kętrzyński, woj. warmińsko-mazurskie) | CE34: 0 | CF34: =IF(ISNUMBER(SEARCH('ankieta ESG'!$G$189,CG34)),MAX($CF$3:CF33)+1,0) -> 31 | CG34: Barciany (pow. kętrzyński, woj. warmińsko-mazurskie) | CH34: 0 | CI34: =IFERROR(VLOOKUP(ROWS($CG$4:CG34),$CF$4:$CG$2337,2,0),"") -> Barciany (pow. kętrzyński, woj. warmińsko-mazurskie) | CJ34: 0
B35: =IF(ISNUMBER(SEARCH('ankieta ESG'!$E$11,C35)),MAX(B$3:$B34)+1,0) -> 32 | C35: 02.10.Z Gospodarka leśna i pozostała działalność leśna, z wyłączeniem pozyskiwania produktów leśnych (PKD 2007) | D35: 0 | E35: =IFERROR(VLOOKUP(ROWS($C$4:C35),$B$4:$C$1385,2,0),"") -> 02.10.Z Gospodarka leśna i pozostała działalność leśna, z wyłączeniem pozyskiwania produktów leśnych (PKD 2007) | F35: 0 | AM35: =IF(ISNUMBER(SEARCH('ankieta ESG'!$G$180,AN35)),MAX(AM$3:$AM34)+1,0) -> 32 | AN35: Barcin (pow. żniński, woj. kujawsko-pomorskie) | AO35: 0 | AP35: =IFERROR(VLOOKUP(ROWS($AN$4:AN35),$AM$4:$AN$2337,2,0),"") -> Barcin (pow. żniński, woj. kujawsko-pomorskie) | AQ35: 0 | AR35: =IF(ISNUMBER(SEARCH('ankieta ESG'!$G$181,AS35)),MAX($AR$3:AR34)+1,0) -> 32 | AS35: Barcin (pow. żniński, woj. kujawsko-pomorskie) | AT35: 0 | AU35: =IFERROR(VLOOKUP(ROWS($AS$4:AS35),$AR$4:$AS$2337,2,0),"") -> Barcin (pow. żniński, woj. kujawsko-pomorskie) | AV35: 0 | AW35: =IF(ISNUMBER(SEARCH('ankieta ESG'!$G$182,AX35)),MAX($AW$3:AW34)+1,0) -> 32 | AX35: Barcin (pow. żniński, woj. kujawsko-pomorskie) | AY35: 0 | AZ35: =IFERROR(VLOOKUP(ROWS($AX$4:AX35),$AW$4:$AX$2337,2,0),"") -> Barcin (pow. żniński, woj. kujawsko-pomorskie) | BA35: 0 | BB35: =IF(ISNUMBER(SEARCH('ankieta ESG'!$G$183,BC35)),MAX($BB$3:BB34)+1,0) -> 32 | BC35: Barcin (pow. żniński, woj. kujawsko-pomorskie) | BD35: 0 | BE35: =IFERROR(VLOOKUP(ROWS($BC$4:BC35),$BB$4:$BC$2337,2,0),"") -> Barcin (pow. żniński, woj. kujawsko-pomorskie) | BF35: 0 | BG35: =IF(ISNUMBER(SEARCH('ankieta ESG'!$G$184,BH35)),MAX($BG$3:BG34)+1,0) -> 32 | BH35: Barcin (pow. żniński, woj. kujawsko-pomorskie) | BI35: 0 | BJ35: =IFERROR(VLOOKUP(ROWS($BH$4:BH35),$BG$4:$BH$2337,2,0),"") -> Barcin (pow. żniński, woj. kujawsko-pomorskie) | BK35: 0 | BL35: =IF(ISNUMBER(SEARCH('ankieta ESG'!$G$185,BM35)),MAX($BL$3:BL34)+1,0) -> 32 | BM35: Barcin (pow. żniński, woj. kujawsko-pomorskie) | BN35: 0 | BO35: =IFERROR(VLOOKUP(ROWS($BM$4:BM35),$BL$4:$BM$2337,2,0),"") -> Barcin (pow. żniński, woj. kujawsko-pomorskie) | BP35: 0 | BQ35: =IF(ISNUMBER(SEARCH('ankieta ESG'!$G$186,BR35)),MAX($BQ$3:BQ34)+1,0) -> 32 | BR35: Barcin (pow. żniński, woj. kujawsko-pomorskie) | BS35: 0 | BT35: =IFERROR(VLOOKUP(ROWS($BR$4:BR35),$BQ$4:$BR$2337,2,0),"") -> Barcin (pow. żniński, woj. kujawsko-pomorskie) | BU35: 0 | BV35: =IF(ISNUMBER(SEARCH('ankieta ESG'!$G$187,BW35)),MAX($BV$3:BV34)+1,0) -> 32 | BW35: Barcin (pow. żniński, woj. kujawsko-pomorskie) | BX35: 0 | BY35: =IFERROR(VLOOKUP(ROWS($BW$4:BW35),$BV$4:$BW$2337,2,0),"") -> Barcin (pow. żniński, woj. kujawsko-pomorskie) | BZ35: 0 | CA35: =IF(ISNUMBER(SEARCH('ankieta ESG'!$G$188,CB35)),MAX($CA$3:CA34)+1,0) -> 32 | CB35: Barcin (pow. żniński, woj. kujawsko-pomorskie) | CC35: 0 | CD35: =IFERROR(VLOOKUP(ROWS($CB$4:CB35),$CA$4:$CB$2337,2,0),"") -> Barcin (pow. żniński, woj. kujawsko-pomorskie) | CE35: 0 | CF35: =IF(ISNUMBER(SEARCH('ankieta ESG'!$G$189,CG35)),MAX($CF$3:CF34)+1,0) -> 32 | CG35: Barcin (pow. żniński, woj. kujawsko-pomorskie) | CH35: 0 | CI35: =IFERROR(VLOOKUP(ROWS($CG$4:CG35),$CF$4:$CG$2337,2,0),"") -> Barcin (pow. żniński, woj. kujawsko-pomorskie) | CJ35: 0
B36: =IF(ISNUMBER(SEARCH('ankieta ESG'!$E$11,C36)),MAX(B$3:$B35)+1,0) -> 33 | C36: 02.20.Z Pozyskiwanie drewna (PKD 2007) | D36: 0 | E36: =IFERROR(VLOOKUP(ROWS($C$4:C36),$B$4:$C$1385,2,0),"") -> 02.20.Z Pozyskiwanie drewna (PKD 2007) | F36: 0 | AM36: =IF(ISNUMBER(SEARCH('ankieta ESG'!$G$180,AN36)),MAX(AM$3:$AM35)+1,0) -> 33 | AN36: Barczewo (pow. olsztyński, woj. warmińsko-mazurskie) | AO36: 0 | AP36: =IFERROR(VLOOKUP(ROWS($AN$4:AN36),$AM$4:$AN$2337,2,0),"") -> Barczewo (pow. olsztyński, woj. warmińsko-mazurskie) | AQ36: 0 | AR36: =IF(ISNUMBER(SEARCH('ankieta ESG'!$G$181,AS36)),MAX($AR$3:AR35)+1,0) -> 33 | AS36: Barczewo (pow. olsztyński, woj. warmińsko-mazurskie) | AT36: 0 | AU36: =IFERROR(VLOOKUP(ROWS($AS$4:AS36),$AR$4:$AS$2337,2,0),"") -> Barczewo (pow. olsztyński, woj. warmińsko-mazurskie) | AV36: 0 | AW36: =IF(ISNUMBER(SEARCH('ankieta ESG'!$G$182,AX36)),MAX($AW$3:AW35)+1,0) -> 33 | AX36: Barczewo (pow. olsztyński, woj. warmińsko-mazurskie) | AY36: 0 | AZ36: =IFERROR(VLOOKUP(ROWS($AX$4:AX36),$AW$4:$AX$2337,2,0),"") -> Barczewo (pow. olsztyński, woj. warmińsko-mazurskie) | BA36: 0 | BB36: =IF(ISNUMBER(SEARCH('ankieta ESG'!$G$183,BC36)),MAX($BB$3:BB35)+1,0) -> 33 | BC36: Barczewo (pow. olsztyński, woj. warmińsko-mazurskie) | BD36: 0 | BE36: =IFERROR(VLOOKUP(ROWS($BC$4:BC36),$BB$4:$BC$2337,2,0),"") -> Barczewo (pow. olsztyński, woj. warmińsko-mazurskie) | BF36: 0 | BG36: =IF(ISNUMBER(SEARCH('ankieta ESG'!$G$184,BH36)),MAX($BG$3:BG35)+1,0) -> 33 | BH36: Barczewo (pow. olsztyński, woj. warmińsko-mazurskie) | BI36: 0 | BJ36: =IFERROR(VLOOKUP(ROWS($BH$4:BH36),$BG$4:$BH$2337,2,0),"") -> Barczewo (pow. olsztyński, woj. warmińsko-mazurskie) | BK36: 0 | BL36: =IF(ISNUMBER(SEARCH('ankieta ESG'!$G$185,BM36)),MAX($BL$3:BL35)+1,0) -> 33 | BM36: Barczewo (pow. olsztyński, woj. warmińsko-mazurskie) | BN36: 0 | BO36: =IFERROR(VLOOKUP(ROWS($BM$4:BM36),$BL$4:$BM$2337,2,0),"") -> Barczewo (pow. olsztyński, woj. warmińsko-mazurskie) | BP36: 0 | BQ36: =IF(ISNUMBER(SEARCH('ankieta ESG'!$G$186,BR36)),MAX($BQ$3:BQ35)+1,0) -> 33 | BR36: Barczewo (pow. olsztyński, woj. warmińsko-mazurskie) | BS36: 0 | BT36: =IFERROR(VLOOKUP(ROWS($BR$4:BR36),$BQ$4:$BR$2337,2,0),"") -> Barczewo (pow. olsztyński, woj. warmińsko-mazurskie) | BU36: 0 | BV36: =IF(ISNUMBER(SEARCH('ankieta ESG'!$G$187,BW36)),MAX($BV$3:BV35)+1,0) -> 33 | BW36: Barczewo (pow. olsztyński, woj. warmińsko-mazurskie) | BX36: 0 | BY36: =IFERROR(VLOOKUP(ROWS($BW$4:BW36),$BV$4:$BW$2337,2,0),"") -> Barczewo (pow. olsztyński, woj. warmińsko-mazurskie) | BZ36: 0 | CA36: =IF(ISNUMBER(SEARCH('ankieta ESG'!$G$188,CB36)),MAX($CA$3:CA35)+1,0) -> 33 | CB36: Barczewo (pow. olsztyński, woj. warmińsko-mazurskie) | CC36: 0 | CD36: =IFERROR(VLOOKUP(ROWS($CB$4:CB36),$CA$4:$CB$2337,2,0),"") -> Barczewo (pow. olsztyński, woj. warmińsko-mazurskie) | CE36: 0 | CF36: =IF(ISNUMBER(SEARCH('ankieta ESG'!$G$189,CG36)),MAX($CF$3:CF35)+1,0) -> 33 | CG36: Barczewo (pow. olsztyński, woj. warmińsko-mazurskie) | CH36: 0 | CI36: =IFERROR(VLOOKUP(ROWS($CG$4:CG36),$CF$4:$CG$2337,2,0),"") -> Barczewo (pow. olsztyński, woj. warmińsko-mazurskie) | CJ36: 0
... B1385: =IF(ISNUMBER(SEARCH('ankieta ESG'!$E$11,C1385)),MAX(B$3:$B1384)+1,0) -> 1382 | C1385: 99.00.Z Organizacje i zespoły eksterytorialne (PKD 2025) | D1385: 0 | E1385: =IFERROR(VLOOKUP(ROWS($C$4:C1385),$B$4:$C$1385,2,0),"") -> 99.00.Z Organizacje i zespoły eksterytorialne (PKD 2025) | F1385: 0 | AM1385: =IF(ISNUMBER(SEARCH('ankieta ESG'!$G$180,AN1385)),MAX(AM$3:$AM1384)+1,0) -> 1382 | AN1385: Pakosławice (pow. nyski, woj. opolskie) | AO1385: 0 | AP1385: =IFERROR(VLOOKUP(ROWS($AN$4:AN1385),$AM$4:$AN$2337,2,0),"") -> Pakosławice (pow. nyski, woj. opolskie) | AQ1385: 0 | AR1385: =IF(ISNUMBER(SEARCH('ankieta ESG'!$G$181,AS1385)),MAX($AR$3:AR1384)+1,0) -> 1382 | AS1385: Pakosławice (pow. nyski, woj. opolskie) | AT1385: 0 | AU1385: =IFERROR(VLOOKUP(ROWS($AS$4:AS1385),$AR$4:$AS$2337,2,0),"") -> Pakosławice (pow. nyski, woj. opolskie) | AV1385: 0 | AW1385: =IF(ISNUMBER(SEARCH('ankieta ESG'!$G$182,AX1385)),MAX($AW$3:AW1384)+1,0) -> 1382 | AX1385: Pakosławice (pow. nyski, woj. opolskie) | AY1385: 0 | AZ1385: =IFERROR(VLOOKUP(ROWS($AX$4:AX1385),$AW$4:$AX$2337,2,0),"") -> Pakosławice (pow. nyski, woj. opolskie) | BA1385: 0 | BB1385: =IF(ISNUMBER(SEARCH('ankieta ESG'!$G$183,BC1385)),MAX($BB$3:BB1384)+1,0) -> 1382 | BC1385: Pakosławice (pow. nyski, woj. opolskie) | BD1385: 0 | BE1385: =IFERROR(VLOOKUP(ROWS($BC$4:BC1385),$BB$4:$BC$2337,2,0),"") -> Pakosławice (pow. nyski, woj. opolskie) | BF1385: 0 | BG1385: =IF(ISNUMBER(SEARCH('ankieta ESG'!$G$184,BH1385)),MAX($BG$3:BG1384)+1,0) -> 1382 | BH1385: Pakosławice (pow. nyski, woj. opolskie) | BI1385: 0 | BJ1385: =IFERROR(VLOOKUP(ROWS($BH$4:BH1385),$BG$4:$BH$2337,2,0),"") -> Pakosławice (pow. nyski, woj. opolskie) | BK1385: 0 | BL1385: =IF(ISNUMBER(SEARCH('ankieta ESG'!$G$185,BM1385)),MAX($BL$3:BL1384)+1,0) -> 1382 | BM1385: Pakosławice (pow. nyski, woj. opolskie) | BN1385: 0 | BO1385: =IFERROR(VLOOKUP(ROWS($BM$4:BM1385),$BL$4:$BM$2337,2,0),"") -> Pakosławice (pow. nyski, woj. opolskie) | BP1385: 0 | BQ1385: =IF(ISNUMBER(SEARCH('ankieta ESG'!$G$186,BR1385)),MAX($BQ$3:BQ1384)+1,0) -> 1382 | BR1385: Pakosławice (pow. nyski, woj. opolskie) | BS1385: 0 | BT1385: =IFERROR(VLOOKUP(ROWS($BR$4:BR1385),$BQ$4:$BR$2337,2,0),"") -> Pakosławice (pow. nyski, woj. opolskie) | BU1385: 0 | BV1385: =IF(ISNUMBER(SEARCH('ankieta ESG'!$G$187,BW1385)),MAX($BV$3:BV1384)+1,0) -> 1382 | BW1385: Pakosławice (pow. nyski, woj. opolskie) | BX1385: 0 | BY1385: =IFERROR(VLOOKUP(ROWS($BW$4:BW1385),$BV$4:$BW$2337,2,0),"") -> Pakosławice (pow. nyski, woj. opolskie) | BZ1385: 0 | CA1385: =IF(ISNUMBER(SEARCH('ankieta ESG'!$G$188,CB1385)),MAX($CA$3:CA1384)+1,0) -> 1382 | CB1385: Pakosławice (pow. nyski, woj. opolskie) | CC1385: 0 | CD1385: =IFERROR(VLOOKUP(ROWS($CB$4:CB1385),$CA$4:$CB$2337,2,0),"") -> Pakosławice (pow. nyski, woj. opolskie) | CE1385: 0 | CF1385: =IF(ISNUMBER(SEARCH('ankieta ESG'!$G$189,CG1385)),MAX($CF$3:CF1384)+1,0) -> 1382 | CG1385: Pakosławice (pow. nyski, woj. opolskie) | CH1385: 0 | CI1385: =IFERROR(VLOOKUP(ROWS($CG$4:CG1385),$CF$4:$CG$2337,2,0),"") -> Pakosławice (pow. nyski, woj. opolskie) | CJ1385: 0
AM1386: =IF(ISNUMBER(SEARCH('ankieta ESG'!$G$180,AN1386)),MAX(AM$3:$AM1385)+1,0) -> 1383 | AN1386: Pakość (pow. inowrocławski, woj. kujawsko-pomorskie) | AO1386: 0 | AP1386: =IFERROR(VLOOKUP(ROWS($AN$4:AN1386),$AM$4:$AN$2337,2,0),"") -> Pakość (pow. inowrocławski, woj. kujawsko-pomorskie) | AQ1386: 0 | AR1386: =IF(ISNUMBER(SEARCH('ankieta ESG'!$G$181,AS1386)),MAX($AR$3:AR1385)+1,0) -> 1383 | AS1386: Pakość (pow. inowrocławski, woj. kujawsko-pomorskie) | AT1386: 0 | AU1386: =IFERROR(VLOOKUP(ROWS($AS$4:AS1386),$AR$4:$AS$2337,2,0),"") -> Pakość (pow. inowrocławski, woj. kujawsko-pomorskie) | AV1386: 0 | AW1386: =IF(ISNUMBER(SEARCH('ankieta ESG'!$G$182,AX1386)),MAX($AW$3:AW1385)+1,0) -> 1383 | AX1386: Pakość (pow. inowrocławski, woj. kujawsko-pomorskie) | AY1386: 0 | AZ1386: =IFERROR(VLOOKUP(ROWS($AX$4:AX1386),$AW$4:$AX$2337,2,0),"") -> Pakość (pow. inowrocławski, woj. kujawsko-pomorskie) | BA1386: 0 | BB1386: =IF(ISNUMBER(SEARCH('ankieta ESG'!$G$183,BC1386)),MAX($BB$3:BB1385)+1,0) -> 1383 | BC1386: Pakość (pow. inowrocławski, woj. kujawsko-pomorskie) | BD1386: 0 | BE1386: =IFERROR(VLOOKUP(ROWS($BC$4:BC1386),$BB$4:$BC$2337,2,0),"") -> Pakość (pow. inowrocławski, woj. kujawsko-pomorskie) | BF1386: 0 | BG1386: =IF(ISNUMBER(SEARCH('ankieta ESG'!$G$184,BH1386)),MAX($BG$3:BG1385)+1,0) -> 1383 | BH1386: Pakość (pow. inowrocławski, woj. kujawsko-pomorskie) | BI1386: 0 | BJ1386: =IFERROR(VLOOKUP(ROWS($BH$4:BH1386),$BG$4:$BH$2337,2,0),"") -> Pakość (pow. inowrocławski, woj. kujawsko-pomorskie) | BK1386: 0 | BL1386: =IF(ISNUMBER(SEARCH('ankieta ESG'!$G$185,BM1386)),MAX($BL$3:BL1385)+1,0) -> 1383 | BM1386: Pakość (pow. inowrocławski, woj. kujawsko-pomorskie) | BN1386: 0 | BO1386: =IFERROR(VLOOKUP(ROWS($BM$4:BM1386),$BL$4:$BM$2337,2,0),"") -> Pakość (pow. inowrocławski, woj. kujawsko-pomorskie) | BP1386: 0 | BQ1386: =IF(ISNUMBER(SEARCH('ankieta ESG'!$G$186,BR1386)),MAX($BQ$3:BQ1385)+1,0) -> 1383 | BR1386: Pakość (pow. inowrocławski, woj. kujawsko-pomorskie) | BS1386: 0 | BT1386: =IFERROR(VLOOKUP(ROWS($BR$4:BR1386),$BQ$4:$BR$2337,2,0),"") -> Pakość (pow. inowrocławski, woj. kujawsko-pomorskie) | BU1386: 0 | BV1386: =IF(ISNUMBER(SEARCH('ankieta ESG'!$G$187,BW1386)),MAX($BV$3:BV1385)+1,0) -> 1383 | BW1386: Pakość (pow. inowrocławski, woj. kujawsko-pomorskie) | BX1386: 0 | BY1386: =IFERROR(VLOOKUP(ROWS($BW$4:BW1386),$BV$4:$BW$2337,2,0),"") -> Pakość (pow. inowrocławski, woj. kujawsko-pomorskie) | BZ1386: 0 | CA1386: =IF(ISNUMBER(SEARCH('ankieta ESG'!$G$188,CB1386)),MAX($CA$3:CA1385)+1,0) -> 1383 | CB1386: Pakość (pow. inowrocławski, woj. kujawsko-pomorskie) | CC1386: 0 | CD1386: =IFERROR(VLOOKUP(ROWS($CB$4:CB1386),$CA$4:$CB$2337,2,0),"") -> Pakość (pow. inowrocławski, woj. kujawsko-pomorskie) | CE1386: 0 | CF1386: =IF(ISNUMBER(SEARCH('ankieta ESG'!$G$189,CG1386)),MAX($CF$3:CF1385)+1,0) -> 1383 | CG1386: Pakość (pow. inowrocławski, woj. kujawsko-pomorskie) | CH1386: 0 | CI1386: =IFERROR(VLOOKUP(ROWS($CG$4:CG1386),$CF$4:$CG$2337,2,0),"") -> Pakość (pow. inowrocławski, woj. kujawsko-pomorskie) | CJ1386: 0
AM1387: =IF(ISNUMBER(SEARCH('ankieta ESG'!$G$180,AN1387)),MAX(AM$3:$AM1386)+1,0) -> 1384 | AN1387: Pałecznica (pow. proszowicki, woj. małopolskie) | AO1387: 0 | AP1387: =IFERROR(VLOOKUP(ROWS($AN$4:AN1387),$AM$4:$AN$2337,2,0),"") -> Pałecznica (pow. proszowicki, woj. małopolskie) | AQ1387: 0 | AR1387: =IF(ISNUMBER(SEARCH('ankieta ESG'!$G$181,AS1387)),MAX($AR$3:AR1386)+1,0) -> 1384 | AS1387: Pałecznica (pow. proszowicki, woj. małopolskie) | AT1387: 0 | AU1387: =IFERROR(VLOOKUP(ROWS($AS$4:AS1387),$AR$4:$AS$2337,2,0),"") -> Pałecznica (pow. proszowicki, woj. małopolskie) | AV1387: 0 | AW1387: =IF(ISNUMBER(SEARCH('ankieta ESG'!$G$182,AX1387)),MAX($AW$3:AW1386)+1,0) -> 1384 | AX1387: Pałecznica (pow. proszowicki, woj. małopolskie) | AY1387: 0 | AZ1387: =IFERROR(VLOOKUP(ROWS($AX$4:AX1387),$AW$4:$AX$2337,2,0),"") -> Pałecznica (pow. proszowicki, woj. małopolskie) | BA1387: 0 | BB1387: =IF(ISNUMBER(SEARCH('ankieta ESG'!$G$183,BC1387)),MAX($BB$3:BB1386)+1,0) -> 1384 | BC1387: Pałecznica (pow. proszowicki, woj. małopolskie) | BD1387: 0 | BE1387: =IFERROR(VLOOKUP(ROWS($BC$4:BC1387),$BB$4:$BC$2337,2,0),"") -> Pałecznica (pow. proszowicki, woj. małopolskie) | BF1387: 0 | BG1387: =IF(ISNUMBER(SEARCH('ankieta ESG'!$G$184,BH1387)),MAX($BG$3:BG1386)+1,0) -> 1384 | BH1387: Pałecznica (pow. proszowicki, woj. małopolskie) | BI1387: 0 | BJ1387: =IFERROR(VLOOKUP(ROWS($BH$4:BH1387),$BG$4:$BH$2337,2,0),"") -> Pałecznica (pow. proszowicki, woj. małopolskie) | BK1387: 0 | BL1387: =IF(ISNUMBER(SEARCH('ankieta ESG'!$G$185,BM1387)),MAX($BL$3:BL1386)+1,0) -> 1384 | BM1387: Pałecznica (pow. proszowicki, woj. małopolskie) | BN1387: 0 | BO1387: =IFERROR(VLOOKUP(ROWS($BM$4:BM1387),$BL$4:$BM$2337,2,0),"") -> Pałecznica (pow. proszowicki, woj. małopolskie) | BP1387: 0 | BQ1387: =IF(ISNUMBER(SEARCH('ankieta ESG'!$G$186,BR1387)),MAX($BQ$3:BQ1386)+1,0) -> 1384 | BR1387: Pałecznica (pow. proszowicki, woj. małopolskie) | BS1387: 0 | BT1387: =IFERROR(VLOOKUP(ROWS($BR$4:BR1387),$BQ$4:$BR$2337,2,0),"") -> Pałecznica (pow. proszowicki, woj. małopolskie) | BU1387: 0 | BV1387: =IF(ISNUMBER(SEARCH('ankieta ESG'!$G$187,BW1387)),MAX($BV$3:BV1386)+1,0) -> 1384 | BW1387: Pałecznica (pow. proszowicki, woj. małopolskie) | BX1387: 0 | BY1387: =IFERROR(VLOOKUP(ROWS($BW$4:BW1387),$BV$4:$BW$2337,2,0),"") -> Pałecznica (pow. proszowicki, woj. małopolskie) | BZ1387: 0 | CA1387: =IF(ISNUMBER(SEARCH('ankieta ESG'!$G$188,CB1387)),MAX($CA$3:CA1386)+1,0) -> 1384 | CB1387: Pałecznica (pow. proszowicki, woj. małopolskie) | CC1387: 0 | CD1387: =IFERROR(VLOOKUP(ROWS($CB$4:CB1387),$CA$4:$CB$2337,2,0),"") -> Pałecznica (pow. proszowicki, woj. małopolskie) | CE1387: 0 | CF1387: =IF(ISNUMBER(SEARCH('ankieta ESG'!$G$189,CG1387)),MAX($CF$3:CF1386)+1,0) -> 1384 | CG1387: Pałecznica (pow. proszowicki, woj. małopolskie) | CH1387: 0 | CI1387: =IFERROR(VLOOKUP(ROWS($CG$4:CG1387),$CF$4:$CG$2337,2,0),"") -> Pałecznica (pow. proszowicki, woj. małopolskie) | CJ1387: 0
AM1388: =IF(ISNUMBER(SEARCH('ankieta ESG'!$G$180,AN1388)),MAX(AM$3:$AM1387)+1,0) -> 1385 | AN1388: Panki (pow. kłobucki, woj. śląskie) | AO1388: 0 | AP1388: =IFERROR(VLOOKUP(ROWS($AN$4:AN1388),$AM$4:$AN$2337,2,0),"") -> Panki (pow. kłobucki, woj. śląskie) | AQ1388: 0 | AR1388: =IF(ISNUMBER(SEARCH('ankieta ESG'!$G$181,AS1388)),MAX($AR$3:AR1387)+1,0) -> 1385 | AS1388: Panki (pow. kłobucki, woj. śląskie) | AT1388: 0 | AU1388: =IFERROR(VLOOKUP(ROWS($AS$4:AS1388),$AR$4:$AS$2337,2,0),"") -> Panki (pow. kłobucki, woj. śląskie) | AV1388: 0 | AW1388: =IF(ISNUMBER(SEARCH('ankieta ESG'!$G$182,AX1388)),MAX($AW$3:AW1387)+1,0) -> 1385 | AX1388: Panki (pow. kłobucki, woj. śląskie) | AY1388: 0 | AZ1388: =IFERROR(VLOOKUP(ROWS($AX$4:AX1388),$AW$4:$AX$2337,2,0),"") -> Panki (pow. kłobucki, woj. śląskie) | BA1388: 0 | BB1388: =IF(ISNUMBER(SEARCH('ankieta ESG'!$G$183,BC1388)),MAX($BB$3:BB1387)+1,0) -> 1385 | BC1388: Panki (pow. kłobucki, woj. śląskie) | BD1388: 0 | BE1388: =IFERROR(VLOOKUP(ROWS($BC$4:BC1388),$BB$4:$BC$2337,2,0),"") -> Panki (pow. kłobucki, woj. śląskie) | BF1388: 0 | BG1388: =IF(ISNUMBER(SEARCH('ankieta ESG'!$G$184,BH1388)),MAX($BG$3:BG1387)+1,0) -> 1385 | BH1388: Panki (pow. kłobucki, woj. śląskie) | BI1388: 0 | BJ1388: =IFERROR(VLOOKUP(ROWS($BH$4:BH1388),$BG$4:$BH$2337,2,0),"") -> Panki (pow. kłobucki, woj. śląskie) | BK1388: 0 | BL1388: =IF(ISNUMBER(SEARCH('ankieta ESG'!$G$185,BM1388)),MAX($BL$3:BL1387)+1,0) -> 1385 | BM1388: Panki (pow. kłobucki, woj. śląskie) | BN1388: 0 | BO1388: =IFERROR(VLOOKUP(ROWS($BM$4:BM1388),$BL$4:$BM$2337,2,0),"") -> Panki (pow. kłobucki, woj. śląskie) | BP1388: 0 | BQ1388: =IF(ISNUMBER(SEARCH('ankieta ESG'!$G$186,BR1388)),MAX($BQ$3:BQ1387)+1,0) -> 1385 | BR1388: Panki (pow. kłobucki, woj. śląskie) | BS1388: 0 | BT1388: =IFERROR(VLOOKUP(ROWS($BR$4:BR1388),$BQ$4:$BR$2337,2,0),"") -> Panki (pow. kłobucki, woj. śląskie) | BU1388: 0 | BV1388: =IF(ISNUMBER(SEARCH('ankieta ESG'!$G$187,BW1388)),MAX($BV$3:BV1387)+1,0) -> 1385 | BW1388: Panki (pow. kłobucki, woj. śląskie) | BX1388: 0 | BY1388: =IFERROR(VLOOKUP(ROWS($BW$4:BW1388),$BV$4:$BW$2337,2,0),"") -> Panki (pow. kłobucki, woj. śląskie) | BZ1388: 0 | CA1388: =IF(ISNUMBER(SEARCH('ankieta ESG'!$G$188,CB1388)),MAX($CA$3:CA1387)+1,0) -> 1385 | CB1388: Panki (pow. kłobucki, woj. śląskie) | CC1388: 0 | CD1388: =IFERROR(VLOOKUP(ROWS($CB$4:CB1388),$CA$4:$CB$2337,2,0),"") -> Panki (pow. kłobucki, woj. śląskie) | CE1388: 0 | CF1388: =IF(ISNUMBER(SEARCH('ankieta ESG'!$G$189,CG1388)),MAX($CF$3:CF1387)+1,0) -> 1385 | CG1388: Panki (pow. kłobucki, woj. śląskie) | CH1388: 0 | CI1388: =IFERROR(VLOOKUP(ROWS($CG$4:CG1388),$CF$4:$CG$2337,2,0),"") -> Panki (pow. kłobucki, woj. śląskie) | CJ1388: 0
AM1389: =IF(ISNUMBER(SEARCH('ankieta ESG'!$G$180,AN1389)),MAX(AM$3:$AM1388)+1,0) -> 1386 | AN1389: Papowo Biskupie (pow. chełmiński, woj. kujawsko-pomorskie) | AO1389: 0 | AP1389: =IFERROR(VLOOKUP(ROWS($AN$4:AN1389),$AM$4:$AN$2337,2,0),"") -> Papowo Biskupie (pow. chełmiński, woj. kujawsko-pomorskie) | AQ1389: 0 | AR1389: =IF(ISNUMBER(SEARCH('ankieta ESG'!$G$181,AS1389)),MAX($AR$3:AR1388)+1,0) -> 1386 | AS1389: Papowo Biskupie (pow. chełmiński, woj. kujawsko-pomorskie) | AT1389: 0 | AU1389: =IFERROR(VLOOKUP(ROWS($AS$4:AS1389),$AR$4:$AS$2337,2,0),"") -> Papowo Biskupie (pow. chełmiński, woj. kujawsko-pomorskie) | AV1389: 0 | AW1389: =IF(ISNUMBER(SEARCH('ankieta ESG'!$G$182,AX1389)),MAX($AW$3:AW1388)+1,0) -> 1386 | AX1389: Papowo Biskupie (pow. chełmiński, woj. kujawsko-pomorskie) | AY1389: 0 | AZ1389: =IFERROR(VLOOKUP(ROWS($AX$4:AX1389),$AW$4:$AX$2337,2,0),"") -> Papowo Biskupie (pow. chełmiński, woj. kujawsko-pomorskie) | BA1389: 0 | BB1389: =IF(ISNUMBER(SEARCH('ankieta ESG'!$G$183,BC1389)),MAX($BB$3:BB1388)+1,0) -> 1386 | BC1389: Papowo Biskupie (pow. chełmiński, woj. kujawsko-pomorskie) | BD1389: 0 | BE1389: =IFERROR(VLOOKUP(ROWS($BC$4:BC1389),$BB$4:$BC$2337,2,0),"") -> Papowo Biskupie (pow. chełmiński, woj. kujawsko-pomorskie) | BF1389: 0 | BG1389: =IF(ISNUMBER(SEARCH('ankieta ESG'!$G$184,BH1389)),MAX($BG$3:BG1388)+1,0) -> 1386 | BH1389: Papowo Biskupie (pow. chełmiński, woj. kujawsko-pomorskie) | BI1389: 0 | BJ1389: =IFERROR(VLOOKUP(ROWS($BH$4:BH1389),$BG$4:$BH$2337,2,0),"") -> Papowo Biskupie (pow. chełmiński, woj. kujawsko-pomorskie) | BK1389: 0 | BL1389: =IF(ISNUMBER(SEARCH('ankieta ESG'!$G$185,BM1389)),MAX($BL$3:BL1388)+1,0) -> 1386 | BM1389: Papowo Biskupie (pow. chełmiński, woj. kujawsko-pomorskie) | BN1389: 0 | BO1389: =IFERROR(VLOOKUP(ROWS($BM$4:BM1389),$BL$4:$BM$2337,2,0),"") -> Papowo Biskupie (pow. chełmiński, woj. kujawsko-pomorskie) | BP1389: 0 | BQ1389: =IF(ISNUMBER(SEARCH('ankieta ESG'!$G$186,BR1389)),MAX($BQ$3:BQ1388)+1,0) -> 1386 | BR1389: Papowo Biskupie (pow. chełmiński, woj. kujawsko-pomorskie) | BS1389: 0 | BT1389: =IFERROR(VLOOKUP(ROWS($BR$4:BR1389),$BQ$4:$BR$2337,2,0),"") -> Papowo Biskupie (pow. chełmiński, woj. kujawsko-pomorskie) | BU1389: 0 | BV1389: =IF(ISNUMBER(SEARCH('ankieta ESG'!$G$187,BW1389)),MAX($BV$3:BV1388)+1,0) -> 1386 | BW1389: Papowo Biskupie (pow. chełmiński, woj. kujawsko-pomorskie) | BX1389: 0 | BY1389: =IFERROR(VLOOKUP(ROWS($BW$4:BW1389),$BV$4:$BW$2337,2,0),"") -> Papowo Biskupie (pow. chełmiński, woj. kujawsko-pomorskie) | BZ1389: 0 | CA1389: =IF(ISNUMBER(SEARCH('ankieta ESG'!$G$188,CB1389)),MAX($CA$3:CA1388)+1,0) -> 1386 | CB1389: Papowo Biskupie (pow. chełmiński, woj. kujawsko-pomorskie) | CC1389: 0 | CD1389: =IFERROR(VLOOKUP(ROWS($CB$4:CB1389),$CA$4:$CB$2337,2,0),"") -> Papowo Biskupie (pow. chełmiński, woj. kujawsko-pomorskie) | CE1389: 0 | CF1389: =IF(ISNUMBER(SEARCH('ankieta ESG'!$G$189,CG1389)),MAX($CF$3:CF1388)+1,0) -> 1386 | CG1389: Papowo Biskupie (pow. chełmiński, woj. kujawsko-pomorskie) | CH1389: 0 | CI1389: =IFERROR(VLOOKUP(ROWS($CG$4:CG1389),$CF$4:$CG$2337,2,0),"") -> Papowo Biskupie (pow. chełmiński, woj. kujawsko-pomorskie) | CJ1389: 0
AM1390: =IF(ISNUMBER(SEARCH('ankieta ESG'!$G$180,AN1390)),MAX(AM$3:$AM1389)+1,0) -> 1387 | AN1390: Paprotnia (pow. siedlecki, woj. mazowieckie) | AO1390: 0 | AP1390: =IFERROR(VLOOKUP(ROWS($AN$4:AN1390),$AM$4:$AN$2337,2,0),"") -> Paprotnia (pow. siedlecki, woj. mazowieckie) | AQ1390: 0 | AR1390: =IF(ISNUMBER(SEARCH('ankieta ESG'!$G$181,AS1390)),MAX($AR$3:AR1389)+1,0) -> 1387 | AS1390: Paprotnia (pow. siedlecki, woj. mazowieckie) | AT1390: 0 | AU1390: =IFERROR(VLOOKUP(ROWS($AS$4:AS1390),$AR$4:$AS$2337,2,0),"") -> Paprotnia (pow. siedlecki, woj. mazowieckie) | AV1390: 0 | AW1390: =IF(ISNUMBER(SEARCH('ankieta ESG'!$G$182,AX1390)),MAX($AW$3:AW1389)+1,0) -> 1387 | AX1390: Paprotnia (pow. siedlecki, woj. mazowieckie) | AY1390: 0 | AZ1390: =IFERROR(VLOOKUP(ROWS($AX$4:AX1390),$AW$4:$AX$2337,2,0),"") -> Paprotnia (pow. siedlecki, woj. mazowieckie) | BA1390: 0 | BB1390: =IF(ISNUMBER(SEARCH('ankieta ESG'!$G$183,BC1390)),MAX($BB$3:BB1389)+1,0) -> 1387 | BC1390: Paprotnia (pow. siedlecki, woj. mazowieckie) | BD1390: 0 | BE1390: =IFERROR(VLOOKUP(ROWS($BC$4:BC1390),$BB$4:$BC$2337,2,0),"") -> Paprotnia (pow. siedlecki, woj. mazowieckie) | BF1390: 0 | BG1390: =IF(ISNUMBER(SEARCH('ankieta ESG'!$G$184,BH1390)),MAX($BG$3:BG1389)+1,0) -> 1387 | BH1390: Paprotnia (pow. siedlecki, woj. mazowieckie) | BI1390: 0 | BJ1390: =IFERROR(VLOOKUP(ROWS($BH$4:BH1390),$BG$4:$BH$2337,2,0),"") -> Paprotnia (pow. siedlecki, woj. mazowieckie) | BK1390: 0 | BL1390: =IF(ISNUMBER(SEARCH('ankieta ESG'!$G$185,BM1390)),MAX($BL$3:BL1389)+1,0) -> 1387 | BM1390: Paprotnia (pow. siedlecki, woj. mazowieckie) | BN1390: 0 | BO1390: =IFERROR(VLOOKUP(ROWS($BM$4:BM1390),$BL$4:$BM$2337,2,0),"") -> Paprotnia (pow. siedlecki, woj. mazowieckie) | BP1390: 0 | BQ1390: =IF(ISNUMBER(SEARCH('ankieta ESG'!$G$186,BR1390)),MAX($BQ$3:BQ1389)+1,0) -> 1387 | BR1390: Paprotnia (pow. siedlecki, woj. mazowieckie) | BS1390: 0 | BT1390: =IFERROR(VLOOKUP(ROWS($BR$4:BR1390),$BQ$4:$BR$2337,2,0),"") -> Paprotnia (pow. siedlecki, woj. mazowieckie) | BU1390: 0 | BV1390: =IF(ISNUMBER(SEARCH('ankieta ESG'!$G$187,BW1390)),MAX($BV$3:BV1389)+1,0) -> 1387 | BW1390: Paprotnia (pow. siedlecki, woj. mazowieckie) | BX1390: 0 | BY1390: =IFERROR(VLOOKUP(ROWS($BW$4:BW1390),$BV$4:$BW$2337,2,0),"") -> Paprotnia (pow. siedlecki, woj. mazowieckie) | BZ1390: 0 | CA1390: =IF(ISNUMBER(SEARCH('ankieta ESG'!$G$188,CB1390)),MAX($CA$3:CA1389)+1,0) -> 1387 | CB1390: Paprotnia (pow. siedlecki, woj. mazowieckie) | CC1390: 0 | CD1390: =IFERROR(VLOOKUP(ROWS($CB$4:CB1390),$CA$4:$CB$2337,2,0),"") -> Paprotnia (pow. siedlecki, woj. mazowieckie) | CE1390: 0 | CF1390: =IF(ISNUMBER(SEARCH('ankieta ESG'!$G$189,CG1390)),MAX($CF$3:CF1389)+1,0) -> 1387 | CG1390: Paprotnia (pow. siedlecki, woj. mazowieckie) | CH1390: 0 | CI1390: =IFERROR(VLOOKUP(ROWS($CG$4:CG1390),$CF$4:$CG$2337,2,0),"") -> Paprotnia (pow. siedlecki, woj. mazowieckie) | CJ1390: 0
AM1391: =IF(ISNUMBER(SEARCH('ankieta ESG'!$G$180,AN1391)),MAX(AM$3:$AM1390)+1,0) -> 1388 | AN1391: Paradyż (pow. opoczyński, woj. łódzkie) | AO1391: 0 | AP1391: =IFERROR(VLOOKUP(ROWS($AN$4:AN1391),$AM$4:$AN$2337,2,0),"") -> Paradyż (pow. opoczyński, woj. łódzkie) | AQ1391: 0 | AR1391: =IF(ISNUMBER(SEARCH('ankieta ESG'!$G$181,AS1391)),MAX($AR$3:AR1390)+1,0) -> 1388 | AS1391: Paradyż (pow. opoczyński, woj. łódzkie) | AT1391: 0 | AU1391: =IFERROR(VLOOKUP(ROWS($AS$4:AS1391),$AR$4:$AS$2337,2,0),"") -> Paradyż (pow. opoczyński, woj. łódzkie) | AV1391: 0 | AW1391: =IF(ISNUMBER(SEARCH('ankieta ESG'!$G$182,AX1391)),MAX($AW$3:AW1390)+1,0) -> 1388 | AX1391: Paradyż (pow. opoczyński, woj. łódzkie) | AY1391: 0 | AZ1391: =IFERROR(VLOOKUP(ROWS($AX$4:AX1391),$AW$4:$AX$2337,2,0),"") -> Paradyż (pow. opoczyński, woj. łódzkie) | BA1391: 0 | BB1391: =IF(ISNUMBER(SEARCH('ankieta ESG'!$G$183,BC1391)),MAX($BB$3:BB1390)+1,0) -> 1388 | BC1391: Paradyż (pow. opoczyński, woj. łódzkie) | BD1391: 0 | BE1391: =IFERROR(VLOOKUP(ROWS($BC$4:BC1391),$BB$4:$BC$2337,2,0),"") -> Paradyż (pow. opoczyński, woj. łódzkie) | BF1391: 0 | BG1391: =IF(ISNUMBER(SEARCH('ankieta ESG'!$G$184,BH1391)),MAX($BG$3:BG1390)+1,0) -> 1388 | BH1391: Paradyż (pow. opoczyński, woj. łódzkie) | BI1391: 0 | BJ1391: =IFERROR(VLOOKUP(ROWS($BH$4:BH1391),$BG$4:$BH$2337,2,0),"") -> Paradyż (pow. opoczyński, woj. łódzkie) | BK1391: 0 | BL1391: =IF(ISNUMBER(SEARCH('ankieta ESG'!$G$185,BM1391)),MAX($BL$3:BL1390)+1,0) -> 1388 | BM1391: Paradyż (pow. opoczyński, woj. łódzkie) | BN1391: 0 | BO1391: =IFERROR(VLOOKUP(ROWS($BM$4:BM1391),$BL$4:$BM$2337,2,0),"") -> Paradyż (pow. opoczyński, woj. łódzkie) | BP1391: 0 | BQ1391: =IF(ISNUMBER(SEARCH('ankieta ESG'!$G$186,BR1391)),MAX($BQ$3:BQ1390)+1,0) -> 1388 | BR1391: Paradyż (pow. opoczyński, woj. łódzkie) | BS1391: 0 | BT1391: =IFERROR(VLOOKUP(ROWS($BR$4:BR1391),$BQ$4:$BR$2337,2,0),"") -> Paradyż (pow. opoczyński, woj. łódzkie) | BU1391: 0 | BV1391: =IF(ISNUMBER(SEARCH('ankieta ESG'!$G$187,BW1391)),MAX($BV$3:BV1390)+1,0) -> 1388 | BW1391: Paradyż (pow. opoczyński, woj. łódzkie) | BX1391: 0 | BY1391: =IFERROR(VLOOKUP(ROWS($BW$4:BW1391),$BV$4:$BW$2337,2,0),"") -> Paradyż (pow. opoczyński, woj. łódzkie) | BZ1391: 0 | CA1391: =IF(ISNUMBER(SEARCH('ankieta ESG'!$G$188,CB1391)),MAX($CA$3:CA1390)+1,0) -> 1388 | CB1391: Paradyż (pow. opoczyński, woj. łódzkie) | CC1391: 0 | CD1391: =IFERROR(VLOOKUP(ROWS($CB$4:CB1391),$CA$4:$CB$2337,2,0),"") -> Paradyż (pow. opoczyński, woj. łódzkie) | CE1391: 0 | CF1391: =IF(ISNUMBER(SEARCH('ankieta ESG'!$G$189,CG1391)),MAX($CF$3:CF1390)+1,0) -> 1388 | CG1391: Paradyż (pow. opoczyński, woj. łódzkie) | CH1391: 0 | CI1391: =IFERROR(VLOOKUP(ROWS($CG$4:CG1391),$CF$4:$CG$2337,2,0),"") -> Paradyż (pow. opoczyński, woj. łódzkie) | CJ1391: 0
AM1392: =IF(ISNUMBER(SEARCH('ankieta ESG'!$G$180,AN1392)),MAX(AM$3:$AM1391)+1,0) -> 1389 | AN1392: Parchowo (pow. bytowski, woj. pomorskie) | AO1392: 0 | AP1392: =IFERROR(VLOOKUP(ROWS($AN$4:AN1392),$AM$4:$AN$2337,2,0),"") -> Parchowo (pow. bytowski, woj. pomorskie) | AQ1392: 0 | AR1392: =IF(ISNUMBER(SEARCH('ankieta ESG'!$G$181,AS1392)),MAX($AR$3:AR1391)+1,0) -> 1389 | AS1392: Parchowo (pow. bytowski, woj. pomorskie) | AT1392: 0 | AU1392: =IFERROR(VLOOKUP(ROWS($AS$4:AS1392),$AR$4:$AS$2337,2,0),"") -> Parchowo (pow. bytowski, woj. pomorskie) | AV1392: 0 | AW1392: =IF(ISNUMBER(SEARCH('ankieta ESG'!$G$182,AX1392)),MAX($AW$3:AW1391)+1,0) -> 1389 | AX1392: Parchowo (pow. bytowski, woj. pomorskie) | AY1392: 0 | AZ1392: =IFERROR(VLOOKUP(ROWS($AX$4:AX1392),$AW$4:$AX$2337,2,0),"") -> Parchowo (pow. bytowski, woj. pomorskie) | BA1392: 0 | BB1392: =IF(ISNUMBER(SEARCH('ankieta ESG'!$G$183,BC1392)),MAX($BB$3:BB1391)+1,0) -> 1389 | BC1392: Parchowo (pow. bytowski, woj. pomorskie) | BD1392: 0 | BE1392: =IFERROR(VLOOKUP(ROWS($BC$4:BC1392),$BB$4:$BC$2337,2,0),"") -> Parchowo (pow. bytowski, woj. pomorskie) | BF1392: 0 | BG1392: =IF(ISNUMBER(SEARCH('ankieta ESG'!$G$184,BH1392)),MAX($BG$3:BG1391)+1,0) -> 1389 | BH1392: Parchowo (pow. bytowski, woj. pomorskie) | BI1392: 0 | BJ1392: =IFERROR(VLOOKUP(ROWS($BH$4:BH1392),$BG$4:$BH$2337,2,0),"") -> Parchowo (pow. bytowski, woj. pomorskie) | BK1392: 0 | BL1392: =IF(ISNUMBER(SEARCH('ankieta ESG'!$G$185,BM1392)),MAX($BL$3:BL1391)+1,0) -> 1389 | BM1392: Parchowo (pow. bytowski, woj. pomorskie) | BN1392: 0 | BO1392: =IFERROR(VLOOKUP(ROWS($BM$4:BM1392),$BL$4:$BM$2337,2,0),"") -> Parchowo (pow. bytowski, woj. pomorskie) | BP1392: 0 | BQ1392: =IF(ISNUMBER(SEARCH('ankieta ESG'!$G$186,BR1392)),MAX($BQ$3:BQ1391)+1,0) -> 1389 | BR1392: Parchowo (pow. bytowski, woj. pomorskie) | BS1392: 0 | BT1392: =IFERROR(VLOOKUP(ROWS($BR$4:BR1392),$BQ$4:$BR$2337,2,0),"") -> Parchowo (pow. bytowski, woj. pomorskie) | BU1392: 0 | BV1392: =IF(ISNUMBER(SEARCH('ankieta ESG'!$G$187,BW1392)),MAX($BV$3:BV1391)+1,0) -> 1389 | BW1392: Parchowo (pow. bytowski, woj. pomorskie) | BX1392: 0 | BY1392: =IFERROR(VLOOKUP(ROWS($BW$4:BW1392),$BV$4:$BW$2337,2,0),"") -> Parchowo (pow. bytowski, woj. pomorskie) | BZ1392: 0 | CA1392: =IF(ISNUMBER(SEARCH('ankieta ESG'!$G$188,CB1392)),MAX($CA$3:CA1391)+1,0) -> 1389 | CB1392: Parchowo (pow. bytowski, woj. pomorskie) | CC1392: 0 | CD1392: =IFERROR(VLOOKUP(ROWS($CB$4:CB1392),$CA$4:$CB$2337,2,0),"") -> Parchowo (pow. bytowski, woj. pomorskie) | CE1392: 0 | CF1392: =IF(ISNUMBER(SEARCH('ankieta ESG'!$G$189,CG1392)),MAX($CF$3:CF1391)+1,0) -> 1389 | CG1392: Parchowo (pow. bytowski, woj. pomorskie) | CH1392: 0 | CI1392: =IFERROR(VLOOKUP(ROWS($CG$4:CG1392),$CF$4:$CG$2337,2,0),"") -> Parchowo (pow. bytowski, woj. pomorskie) | CJ1392: 0
AM1393: =IF(ISNUMBER(SEARCH('ankieta ESG'!$G$180,AN1393)),MAX(AM$3:$AM1392)+1,0) -> 1390 | AN1393: Parczew (pow. parczewski, woj. lubelskie) | AO1393: 0 | AP1393: =IFERROR(VLOOKUP(ROWS($AN$4:AN1393),$AM$4:$AN$2337,2,0),"") -> Parczew (pow. parczewski, woj. lubelskie) | AQ1393: 0 | AR1393: =IF(ISNUMBER(SEARCH('ankieta ESG'!$G$181,AS1393)),MAX($AR$3:AR1392)+1,0) -> 1390 | AS1393: Parczew (pow. parczewski, woj. lubelskie) | AT1393: 0 | AU1393: =IFERROR(VLOOKUP(ROWS($AS$4:AS1393),$AR$4:$AS$2337,2,0),"") -> Parczew (pow. parczewski, woj. lubelskie) | AV1393: 0 | AW1393: =IF(ISNUMBER(SEARCH('ankieta ESG'!$G$182,AX1393)),MAX($AW$3:AW1392)+1,0) -> 1390 | AX1393: Parczew (pow. parczewski, woj. lubelskie) | AY1393: 0 | AZ1393: =IFERROR(VLOOKUP(ROWS($AX$4:AX1393),$AW$4:$AX$2337,2,0),"") -> Parczew (pow. parczewski, woj. lubelskie) | BA1393: 0 | BB1393: =IF(ISNUMBER(SEARCH('ankieta ESG'!$G$183,BC1393)),MAX($BB$3:BB1392)+1,0) -> 1390 | BC1393: Parczew (pow. parczewski, woj. lubelskie) | BD1393: 0 | BE1393: =IFERROR(VLOOKUP(ROWS($BC$4:BC1393),$BB$4:$BC$2337,2,0),"") -> Parczew (pow. parczewski, woj. lubelskie) | BF1393: 0 | BG1393: =IF(ISNUMBER(SEARCH('ankieta ESG'!$G$184,BH1393)),MAX($BG$3:BG1392)+1,0) -> 1390 | BH1393: Parczew (pow. parczewski, woj. lubelskie) | BI1393: 0 | BJ1393: =IFERROR(VLOOKUP(ROWS($BH$4:BH1393),$BG$4:$BH$2337,2,0),"") -> Parczew (pow. parczewski, woj. lubelskie) | BK1393: 0 | BL1393: =IF(ISNUMBER(SEARCH('ankieta ESG'!$G$185,BM1393)),MAX($BL$3:BL1392)+1,0) -> 1390 | BM1393: Parczew (pow. parczewski, woj. lubelskie) | BN1393: 0 | BO1393: =IFERROR(VLOOKUP(ROWS($BM$4:BM1393),$BL$4:$BM$2337,2,0),"") -> Parczew (pow. parczewski, woj. lubelskie) | BP1393: 0 | BQ1393: =IF(ISNUMBER(SEARCH('ankieta ESG'!$G$186,BR1393)),MAX($BQ$3:BQ1392)+1,0) -> 1390 | BR1393: Parczew (pow. parczewski, woj. lubelskie) | BS1393: 0 | BT1393: =IFERROR(VLOOKUP(ROWS($BR$4:BR1393),$BQ$4:$BR$2337,2,0),"") -> Parczew (pow. parczewski, woj. lubelskie) | BU1393: 0 | BV1393: =IF(ISNUMBER(SEARCH('ankieta ESG'!$G$187,BW1393)),MAX($BV$3:BV1392)+1,0) -> 1390 | BW1393: Parczew (pow. parczewski, woj. lubelskie) | BX1393: 0 | BY1393: =IFERROR(VLOOKUP(ROWS($BW$4:BW1393),$BV$4:$BW$2337,2,0),"") -> Parczew (pow. parczewski, woj. lubelskie) | BZ1393: 0 | CA1393: =IF(ISNUMBER(SEARCH('ankieta ESG'!$G$188,CB1393)),MAX($CA$3:CA1392)+1,0) -> 1390 | CB1393: Parczew (pow. parczewski, woj. lubelskie) | CC1393: 0 | CD1393: =IFERROR(VLOOKUP(ROWS($CB$4:CB1393),$CA$4:$CB$2337,2,0),"") -> Parczew (pow. parczewski, woj. lubelskie) | CE1393: 0 | CF1393: =IF(ISNUMBER(SEARCH('ankieta ESG'!$G$189,CG1393)),MAX($CF$3:CF1392)+1,0) -> 1390 | CG1393: Parczew (pow. parczewski, woj. lubelskie) | CH1393: 0 | CI1393: =IFERROR(VLOOKUP(ROWS($CG$4:CG1393),$CF$4:$CG$2337,2,0),"") -> Parczew (pow. parczewski, woj. lubelskie) | CJ1393: 0
